Workbook
Name Ac: [1]Sheet1!$B$117
Name At: [1]Sheet1!$B$119
Name Aw: [1]Sheet1!$B$118
Name BEN: '13.vanchuyen'!$AG$12
Name beta: 20
Name BX: '14.boc xep'!$M$11
Name CC: begin!$G$10
Name CD: '13.vanchuyen'!$AH$12
Name CVT: CVT!$B$4:$F$45
Name Db: [1]Sheet1!$H$94
Name Fy: [1]Sheet1!$H$48
Name HSNC: begin!$G$14
Name ka: 2
Name KM: CVT!$A$4:$A$45
Name l: [1]Sheet1!$J$30
Name LT: begin!$G$12
Name M: begin!$G$8
Name NCC: begin!$G$7
Name NCT: begin!$G$6
Name nn: [3]Sum!$L$5
Name Pc: [1]Sheet1!$G$343
Name Pt: [1]Sheet1!$G$345
Name Pw: [1]Sheet1!$G$341
Name tc: [1]Sheet1!$H$91
Name TL: begin!$G$11
Name Total.Quantity: '[3]24.Quantity'!$B$1:$J$65536
Name Tt: [1]Sheet1!$H$92
Name TT: begin!$G$9
Name usd: GVL!$B$5
Name usd: '11.gia '!$B$7
Name VAT: begin!$G$13
Name vc: '13.vanchuyen'!$E$90

Sheet DICH
B2: A - Vật liệu | C2: A - Material
B3: B - Nhân công 2.5/7 | C3: B - Labour 2.5/7
B4: B - Nhân công 2.7/7 | C4: B - Labour 2.7/7
B5: B - Nhân công 3.0/7 | C5: B - Labour 3.0/7
B6: B - Nhân công 3.3/7 | C6: B - Labour 3.3/7
B7: B - Nhân công 3.5/7 | C7: B - Labour 3.5/7
B8: B - Nhân công 3.7/7 | C8: B - Labour 3.7/7
B9: B - Nhân công 4.0/7 | C9: B - Labour 4.0/7
B10: B - Nhân công 4.3/7 | C10: B - Labour 4.3/7
B11: B - Nhân công 4.5/7 | C11: B - Labour 4.5/7
B12: B - Nhân công 5.0/7 | C12: B - Labour 5.0/7
B13: C - Máy thi công | C13: C - Machine
... B77: Ben tô nít | C77: Bentonite
B78: Bếp cát
B79: Bếp điện (0,6 kW) | C79: Electric cooker (0,6 kW)
B80: Bêtông C15 đá 1x2 | C80: Concrete C15 (stone 1x2)
B81: Bêtông C15 đá 1x2 tấm đan đúc sẵn | C81: Concrete C15 of cover plate (in situ)
B82: Bêtông C20 đá 1x2 | C82: Concrete C20 (stone 1x2)
B83: Bêtông C25 thân, tường | C83: Concrete C25
B84: Bêtông C30 cọc BTCT đá 1x2 | C84: Concrete C30 of R.C driven pile (stone 1x2)
B85: Bêtông C30 cọc BTCT đá 1x2 bệ đúc dầm | C85: Concrete C30 of R.C driven pile (stone 1x2)
B86: Bêtông C30 thân, tường đá 1x2 | C86: Concrete C30
B87: Biển báo chữ nhật 0.7x0.3m | C87: Rectangular traffic sign 0.7x0.3m
B88: Biển báo chữ nhật 0.9x0.45m | C88: Rectangular traffic sign 0.9x0.45m
B89: Biển báo chữ nhật 1.2x0.25m | C89: Rectangular traffic sign 1.2x0.25m
B90: Biển báo chữ nhật 1.2x0.25m, tạm tính KHVL=0.5 | C90: Rectangular traffic sign 1.2x0.25m, amorM=0.5
... B154: Cầu công tác | C154: Gangway
B155: Cẩu dầm Super-T lên hoặc xuống
B156: Cẩu dầm Super-T lên phương tiện vận chuyển, tạm tính HS=30% | C156: Crane girder super-T onto transported vehicle, HS=30%
B157: Cẩu lắp gối cầu | C157: Craning bearing
B158: Cẩu long môn | C158: Beam-launch crane
B159: Cẩu ống cống BTCT D1500 nối joint cao su (H10), L=3m, HS=1.15*0.6 (tháo dỡ= 60% lắp dựng) | C159: Removing cluvert pipe D1500 (H10), L=3m, HS=1.15*0.6
B160: Cây chống | C160: Strut
B161: Cày xới mặt đường cũ | C161: Ploughing the old pavement
B162: Chất tải khử lún hệ 1000 tấn | C162: Charging for de-settlement 1000 ton system
B163: Chất tải khử lún hệ 500 tấn | C163: Charging for de-settlement 500 ton system
B164: Chất tải khử lún hệ 900 tấn | C164: Charging for de-settlement 900 ton system
B165: Chậu thủy tinh | C165: Glass bowl
B166: Chờ 7 ngày để vỗ lại (hưởng 70% ca) | C166: Waiting 7 days
B167: Chổi cáp | C167: broom
... B174: Cọc ván thép | C174: Steel sheet stake
B175: Cối chày đồng
B176: Côn nhựa | C176: plastic cudgel
B177: Cồn rửa | C177: Alcohol for washing
B178: Cốt thép cọc các loại | C178: Reinforcement of R.C pile
B179: Cốt thép cọc tiêu | C179: Stell of pole
B180: Cốt thép D<=10 (sàn, bản quá độ, bệ đúc dầm Super-T các loại…) | C180: Reinforcement D<=10 of slab, approach slab, casting bed super T…
B181: Cốt thép D<=10 bản mặt cầu | C181: Reinforcement D<=10 of deck slab
B182: Cốt thép D<=10 dầm, giằng | C182: Reinforcement D<=10 of cross beam
B183: Cốt thép D<=10 đúc sẵn | C183: Reinforcement D<=10 (precast)
B184: Cốt thép D<=18 (sàn, bản quá độ, bệ đúc dầm Super-T các loại…) | C184: Reinforcement D<=18 of slab, approach slab, casting bed super T…
B185: Cốt thép D<=18 bản mặt cầu | C185: Reinforcement D<=18 of deck slab
B186: Cốt thép D<=18 cọc khoan nhồi trên cạn | C186: Reinforcement D<=18 of bored pile (land)
B187: Cốt thép D<=18 cống | C187: Reinforcement D<=18 of culvert
... B312: Đục bỏ bê tông gối tạm | C312: Beating temporary bearing concrete
B313: Dụng cụ xác định góc nghỉ của cát
B314: Êcu cường độ cao M32 | C314: High strengthen scew nut M32
B315: Gạch thẻ 40x80x190 | C315: Brick 40x80x190
B316: Gạch xi măng | C316: Cement brick
B317: Gas | C317: Gas
B318: Gầu khoan | C318: Bucket of drill
B319: Gia công cốt thép thường dầm hộp dưới nước | C319: Handling steel
B320: Gia công hộp nối cọc | C320: Joint for R.C pile
B321: Gia công mạ kẽm | C321: Zinc steel
B322: Giá đỡ biển báo | C322: Sign support
B323: Giấy dầu | C323: Oilpaper
B324: Gioăng cao su | C324: Rubber joint
B325: Gioăng cao su D1500 | C325: Rubber joint D1500
... B343: Khai thác đất để đắp | C343: Excavating soild
B344: Khay men
B345: Khe co giãn 10cm | C345: Expansion joint 10cm
B346: Khe co giãn 24cm | C346: Expansion joint 24cm
B347: Khoan kiểm tra mùn mũi cọc khoan nhồi | C347: Drilling to check pile tip quanlity
B348: Khoan lỗ bê tông D20, L<=20cm | C348: Drilling concrete hole
B349: Khoan vào cát chặt trên cạn D1200 phản tuần hoàn, L<=30m, HS=1.2 | C349: Drilling bored pile D1200 on land, L<=30m, co=1.2
B350: Khoan vào cát chặt trên cạn D1200 phản tuần hoàn, L>30m, HS VL=1,2; HS nhân công, MTC=1.015*1.2 | C350: Drilling bored pile D1200 on land, L>30m, co mater =1.2, co labour and mac=1.015*1.2
B351: Khoan vào cát chặt trên cạn D1500 phản tuần hoàn, L<=30m, HS=1.2 | C351: Drilling bored pile D1500 on land, L<=30m, co=1.2
B352: Khoan vào cát chặt trên cạn D1500 phản tuần hoàn, L>30m, HS VL=1,2; HS nhân công, MTC=1.015*1.2 | C352: Drilling bored pile D1500 on land, L>30m, co mater =1.2, co labour and mac=1.015*1.2
B353: Khoan vào đất trên cạn D100 phản tuần hoàn, L<=30m
B354: Khoan vào đất trên cạn D100 phản tuần hoàn, L>30m, HS=1.015
B355: Kích 250T | C355: Jack 250T
B356: Kích 30T | C356: Jack 30T
B357: Kích 500T | C357: Jack 500T
B358: Làm cọc tiêu BTCT 0.12x0.12x1.02m | C358: R.C pile 0.12x0.12x1.02m
B359: Làm giếng cát D400mm, L>12m | C359: Sand pile D40cm, L>7m, soil C1
B360: Làm và thả rọ đá dưới nước (tạm tính 1rọ=1m3) | C360: Making and droping stone cage in water (1cage=1m3)
B361: Láng nhựa 4.5kg/m2 | C361: Bituminous coat 4.5kg/m2
B362: Lao lắp dầm Super-T bằng phương pháp đấu cẩu | C362: Launching super T girder by two cranes
B363: Lắp đặt bản thép đệm chôn sẵn chờ lắp gối cầu
B364: Lắp đặt biển báo hiệu đường sông | C364: Installing sign of waterway
B365: Lắp đặt bộ nối thanh cường độ cao D36 | C365: Installing high strengthen coupler D36
B366: Lắp đặt các tấm nắp dầm (<=100kg) | C366: Installing cover (<=100kg)
B367: Lắp đặt gối cao su dầm Super-T | C367: Installing elastomeric bearing of super T beam
B368: Lắp đặt gối cố định 4000T | C368: Installing fixed bearing 4000 ton
B369: Lắp đặt gối di động đơn hướng 4000T (P3) | C369: Installing movable bearing one direction 4000 ton (P3)
B370: Lắp đặt gối di động đơn hướng 4000T (P4) | C370: Installing movable bearing one direction 4000 ton (P4)
B371: Lắp đặt gối di động đơn hướng 900T (P2) | C371: Installing movable bearing one direction 900 ton (P2)
B372: Lắp đặt gối di động đơn hướng 900T (P5) | C372: Installing movable bearing one direction 900 ton (P5)
B373: Lắp đặt gối di động song hướng 4000T (P4) | C373: Installing movable bearing multi direction 4000 ton (P4)
B374: Lắp đặt gối di động song hướng 900T (P2) | C374: Installing movable bearing multi direction 900 ton (P2)
...

Sheet BieuGia ĐX
A1: BIỂU TỔNG HỢP GIÁ ĐỀ XUẤT
A2: =GiaDuThau!A2 -> DỰ ÁN ĐẦU TƯ XÂY DỰNG CẦU LONG BÌNH – CHREY THOM
A3: =GiaDuThau!A3 -> HẠNG MỤC: PHẦN CẦU, PHẦN TUYẾN, CHIẾU SÁNG (PHÍA BỜ VIỆT NAM)
A5: TT | B5: NỘI DUNG CÔNG VIỆC | D5: TỔNG CỘNG
A6: A | B6: PHẦN CẦU | D6: =GiaDuThau!$F$6 -> 1.2964224e+11
A7: B | B7: PHẦN TUYẾN | D7: =GiaDuThau!#REF! -> #REF!
A8: C | B8: PHẦN CHIẾU SÁNG | D8: =GiaDuThau!$F$243 -> 696585300
B9: TỔNG CỘNG (A+B+C) | D9: =SUM(D6:D8) -> #REF! | E9: 197780876888 | F9: =E9-D9 -> #REF!
B10: LÀM TRÒN | D10: =ROUNDDOWN(D9,-2) -> #REF! | E10: 197805722783 | F10: =E10-D10 -> #REF!
A12: Bằng chữ: Một trăm chín bảy tỷ, bảy trăm bảy tám triệu, bảy trăm năm sáu ngàn, đồng chẵn./.
C14: ĐẠI DIỆN HỢP PHÁP CỦA NHÀ THẦU

Sheet GiaDuThau
A1: BIỂU CHI TIẾT GIÁ ĐỀ XUẤT
A2: DỰ ÁN ĐẦU TƯ XÂY DỰNG CẦU LONG BÌNH – CHREY THOM | G2: ='BieuGia ĐX'!D9='BieuGia ĐX'!E9 -> #REF! | N2: ='BieuGia ĐX'!E9-'BieuGia ĐX'!D9 -> #REF!
A3: HẠNG MỤC: PHẦN CẦU, PHẦN TUYẾN, CHIẾU SÁNG (PHÍA BỜ VIỆT NAM)
A5: STT | B5: Hạng mục công việc | C5: Đơn vị | D5: Khối lượng | E5: Đơn giá sau thuế | F5: Thành tiền | G5: ='DGCT Cau'!$J$6 -> 1.2672799
A6: A | B6: PHẦN CẦU | F6: =F7+F124+F211 -> 1.2964224e+11
A7: I | B7: KẾT CẤU PHẦN DƯỚI | F7: =F8+F26++F32+F42+F61+F88+F118 -> 6.6504881e+10
A8: I.1 | B8: Mố M1 | F8: =SUM(F9:F25) -> 7.2379659e+09
A9: 1 | B9: Bê tông C35 mố trên cạn | C9: m3 | D9: 364.65 | E9: =DGTH!$K$7 -> 4506706 | F9: =D9*E9 -> 1.6433703e+09
A10: 2 | B10: Cốt thép D<=18 móng, mũ mố trụ cầu trên cạn | C10: tấn | D10: 18.38 | E10: ='DGCT Cau'!$I$80 -> 26387125 | F10: =D10*E10 -> 4.8499536e+08
A11: 3 | B11: Cốt thép D>18 móng, mũ mố trụ cầu trên cạn | C11: tấn | D11: 14.49 | E11: ='DGCT Cau'!$I$99 -> 25741363 | F11: =D11*E11 -> 3.7299235e+08
A12: 4 | B12: Bê tông C10 lót móng đá 1x2, R>250cm | C12: m3 | D12: 9.75 | E12: =DGTH!$K$39 -> 1416900 | F12: =D12*E12 -> 13814775
A13: 5 | B13: Đào đất hố móng trên cạn trong khung vây | C13: m3 | D13: 321 | E13: =DGTH!$K$42 -> 382600 | F13: =D13*E13 -> 122814600
A14: 6 | B14: Đắp đất công trình | C14: m3 | D14: 119 | E14: ='DGCT Cau'!$I$179 -> 19025 | F14: =D14*E14 -> 2263975
A15: 7 | B15: Neo ụ chống xô (100x50x88 cm) trụ mố M1 | C15: ụ | D15: 2 | E15: =DGTH!$K$45 -> 2055000 | F15: =D15*E15 -> 4110000
B16: Cọc khoan nhồi D1200 trên cạn L=67,15m kể cả phần ngàm vào bệ cọc và cọc thử (gồm 6 cọc) | C16: m | D16: 404.55 | F16: =D16*E16 -> 0 | G16: =SUM(F17:F25) -> 4593604511 | N16: =66*6 -> 396
A17: 1 | B17: Khoan vào cát chặt trên cạn D1200 phản tuần hoàn, L<=30m | C17: m | D17: 180 | E17: =DGTH!$K$53 -> 2940300 | F17: =D17*E17 -> 529254000 | G17: =G16/N16 -> 11600011
A18: 2 | B18: Khoan vào cát chặt trên cạn D1200 phản tuần hoàn, L>30m | C18: m | D18: 231 | E18: =DGTH!$K$56 -> 2966000 | F18: =D18*E18 -> 685146000
A19: 3 | B19: Bê tông C30 cọc khoan nhồi trên cạn D>1000 | C19: m3 | D19: 457.88 | E19: =DGTH!$K$64 -> 2421900 | F19: =D19*E19 -> 1108939572
A20: 4 | B20: Cốt thép D<=18mm cọc khoan nhồi | C20: tấn | D20: 6.01 | E20: =DGTH!$K$67 -> 28760600 | F20: =D20*E20 -> 172851206
A21: 5 | B21: Cốt thép D>18mm cọc khoan nhồi | C21: tấn | D21: 55.51 | E21: =DGTH!$K$70 -> 27886300 | F21: =D21*E21 -> 1547968513
A22: 6 | B22: Lắp đặt ống siêu âm D60 (phương pháp hàn) | C22: m | D22: 1235 | E22: ='DGCT Cau'!$I$508 -> 178095 | F22: =D22*E22 -> 219947325
A23: 7 | B23: Lắp đặt ống siêu âm D114 (phương pháp hàn) | C23: m | D23: 407 | E23: ='DGCT Cau'!$I$524 -> 644403 | F23: =D23*E23 -> 262272021
A24: 8 | B24: Vữa không co ngót lấp lòng ống siêu âm | C24: m3 | D24: 4.04 | E24: ='DGCT Cau'!$I$2955 -> 14312100 | F24: =D24*E24 -> 57820884
A25: 9 | B25: Đập đầu cọc trên cạn | C25: m3 | D25: 10.15 | E25: =DGTH!$K$77 -> 926600 | F25: =D25*E25 -> 9404990
A26: I.2 | B26: Bản quá độ | F26: =SUM(F27:F31) -> 2.127641e+08
A27: 1 | B27: Bê tông bản quá độ đổ tại chỗ C25 | C27: m3 | D27: 27.07 | E27: =DGTH!$K$80 -> 1989300 | F27: =D27*E27 -> 53850351
A28: 2 | B28: Cốt thép D<=18mm | C28: tấn | D28: 2.27 | E28: =DGTH!$K$83 -> 24734300 | F28: =D28*E28 -> 56146861
A29: 3 | B29: Cốt thép D>18mm | C29: tấn | D29: 3.69 | E29: ='DGCT Cau'!$I$613 -> 24110282 | F29: =D29*E29 -> 88966941
A30: 4 | B30: Bê tông C10 đá 1x2 | C30: m3 | D30: 7.37 | E30: ='DGCT Cau'!$I$644 -> 1474228 | F30: =D30*E30 -> 10865060
A31: 5 | B31: Quét nhựa bitum, dán bao tải 1 lớp | C31: m2 | D31: 8.1 | E31: ='DGCT Cau'!$I$660 -> 362332 | F31: =D31*E31 -> 2934889.2
A32: I.3 | B32: Gia cố đầu mố | F32: =SUM(F33:F41) -> 1558017799
A33: 1 | B33: Xây mái dốc thẳng bằng đá hộc C10 | C33: m3 | D33: 606.2 | E33: ='DGCT Cau'!$I$2653 -> 1493400 | F33: =D33*E33 -> 9.0529908e+08
A34: 2 | B34: Xây mặt bằng đá hộc C10 | C34: m3 | D34: 79.4 | E34: ='DGCT Cau'!$I$2997 -> 1460600 | F34: =D34*E34 -> 1.1597164e+08
A35: 3 | B35: Đá dăm đệm 1x2 | C35: m3 | D35: 208.6 | E35: ='DGCT Cau'!$I$2969 -> 1071000 | F35: =D35*E35 -> 223410600
A36: 4 | B36: Đắp cát hạt mịn K=0.95 | C36: m3 | D36: 1551 | E36: ='DGCT Cau'!$I$2589 -> 156700 | F36: =D36*E36 -> 243041700
A37: 5 | B37: Đào đất chân khay | C37: m3 | D37: 417 | E37: =DGTH!$K$86 -> 27700 | F37: =D37*E37 -> 11550900
A38: 6 | B38: Đắp đất công trình (đất tận dụng) | C38: m3 | D38: 327 | E38: ='DGCT Cau'!$I$164 -> 40307 | F38: =D38*E38 -> 13180389
A39: 7 | B39: Lắp đặt ống nhựa PVC D100mm | C39: m | D39: 48 | E39: ='DGCT Cau'!$I$3011 -> 132700 | F39: =D39*E39 -> 6369600
A40: 8 | B40: Đá 1x2 | C40: m3 | D40: 32.38 | E40: ='DGCT Cau'!$I$2982 -> 1035500 | F40: =D40*E40 -> 33529490
A41: 9 | B41: Trải vải địa kỹ thuật R=12KN/m | C41: m2 | D41: 238 | E41: ='DGCT Cau'!$I$2603 -> 23800 | F41: =D41*E41 -> 5664400
A42: I.4 | B42: Trụ P1 | F42: =SUM(F43:F60) -> 6.0442182e+09
B43: Bệ trụ, thân, xà mũ trụ | F43: =D43*E43 -> 0
A44: 1 | B44: Bê tông C35 trụ trên cạn | C44: m3 | D44: 234.08 | E44: =DGTH!$K$89 -> 5054600 | F44: =D44*E44 -> 1183180768
A45: 2 | B45: Bê tông C10 lót móng đá 1x2 | C45: m3 | D45: 5.04 | E45: =DGTH!$K$39 -> 1416900 | F45: =D45*E45 -> 7141176
A46: 3 | B46: Cốt thép D<=18 mm | C46: tấn | D46: 6.02 | E46: ='DGCT Cau'!$I$80 -> 26387125 | F46: =D46*E46 -> 1.5885049e+08
A47: 4 | B47: Cốt thép D>18 mm | C47: tấn | D47: 27.45 | E47: ='DGCT Cau'!$I$99 -> 25741363 | F47: =D47*E47 -> 7.0660041e+08
A48: 5 | B48: Đào đất hố móng trên cạn trong khung vây | C48: m3 | D48: 334 | E48: =DGTH!$K$42 -> 382600 | F48: =D48*E48 -> 127788400
A49: 6 | B49: Đắp đất công trình | C49: m3 | D49: 213 | E49: ='DGCT Cau'!$I$179 -> 19025 | F49: =D49*E49 -> 4052325
A50: 7 | B50: Neo ụ chống xô (100x50x88 cm) trụ P1 | C50: ụ | D50: 4 | E50: =DGTH!$K$45 -> 2055000 | F50: =D50*E50 -> 8220000
B51: Cọc khoan nhồi D1200 trên cạn L=67,15m kể cả phần ngàm vào bệ cọc và cọc thử (gồm 5 cọc) | C51: m | D51: 338.4 | F51: =D51*E51 -> 0 | G51: =SUM(F52:F60) -> 3848384650 | N51: =5*66 -> 330
A52: 1 | B52: Khoan vào cát chặt trên cạn D1200, L<=30m | C52: m | D52: 150 | E52: =DGTH!$K$53 -> 2940300 | F52: =D52*E52 -> 441045000 | G52: =G51/N51 -> 11661772
A53: 2 | B53: Khoan vào cát chặt trên cạn D1200, L>30m | C53: m | D53: 197.5 | E53: =DGTH!$K$56 -> 2966000 | F53: =D53*E53 -> 585785000
A54: 3 | B54: Bê tông C30 cọc khoan nhồi trên cạn D>1000 | C54: m3 | D54: 382.28 | E54: =DGTH!$K$64 -> 2421900 | F54: =D54*E54 -> 9.2584393e+08
A55: 4 | B55: Cốt thép D<=18 mm | C55: tấn | D55: 4.99 | E55: =DGTH!$K$67 -> 28760600 | F55: =D55*E55 -> 143515394
A56: 5 | B56: Cốt thép D>18 mm | C56: tấn | D56: 46.15 | E56: =DGTH!$K$70 -> 27886300 | F56: =D56*E56 -> 1286952745
A57: 6 | B57: Lắp đặt ống siêu âm D60 (phương pháp hàn) | C57: m | D57: 1044 | E57: ='DGCT Cau'!$I$508 -> 178095 | F57: =D57*E57 -> 185931180
A58: 7 | B58: Lắp đặt ống siêu âm D114 (phương pháp hàn) | C58: m | D58: 344 | E58: ='DGCT Cau'!$I$524 -> 644403 | F58: =D58*E58 -> 221674632
A59: 8 | B59: Vữa không co ngót lấp lòng ống siêu âm | C59: m3 | D59: 3.37 | E59: ='DGCT Cau'!$I$2955 -> 14312100 | F59: =D59*E59 -> 48231777
A60: 9 | B60: Đập đầu cọc trên cạn | C60: m3 | D60: 10.15 | E60: =DGTH!$K$77 -> 926600 | F60: =D60*E60 -> 9404990
A61: I.5 | B61: Trụ nhịp chính P2 | F61: =SUM(F62:F87) -> 1.1762024e+10
B62: Bệ trụ, thân, xà mũ trụ | F62: =D62*E62 -> 0
A63: 1 | B63: Bê tông C35 trụ trên cạn | C63: m3 | D63: 430.76 | E63: =DGTH!$K$106 -> 4814500 | F63: =D63*E63 -> 2073894020
A64: 2 | B64: Bê tông C10 lót móng đá 1x2 | C64: m3 | D64: 11.25 | E64: =DGTH!$K$39 -> 1416900 | F64: =D64*E64 -> 15940125
A65: 3 | B65: Cốt thép D<=18 mm | C65: tấn | D65: 6.73 | E65: ='DGCT Cau'!$I$80 -> 26387125 | F65: =D65*E65 -> 1.7758535e+08
A66: 4 | B66: Cốt thép D>18 mm | C66: tấn | D66: 41.59 | E66: ='DGCT Cau'!$I$99 -> 25741363 | F66: =D66*E66 -> 1.0705833e+09
A67: 5 | B67: Đào đất hố móng trên cạn trong khung vây | C67: m3 | D67: 668 | E67: =DGTH!$K$42 -> 382600 | F67: =D67*E67 -> 255576800
A68: 6 | B68: Đắp đất công trình | C68: m3 | D68: 346 | E68: ='DGCT Cau'!$I$179 -> 19025 | F68: =D68*E68 -> 6582650
B69: Đá kê gối trụ dầm hộp | F69: =D69*E69 -> 0
A70: 1 | B70: Vữa không co ngót | C70: m3 | D70: 0.17 | E70: ='DGCT Cau'!$I$194 -> 32506922 | F70: =D70*E70 -> 5526176.7
A71: 2 | B71: Bitum chèn mũ neo | C71: m3 | D71: 0.3 | E71: ='DGCT Cau'!$I$2696 -> 80658000 | F71: =D71*E71 -> 24197400
A72: 3 | B72: Bê tông C42 mũ trụ | C72: m3 | D72: 0.21 | E72: =DGTH!$K$128 -> 4006800 | F72: =D72*E72 -> 841428
A73: 4 | B73: Thép neo mạ kẽm | C73: tấn | D73: 0.94 | E73: ='DGCT Cau'!$I$2683 -> 55486900 | F73: =D73*E73 -> 52157686
A74: 5 | B74: Cốt thép D<=18 mm | C74: tấn | D74: 0.32 | E74: ='DGCT Cau'!$I$80 -> 26387125 | F74: =D74*E74 -> 8443880
A75: 6 | B75: Sản xuất và lắp đặt thép ống, thép bản | C75: tấn | D75: 0.17 | E75: =DGTH!$K$132 -> 39106400 | F75: =D75*E75 -> 6648088
A76: 7 | B76: Quét nhựa bitum, dán giấy dầu 2 lớp | C76: m2 | D76: 1 | E76: ='DGCT Cau'!$I$272 -> 201065 | F76: =D76*E76 -> 201065
A77: 8 | B77: Neo ụ chống xô (100x50x88 cm) trụ P2 | C77: ụ | D77: 2 | E77: =DGTH!$K$45 -> 2055000 | F77: =D77*E77 -> 4110000
B78: Cọc khoan nhồi D1500 trên cạn L=65,15m kể cả phần ngàm vào bệ cọc (gồm 8 cọc) | C78: m | D78: 521.2 | F78: =D78*E78 -> 0 | G78: =SUM(F79:F87) -> 8059736523 | N78: =8*64 -> 512
A79: 1 | B79: Khoan vào cát chặt trên cạn D1500, L<=30m | C79: m | D79: 240 | E79: =DGTH!$K$135 -> 3877900 | F79: =D79*E79 -> 930696000 | G79: =G78/N78 -> 15741673
A80: 2 | B80: Khoan vào cát chặt trên cạn D1500, L>30m | C80: m | D80: 300 | E80: =DGTH!$K$138 -> 3911000 | F80: =D80*E80 -> 1173300000
A81: 3 | B81: Bê tông C30 cọc khoan nhồi trên cạn D>1000 | C81: m3 | D81: 920.34 | E81: =DGTH!$K$64 -> 2421900 | F81: =D81*E81 -> 2228971446
A82: 4 | B82: Cốt thép D<=18 mm | C82: tấn | D82: 10.02 | E82: =DGTH!$K$67 -> 28760600 | F82: =D82*E82 -> 288181212
A83: 5 | B83: Cốt thép D>18 mm | C83: tấn | D83: 93.94 | E83: =DGTH!$K$70 -> 27886300 | F83: =D83*E83 -> 2619639022
A84: 6 | B84: Lắp đặt ống siêu âm D60 (phương pháp hàn) | C84: m | D84: 2163 | E84: ='DGCT Cau'!$I$508 -> 178095 | F84: =D84*E84 -> 385219485
A85: 7 | B85: Lắp đặt ống siêu âm D114 (phương pháp hàn) | C85: m | D85: 534 | E85: ='DGCT Cau'!$I$524 -> 644403 | F85: =D85*E85 -> 344111202
A86: 8 | B86: Vữa không co ngót lấp lòng ống siêu âm | C86: m3 | D86: 5.22 | E86: ='DGCT Cau'!$I$2955 -> 14312100 | F86: =D86*E86 -> 74709162
A87: 9 | B87: Đập đầu cọc | C87: m3 | D87: 16.09 | E87: =DGTH!$K$77 -> 926600 | F87: =D87*E87 -> 14908994
A88: I.6 | B88: Trụ P3 | F88: =SUM(F89:F117) -> 3.7909995e+10
B89: Bệ trụ | F89: =D89*E89 -> 0
A90: 1 | B90: Bê tông C40 bệ trụ | C90: m3 | D90: 1280.97 | E90: =DGTH!$K$146 -> 4733400 | F90: =D90*E90 -> 6063343398
A91: 2 | B91: Bê tông C10 lót móng đá 1x2 | C91: m3 | D91: 31.38 | E91: =DGTH!$K$39 -> 1416900 | F91: =D91*E91 -> 44462322
A92: 3 | B92: Cốt thép D>18 mm bệ trụ | C92: tấn | D92: 162.16 | E92: ='DGCT Cau'!$I$99 -> 25741363 | F92: =D92*E92 -> 4.1742194e+09
A93: 4 | B93: Đào đất hố móng trên cạn trong khung vây | C93: m3 | D93: 2461 | E93: =DGTH!$K$42 -> 382600 | F93: =D93*E93 -> 941578600
A94: 5 | B94: Đắp đất công trình | C94: m3 | D94: 1182 | E94: ='DGCT Cau'!$I$179 -> 19025 | F94: =D94*E94 -> 22487550
A95: 6 | B95: Bê tông C20 bịt đáy đá 4x6 trên cạn | C95: m3 | D95: 830.84 | E95: ='DGCT Cau'!$I$2504 -> 1989300 | F95: =D95*E95 -> 1652790012
B96: Thân trụ | F96: =D96*E96 -> 0
A97: 1 | B97: Bê tông C40 thân trụ | C97: m3 | D97: 174.32 | E97: =DGTH!$K$161 -> 5011300 | F97: =D97*E97 -> 873569816
A98: 2 | B98: Cốt thép D<=18 mm thân trụ | C98: tấn | D98: 4.04 | E98: ='DGCT Cau'!$I$80 -> 26387125 | F98: =D98*E98 -> 106603985
A99: 3 | B99: Cốt thép D>18 móng, mũ mố trụ cầu trên cạn | C99: tấn | D99: 30.83 | E99: ='DGCT Cau'!$I$99 -> 25741363 | F99: =D99*E99 -> 7.9360622e+08
B100: Đá kê gối trên trụ và dầm | F100: =D100*E100 -> 0
A101: 1 | B101: Vữa không co ngót | C101: m3 | D101: 0.43 | E101: ='DGCT Cau'!$I$194 -> 32506922 | F101: =D101*E101 -> 13977976
...

Sheet DGTH
B1: BIỂU ĐƠN GIÁ TỔNG HỢP
B2: DỰ ÁN ĐẦU TƯ XÂY DỰNG CẦU LONG BÌNH – CHREY THOM
B3: HẠNG MỤC: PHẦN CẦU, PHẦN TUYẾN, CHIẾU SÁNG (PHÍA BỜ VIỆT NAM)
B5: STT | C5: Hạng mục công việc | D5: Đơn vị | E5: ĐM | F5: Đơn giá | G5: Hệ số | H5: Hao phí thi công | I5: Thành tiền | J5: Khối lượng | K5: Đơn giá | L5: Thành tiền | M5: ='DGCT Cau'!$J$6 -> 1.2672799
B6: 1 | C6: 2 | D6: 3 | E6: 4 | F6: 5 | G6: 6 | H6: 7 | J6: 8 | K6: 9 | L6: 10
A7: 1 | B7: =IF(A7<>0,"TH "&COUNTA($A$7:A7),"") -> TH 1 | C7: Bê tông C35 mố A1 trên cạn | D7: m3 | J7: =GiaDuThau!$D$9 -> 364.65 | K7: =ROUND(SUM(L8:L38)/$J7,0) -> 4506706 | L7: =J7*K7 -> 1.6433703e+09
B8: 1 | C8: Bê tông C35 mố trên cạn | D8: m3 | J8: =J7 -> 364.65 | K8: ='DGCT Cau'!$I$25 -> 2405142 | L8: =$J8*K8 -> 8.7703503e+08
C9: ='DGCT Cau'!E8 -> A - Vật liệu | D9: ='DGCT Cau'!F8 -> 0 | E9: ='DGCT Cau'!G8 -> 0 | F9: ='DGCT Cau'!H8 -> 0
C10: ='DGCT Cau'!E9 -> Vữa bê tông đá 1x2 C35 (độ sụt 14-17cm) | D10: ='DGCT Cau'!F9 -> m3 | E10: ='DGCT Cau'!G9 -> 1.015 | F10: ='DGCT Cau'!H9 -> 1167220.6 | H10: =PRODUCT(E10,G10,J$8) -> 370.11975
C11: ='DGCT Cau'!E10 -> Vật liệu khác | D11: ='DGCT Cau'!F10 -> % | E11: ='DGCT Cau'!G10 -> 1.2 | F11: ='DGCT Cau'!H10 -> 1184728.9 | H11: =PRODUCT(E11,G11,J$8) -> 437.58
C12: ='DGCT Cau'!E11 -> B - Nhân công 3.5/7 | D12: ='DGCT Cau'!F11 -> công | E12: ='DGCT Cau'!G11 -> 2.06 | F12: ='DGCT Cau'!H11 -> 235816 | H12: =PRODUCT(E12,G12,J$8) -> 751.179
C13: ='DGCT Cau'!E12 -> C - Máy thi công | D13: ='DGCT Cau'!F12 -> 0 | E13: ='DGCT Cau'!G12 -> 0 | F13: ='DGCT Cau'!H12 -> 0 | H13: =PRODUCT(E13,G13,J$8) -> 0
C14: ='DGCT Cau'!E13 -> Cần cẩu bánh xích 25T | D14: ='DGCT Cau'!F13 -> ca | E14: ='DGCT Cau'!G13 -> 0.033 | F14: ='DGCT Cau'!H13 -> 2787996.7 | H14: =PRODUCT(E14,G14,J$8) -> 12.03345
C15: ='DGCT Cau'!E14 -> Máy bơm BT 50m3/h | D15: ='DGCT Cau'!F14 -> ca | E15: ='DGCT Cau'!G14 -> 0.033 | F15: ='DGCT Cau'!H14 -> 3446390.1 | H15: =PRODUCT(E15,G15,J$8) -> 12.03345
C16: ='DGCT Cau'!E15 -> Máy đầm dùi 1.5kw | D16: ='DGCT Cau'!F15 -> ca | E16: ='DGCT Cau'!G15 -> 0.085 | F16: ='DGCT Cau'!H15 -> 74768.798 | H16: =PRODUCT(E16,G16,J$8) -> 30.99525
C17: ='DGCT Cau'!E16 -> Máy khác | D17: ='DGCT Cau'!F16 -> % | E17: ='DGCT Cau'!G16 -> 0.5 | F17: ='DGCT Cau'!H16 -> 212090.11 | H17: =PRODUCT(E17,G17,J$8) -> 182.325
B18: =B8+1 -> 2 | C18: Sản xuất và vận chuyển vữa bê tông 0,5Km, HS=1.015 | D18: m3 | J18: =J8*1.015 -> 370.11975 | K18: ='DGCT Cau'!$I$61 -> 165882 | L18: =$J18*K18 -> 61396204
C19: ='DGCT Cau'!E46 -> B - Nhân công 3.0/7 | D19: ='DGCT Cau'!F46 -> công | E19: ='DGCT Cau'!G46 -> 0.07 | F19: ='DGCT Cau'!H46 -> 219751 | H19: =PRODUCT(E19,G19,J$18) -> 25.908382
C20: ='DGCT Cau'!E47 -> C - Máy thi công | D20: ='DGCT Cau'!F47 -> 0 | E20: ='DGCT Cau'!G47 -> 0 | F20: ='DGCT Cau'!H47 -> 0 | H20: =PRODUCT(E20,G20,J$18) -> 0
C21: ='DGCT Cau'!E48 -> Trạm trộn bêtông 50m3/h | D21: ='DGCT Cau'!F48 -> ca | E21: ='DGCT Cau'!G48 -> 0.007 | F21: ='DGCT Cau'!H48 -> 2766761.5 | H21: =PRODUCT(E21,G21,J$18) -> 2.5908382
C22: ='DGCT Cau'!E49 -> Máy xúc 1.25m3 | D22: ='DGCT Cau'!F49 -> ca | E22: ='DGCT Cau'!G49 -> 0.007 | F22: ='DGCT Cau'!H49 -> 1941040.6 | H22: =PRODUCT(E22,G22,J$18) -> 2.5908382
C23: ='DGCT Cau'!E50 -> Máy ủi 110cv | D23: ='DGCT Cau'!F50 -> ca | E23: ='DGCT Cau'!G50 -> 0.0035 | F23: ='DGCT Cau'!H50 -> 1959433 | H23: =PRODUCT(E23,G23,J$18) -> 1.2954191
C24: ='DGCT Cau'!E51 -> Máy khác | D24: ='DGCT Cau'!F51 -> % | E24: ='DGCT Cau'!G51 -> 5 | F24: ='DGCT Cau'!H51 -> 39812.63 | H24: =PRODUCT(E24,G24,J$18) -> 1850.5987
C25: ='DGCT Cau'!E52 -> Ôtô chuyển trộn 10.7m3 | D25: ='DGCT Cau'!F52 -> ca | E25: ='DGCT Cau'!G52 -> 0.0245 | F25: ='DGCT Cau'!H52 -> 3008576.2 | H25: =PRODUCT(E25,G25,J$18) -> 9.0679339
B26: =B18+1 -> 3 | C26: Ván khuôn kim loại mố cầu trên cạn | D26: 100m2 | J26: 4.26 | K26: ='DGCT Cau'!$I$138 -> 16071733 | L26: =J26*K26 -> 68465583
C27: Vòng vây chắn đất mố A1 (sử dụng lại từ trụ P2 mỗi bộ dùng 1 lần, mỗi lần 1 tháng) | J27: 0 | L27: =J27*K27 -> 0
B28: 1 | C28: Sử dụng cọc ván thép L=6m (KHVL=(1.17%/tháng * 1 tháng +3.5%/đóng nhổ | D28: m | J28: 792 | K28: ='DGCT Cau'!$I$2230 -> 75500 | L28: =J28*K28 -> 59796000
B29: =B28+1 -> 2 | C29: Đóng cọc ván thép trên cạn, L≤12m (phần ngập đất) | D29: m | J29: 726 | K29: ='DGCT Cau'!$I$2364 -> 142900 | L29: =J29*K29 -> 103745400
B30: =B29+1 -> 3 | C30: Đóng cọc ván thép trên cạn, L≤12m (phần không ngập đất) | D30: m | J30: 66 | K30: ='DGCT Cau'!$I$2350 -> 107100 | L30: =J30*K30 -> 7068600
B31: =B30+1 -> 4 | C31: Nhổ cọc ván thép trên cạn | D31: m | J31: 726 | K31: ='DGCT Cau'!$I$2379 -> 148600 | L31: =J31*K31 -> 107883600
B32: =B31+1 -> 5 | C32: Vành đai khung chống mố A1 (KHVL chính =(2%/tháng*1 tháng +7%) (chỉ tính vật liệu) | D32: tấn | J32: 11.9 | K32: ='DGCT Cau'!$I$2440 -> 2507000 | L32: =J32*K32 -> 29833300
B33: =B32+1 -> 6 | C33: Lắp dựng, tháo dỡ hệ dàn giáo trên cạn | D33: tấn | J33: 11.9 | K33: ='DGCT Cau'!$I$2459 -> 7338800 | L33: =J33*K33 -> 87331720
B34: =B33+1 -> 7 | C34: Sử dụng cọc thép hình (KH=(1.17%/tháng*1 tháng +3.5%/lần đóng nhổ ) | D34: m | J34: 60 | K34: ='DGCT Cau'!$I$2485 -> 74100
B35: =B34+1 -> 8 | C35: Đóng cọc thép hình trên cạn L<10m, đất C1 (ngập đất) | D35: m | J35: 55 | K35: ='DGCT Cau'!$I$2922 -> 56100
B36: =B35+1 -> 9 | C36: Đóng cọc thép hình trên cạn L<10m, (không ngập đất) | D36: m | J36: 5 | K36: ='DGCT Cau'!$I$3257 -> 42100
B37: =B36+1 -> 10 | C37: Nhổ cọc thép hình trên cạn | D37: m | J37: 55 | K37: ='DGCT Cau'!$I$2936 -> 56600
C38: Chi phí phân bổ đà giáo thi công mố A1 | D38: m3 | J38: =J7 -> 364.65 | K38: =$K$123 -> 660400 | L38: =J38*K38 -> 2.4081486e+08
A39: 1 | B39: =IF(A39<>0,"TH "&COUNTA($A$7:A39),"") -> TH 2 | C39: Bê tông C10 lót móng đá 1x2, R>250cm | D39: m3 | J39: =GiaDuThau!$D$12 -> 9.75 | K39: =ROUND(SUM(L40:L41)/$J39,-2) -> 1416900 | L39: =J39*K39 -> 13814775
B40: 1 | C40: Bê tông C10 lót móng đá 1x2, R>250cm | D40: m3 | J40: =J39 -> 9.75 | K40: ='DGCT Cau'!$I$115 -> 1246000 | L40: =$J40*K40 -> 12148500
B41: =B40+1 -> 2 | C41: Sản xuất và vận chuyển vữa bê tông 0,5Km, HS=1.03 | D41: m3 | J41: =J40*1.03 -> 10.0425 | K41: ='DGCT Cau'!$I$61 -> 165882 | L41: =$J41*K41 -> 1665870
A42: 1 | B42: =IF(A42<>0,"TH "&COUNTA($A$7:A42),"") -> TH 3 | C42: Đào đất hố móng trên cạn trong khung vây | D42: m3 | J42: =SUM(N42:Q42) -> 3784 | K42: =ROUND(SUM(L43:L44)/$J42,-2) -> 382600 | L42: =J42*K42 -> 1447758400 | N42: 321 | O42: 334 | P42: 668 | Q42: 2461
B43: 1 | C43: Đào đất hố móng trên cạn trong khung vây | D43: m3 | J43: =J42 -> 3784 | K43: ='DGCT Cau'!$I$151 -> 366073 | L43: =J43*K43 -> 1385220232
B44: =B43+1 -> 2 | C44: Vận chuyển bằng ôtô tự đổ, 10T, C1, L=4Km | D44: m3 | J44: =ROUND(J43-SUM(N44:Q44),2) -> 1924 | K44: ='DGCT Cau'!$I$3289 -> 32600 | L44: =J44*K44 -> 62722400 | N44: 119 | O44: 213 | P44: 346 | Q44: 1182
A45: 1 | B45: =IF(A45<>0,"TH "&COUNTA($A$7:A45),"") -> TH 4 | C45: Neo ụ chống xô (100x50x88 cm | D45: ụ | J45: =GiaDuThau!$D$15 -> 2 | K45: =ROUND(SUM(L46:L52)/$J45,-2) -> 2055000 | L45: =J45*K45 -> 4110000
B46: 1 | C46: Thép neo mạ kẽm | D46: tấn | J46: 0.03 | K46: ='DGCT Cau'!$I$2683 -> 55486900 | L46: =J46*K46 -> 1664607
B47: =B46+1 -> 2 | C47: Sản xuất mũ neo bằng tôn dày 2mm | D47: tấn | J47: 0.01 | K47: ='DGCT Cau'!$I$256 -> 51882981 | L47: =J47*K47 -> 518829.81
B48: =B47+1 -> 3 | C48: Lắp đặt kết cấu thép | D48: tấn | J48: =J47 -> 0.01 | K48: ='DGCT Cau'!$I$233 -> 6008849 | L48: =J48*K48 -> 60088.49
B49: =B48+1 -> 4 | C49: Vữa không co ngót | D49: m3 | J49: 0.004 | K49: ='DGCT Cau'!$I$194 -> 32506922 | L49: =J49*K49 -> 130027.69
B50: =B49+1 -> 5 | C50: Bitum chèn mũ neo | D50: m3 | J50: 0.01 | K50: ='DGCT Cau'!$I$2696 -> 80658000 | L50: =J50*K50 -> 806580
B51: =B50+1 -> 6 | C51: Cốt thép lò xo | D51: tấn | J51: 0.02 | K51: ='DGCT Cau'!$I$80 -> 26387125 | L51: =J51*K51 -> 527742.5
B52: =B51+1 -> 7 | C52: Quét nhựa bitum, dán giấy dầu 2 lớp | D52: m2 | J52: 2 | K52: ='DGCT Cau'!$I$272 -> 201065 | L52: =J52*K52 -> 402130 | N52: 1.2 | O52: 1.2 | P52: 1.5 | Q52: 1.5 | R52: 1.2
A53: 1 | B53: =IF(A53<>0,"TH "&COUNTA($A$7:A53),"") -> TH 5 | C53: Khoan vào cát chặt trên cạn D1200 phản tuần hoàn, L<=30m | D53: m | J53: =SUM(N53:R53) -> 390 | K53: =ROUND(SUM(L54:L55)/$J53,-2) -> 2940300 | L53: =J53*K53 -> 1146717000 | N53: 180 | O53: 150 | R53: 60
B54: 1 | C54: Khoan vào cát chặt trên cạn D1200 phản tuần hoàn, L<=30m | D54: m | J54: =J53 -> 390 | K54: ='DGCT Cau'!$I$324 -> 1965310 | L54: =J54*K54 -> 766470900
B55: 2 | C55: Chi phí phân bổ CKN D1200 | D55: m | J55: =J53 -> 390 | K55: =$K$59 -> 975000 | L55: =J55*K55 -> 380250000 | N55: 1.2 | O55: 1.2 | P55: 1.5 | Q55: 1.5 | R55: 1.2
A56: 1 | B56: =IF(A56<>0,"TH "&COUNTA($A$7:A56),"") -> TH 6 | C56: Khoan vào cát chặt trên cạn D1200 phản tuần hoàn, L>30m | D56: m | J56: =SUM(N56:R56) -> 438.5 | K56: =ROUND(SUM(L57:L58)/$J56,-2) -> 2966000 | L56: =J56*K56 -> 1300591000 | N56: 231 | O56: 197.5 | R56: 10
B57: 1 | C57: Khoan vào cát chặt trên cạn D1200 phản tuần hoàn, L>30m | D57: m | J57: =J56 -> 438.5 | K57: ='DGCT Cau'!$I$362 -> 1990990 | L57: =J57*K57 -> 873049115
B58: 2 | C58: Chi phí phân bổ CKN D1200 | D58: m | J58: =J56 -> 438.5 | K58: =$K$59 -> 975000 | L58: =J58*K58 -> 427537500
A59: 1 | B59: =IF(A59<>0,"TH "&COUNTA($A$7:A59),"") -> TH 7 | C59: Chi phí phân bổ CKN D1200 trên cạn | D59: m | J59: =J53+J56 -> 828.5 | K59: =ROUND(SUM(L60:L63)/$J59,-2) -> 975000 | L59: =J59*K59 -> 807787500 | N59: 1.2 | O59: 1.2 | P59: 1.5 | Q59: 1.5 | R59: 1.2
B60: 1 | C60: Bơm dung dịch Bentônít lỗ khoan trên cạn | D60: m3 | J60: =SUM(N60:R60) -> 958.09 | K60: ='DGCT Cau'!$I$381 -> 601134 | L60: =J60*K60 -> 5.7594047e+08 | N60: 468.83 | O60: 396.35 | R60: 92.91
B61: =B60+1 -> 2 | C61: Sản xuất ống vách thép thu hồi | D61: tấn | J61: 2.58 | K61: ='DGCT Cau'!$I$2336 -> 593600 | L61: =J61*K61 -> 1531488
B62: =B61+1 -> 3 | C62: Lắp dựng và nhổ ống vách cọc khoan nhồi trên cạn | D62: m | J62: =SUM(N62:R62) -> 104 | K62: ='DGCT Cau'!$I$415 -> 1921004 | L62: =J62*K62 -> 199784416 | N62: 48 | O62: 40 | R62: 16
B63: =B62+1 -> 4 | C63: Vận chuyển bằng ôtô tự đổ, 10T, C1, L=4Km | D63: m3 | J63: =ROUND(PI()*1.2^2/4*J59,2) -> 937.01 | K63: ='DGCT Cau'!$I$3289 -> 32600 | L63: =J63*K63 -> 30546526
A64: 1 | B64: =IF(A64<>0,"TH "&COUNTA($A$7:A64),"") -> TH 8 | C64: Bê tông C30 cọc khoan nhồi trên cạn D>1000 | D64: m3 | J64: =GiaDuThau!$D$19 -> 457.88 | K64: =ROUND(SUM(L65:L66)/$J64,-2) -> 2421900 | L64: =J64*K64 -> 1108939572
B65: 1 | C65: Bê tông C30 cọc khoan nhồi trên cạn D>1000 | D65: m3 | J65: =J64 -> 457.88 | K65: ='DGCT Cau'!$I$434 -> 2231123 | L65: =J65*K65 -> 1.0215866e+09
B66: =B65+1 -> 2 | C66: Sản xuất và vận chuyển vữa bê tông 0,5Km, HS=1.15 | D66: m3 | J66: =J65*1.15 -> 526.562 | K66: ='DGCT Cau'!$I$61 -> 165882 | L66: =J66*K66 -> 87347158 | N66: 1.2 | O66: 1.2 | P66: 1.5 | Q66: 1.5 | R66: 1.2
A67: 1 | B67: =IF(A67<>0,"TH "&COUNTA($A$7:A67),"") -> TH 9 | C67: Cốt thép D<=18mm cọc khoan nhồi | D67: tấn | J67: =SUM(N67:R67) -> 48.85 | K67: =ROUND(SUM(L68:L69)/$J67,-2) -> 28760600 | L67: =J67*K67 -> 1.4049553e+09 | N67: 6.01 | O67: 4.99 | P67: 10.02 | Q67: 27.5 | R67: 0.33
B68: 1 | C68: Cốt thép D<=18mm cọc khoan nhồi | D68: tấn | J68: =J67 -> 48.85 | K68: ='DGCT Cau'!$I$454 -> 27252575 | L68: =J68*K68 -> 1.3312883e+09
B69: =B68+1 -> 2 | C69: Chi phí phân bổ thép CKN | D69: tấn | J69: =J68 -> 48.85 | K69: =$K$73 -> 1508000 | L69: =J69*K69 -> 73665800 | N69: 1.2 | O69: 1.2 | P69: 1.5 | Q69: 1.5 | R69: 1.2
A70: 1 | B70: =IF(A70<>0,"TH "&COUNTA($A$7:A70),"") -> TH 10 | C70: Cốt thép D>18mm cọc khoan nhồi | D70: tấn | J70: =SUM(N70:R70) -> 462.88 | K70: =ROUND(SUM(L71:L72)/$J70,-2) -> 27886300 | L70: =J70*K70 -> 12908010544 | N70: 55.51 | O70: 46.15 | P70: 93.94 | Q70: 265.78 | R70: 1.5
B71: 1 | C71: Cốt thép D>18mm cọc khoan nhồi | D71: tấn | J71: =J70 -> 462.88 | K71: ='DGCT Cau'!$I$474 -> 26378331 | L71: =J71*K71 -> 1.2210002e+10
B72: =B71+1 -> 2 | C72: Chi phí phân bổ thép CKN | D72: tấn | J72: =J71 -> 462.88 | K72: =$K$73 -> 1508000 | L72: =J72*K72 -> 698023040
A73: 1 | B73: =IF(A73<>0,"TH "&COUNTA($A$7:A73),"") -> TH 11 | C73: Chi phí phân bổ thép CKN | D73: tấn | J73: =J67+J70 -> 511.73 | K73: =ROUND(SUM(L74:L76)/$J73,-2) -> 1508000 | L73: =J73*K73 -> 771688840 | N73: 1.2 | O73: 1.2 | P73: 1.5 | Q73: 1.5 | R73: 1.2
B74: 1 | C74: Sản xuất thép ống/thép bản | D74: tấn | J74: =SUM(N74:R74) -> 7.89 | K74: ='DGCT Cau'!$I$216 -> 33097556 | L74: =J74*K74 -> 2.6113972e+08 | N74: 0.92 | O74: 0.77 | P74: 1.51 | Q74: 4.62 | R74: 0.07
B75: =B74+1 -> 2 | C75: Lắp đặt kết cấu thép | D75: tấn | J75: =J74 -> 7.89 | K75: ='DGCT Cau'!$I$233 -> 6008849 | L75: =J75*K75 -> 47409819
B76: =B75+1 -> 3 | C76: Sản xuất lắp đặt cóc nối D16, L=360 | D76: bộ | J76: =SUM(N76:R76) -> 9816 | K76: ='DGCT Cau'!$I$492 -> 47180 | L76: =J76*K76 -> 463118880 | N76: 1200 | O76: 1000 | P76: 2016 | Q76: 5600
A77: 1 | B77: =IF(A77<>0,"TH "&COUNTA($A$7:A77),"") -> TH 12 | C77: Đập đầu cọc trên cạn | D77: m3 | J77: =GiaDuThau!$D$25 -> 10.15 | K77: =ROUND(SUM(L78:L79)/$J77,-2) -> 926600 | L77: =J77*K77 -> 9404990
B78: 1 | C78: Đập đầu cọc trên cạn | D78: m3 | J78: =J77 -> 10.15 | K78: ='DGCT Cau'!$I$542 -> 885421 | L78: =J78*K78 -> 8987023.2
B79: =B78+1 -> 2 | C79: Vận chuyển bằng ôtô tự đổ, 10T, C3, L=4Km | D79: m3 | J79: =J78 -> 10.15 | K79: ='DGCT Cau'!$I$3139 -> 41200 | L79: =J79*K79 -> 418180
A80: 1 | B80: =IF(A80<>0,"TH "&COUNTA($A$7:A80),"") -> TH 13 | C80: Bê tông bản quá độ đổ tại chỗ C25 | D80: m3 | J80: =GiaDuThau!$D$27 -> 27.07 | K80: =ROUND(SUM(L81:L82)/$J80,-2) -> 1989300 | L80: =J80*K80 -> 53850351
B81: 1 | C81: Bê tông bản quá độ đổ tại chỗ C25 | D81: m3 | J81: =J80 -> 27.07 | K81: ='DGCT Cau'!$I$559 -> 1948896 | L81: =J81*K81 -> 52756615
B82: =B81+1 -> 2 | C82: Ván khuôn | D82: 100m2 | J82: 0.24 | K82: ='DGCT Cau'!$I$627 -> 4558530 | L82: =J82*K82 -> 1094047.2
A83: 1 | B83: =IF(A83<>0,"TH "&COUNTA($A$7:A83),"") -> TH 14 | C83: Cốt thép D<=18 mm | D83: tấn | J83: =GiaDuThau!$D$28 -> 2.27 | K83: =ROUND(SUM(L84:L85)/$J83,-2) -> 24734300 | L83: =J83*K83 -> 56146861
B84: 1 | C84: Cốt thép D<=10 mm | D84: tấn | J84: 0.24 | K84: ='DGCT Cau'!$I$595 -> 25255388 | L84: =J84*K84 -> 6061293.1
B85: =B84+1 -> 2 | C85: Cốt thép D<=18 mm | D85: tấn | J85: 2.03 | K85: ='DGCT Cau'!$I$577 -> 24672700 | L85: =J85*K85 -> 50085581
A86: 1 | B86: =IF(A86<>0,"TH "&COUNTA($A$7:A86),"") -> TH 15 | C86: Đào đất chân khay | D86: m3 | J86: =GiaDuThau!$D$37 -> 417 | K86: =ROUND(SUM(L87:L88)/$J86,-2) -> 27700 | L86: =J86*K86 -> 11550900
B87: 1 | C87: Đào đất chân khay | D87: m3 | J87: =J86 -> 417 | K87: ='DGCT Cau'!$I$2561 -> 24000 | L87: =J87*K87 -> 10008000
B88: =B87+1 -> 2 | C88: Vận chuyển bằng ôtô tự đổ, 10T, C1, L=4Km | D88: m3 | J88: =GiaDuThau!$D$37-GiaDuThau!$D$38*1.13 -> 47.49 | K88: ='DGCT Cau'!$I$3289 -> 32600 | L88: =J88*K88 -> 1548174
A89: 1 | B89: =IF(A89<>0,"TH "&COUNTA($A$7:A89),"") -> TH 16 | C89: Bê tông C35 trụ P1 trên cạn | D89: m3 | J89: =GiaDuThau!$D$44 -> 234.08 | K89: =ROUND(SUM(L90:L105)/$J89,-2) -> 5054600 | L89: =J89*K89 -> 1183180768
B90: 1 | C90: Bê tông C35 trụ trên cạn | D90: m3 | J90: 156.71 | K90: ='DGCT Cau'!$I$25 -> 2405142 | L90: =J90*K90 -> 3.769098e+08
B91: =B90+1 -> 2 | C91: Bê tông C35 xà mũ trụ trên cạn | D91: m3 | J91: 77.37 | K91: ='DGCT Cau'!$I$3276 -> 3002100 | L91: =J91*K91 -> 232272477
B92: =B91+1 -> 3 | C92: Sản xuất và vận chuyển vữa bê tông 0,5Km, HS=1.015 | D92: m3 | J92: =SUM(J90:J91)*1.015 -> 237.5912 | K92: ='DGCT Cau'!$I$61 -> 165882 | L92: =J92*K92 -> 39412103
B93: =B92+1 -> 4 | C93: Ván khuôn kim loại mố/trụ cầu trên cạn | D93: 100m2 | J93: 2.96 | K93: ='DGCT Cau'!$I$138 -> 16071733 | L93: =J93*K93 -> 47572330
C94: Vòng vây chắn đất trụ P1 (sử dụng lại từ trụ P2, mỗi bộ dùng 1 lần, mỗi lần 1 tháng) | J94: 0 | L94: =J94*K94 -> 0
B95: 1 | C95: Sử dụng cọc ván thép L=6m (KHVL=(1.17%/tháng * 1 tháng +3.5%) | D95: m | J95: 594 | K95: ='DGCT Cau'!$I$2230 -> 75500 | L95: =J95*K95 -> 44847000
B96: =B95+1 -> 2 | C96: Đóng cọc ván thép trên cạn, L≤12m (phần ngập đất) | D96: m | J96: 548 | K96: ='DGCT Cau'!$I$2364 -> 142900 | L96: =J96*K96 -> 78309200
B97: =B96+1 -> 3 | C97: Đóng cọc ván thép trên cạn, L≤12m (không ngập đất) | D97: m | J97: 46 | K97: ='DGCT Cau'!$I$2350 -> 107100 | L97: =J97*K97 -> 4926600
B98: =B97+1 -> 4 | C98: Nhổ cọc ván thép trên cạn | D98: m | J98: 594 | K98: ='DGCT Cau'!$I$2379 -> 148600 | L98: =J98*K98 -> 88268400
B99: =B98+1 -> 5 | C99: Vành đai khung chống trụ P1 (KHVL chính =(2%/tháng*1 tháng +7%) (chỉ tính vật liệu) | D99: tấn | J99: 11.79 | K99: ='DGCT Cau'!$I$2440 -> 2507000 | L99: =J99*K99 -> 29557530
B100: =B99+1 -> 6 | C100: Lắp dựng, tháo dỡ hệ dàn giáo trên cạn | D100: tấn | J100: 11.79 | K100: ='DGCT Cau'!$I$2459 -> 7338800 | L100: =J100*K100 -> 86524452
B101: =B100+1 -> 7 | C101: Sử dụng cọc thép hình (KH=(1.17%/tháng*1 tháng +3.5%/lần đóng nhổ ) | D101: m | J101: 48 | K101: ='DGCT Cau'!$I$2485 -> 74100
...

Sheet DGCT Cau
B1: BẢNG PHÂN TÍCH ĐƠN GIÁ CHI TIẾT
B2: =GiaDuThau!A2 -> DỰ ÁN ĐẦU TƯ XÂY DỰNG CẦU LONG BÌNH – CHREY THOM
B3: =GiaDuThau!A3 -> HẠNG MỤC: PHẦN CẦU, PHẦN TUYẾN, CHIẾU SÁNG (PHÍA BỜ VIỆT NAM)
I4: Đơn vị tính: Đồng / Unit cost: VND
B5: STT | C5: ĐM | D5: MHĐM | E5: Thành phần chi phí | F5: Đơn vị | G5: Định mức | H5: Đơn giá | I5: Thành tiền | J5: 0.02 | K5: =5.5% -> 0.055 | L5: 0.06 | M5: 0.1 | N5: 0.01
B6: 1 | C6: Code No. | D6: 2 | E6: 3 | F6: 4 | G6: 5 | H6: 6 | I6: 7 | J6: =(1+J5)*(1+K5)*(1+L5)*(1+M5)*(1+N5) -> 1.2672799
A7: 1 | B7: =IF(A7<>0,COUNTA(A$7:$A7),"") -> 1 | C7: ='8.Dgia'!C10 -> 1776 | D7: ='8.Dgia'!D10 -> AF.33110 | E7: ='8.Dgia'!E10 -> Bê tông C35 mố/trụ trên cạn | F7: ='8.Dgia'!G10 -> m3 | G7: ='8.Dgia'!H10 -> 0 | J7: =+I8 -> 1198945.7 | K7: =+I11 -> 485780.96 | L7: =+I12 -> 213150.56
B8: ='8.Dgia'!B11 | C8: ='8.Dgia'!C11 -> 0 | D8: ='8.Dgia'!D11 -> 0 | E8: ='8.Dgia'!E11 -> A - Vật liệu | F8: ='8.Dgia'!G11 -> 0 | G8: ='8.Dgia'!H11 -> 0 | I8: =SUM(I9:I10) -> 1198945.7
B9: ='8.Dgia'!B12 | C9: ='8.Dgia'!C12 -> 0 | D9: ='8.Dgia'!D12 -> C3327 | E9: ='8.Dgia'!E12 -> Vữa bê tông đá 1x2 C35 (độ sụt 14-17cm) | F9: ='8.Dgia'!G12 -> m3 | G9: ='8.Dgia'!H12 -> 1.015 | H9: =GVL!$I$199 -> 1167220.6 | I9: =+G9*H9 -> 1184728.9
B10: ='8.Dgia'!B13 | C10: ='8.Dgia'!C13 -> 0 | D10: ='8.Dgia'!D13 -> 0 | E10: ='8.Dgia'!E13 -> Vật liệu khác | F10: ='8.Dgia'!G13 -> % | G10: ='8.Dgia'!H13 -> 1.2 | H10: =I9 -> 1184728.9 | I10: =H10*G10% -> 14216.747
B11: ='8.Dgia'!B14 | C11: ='8.Dgia'!C14 -> 0 | D11: ='8.Dgia'!D14 -> 0 | E11: ='8.Dgia'!E14 -> B - Nhân công 3.5/7 | F11: công | G11: ='8.Dgia'!H14 -> 2.06 | H11: ='16.NC'!$H$16 -> 235816 | I11: =H11*G11 -> 485780.96
B12: ='8.Dgia'!B15 | C12: ='8.Dgia'!C15 -> 0 | D12: ='8.Dgia'!D15 -> 0 | E12: ='8.Dgia'!E15 -> C - Máy thi công | F12: ='8.Dgia'!G15 -> 0 | G12: ='8.Dgia'!H15 -> 0 | I12: =SUM(I13:I16) -> 213150.56
B13: ='8.Dgia'!B16 | C13: ='8.Dgia'!C16 -> 0 | D13: ='8.Dgia'!D16 -> 0 | E13: ='8.Dgia'!E16 -> Cần cẩu bánh xích 25T | F13: ca | G13: ='8.Dgia'!H16 -> 0.033 | H13: ='9.may'!$P$248 -> 2787996.7 | I13: =H13*G13 -> 92003.89
B14: ='8.Dgia'!B17 | C14: ='8.Dgia'!C17 -> 0 | D14: ='8.Dgia'!D17 -> 0 | E14: ='8.Dgia'!E17 -> Máy bơm BT 50m3/h | F14: ca | G14: ='8.Dgia'!H17 -> 0.033 | H14: ='9.may'!$P$362 -> 3446390.1 | I14: =H14*G14 -> 113730.87
B15: ='8.Dgia'!B18 | C15: ='8.Dgia'!C18 -> 0 | D15: ='8.Dgia'!D18 -> 0 | E15: ='8.Dgia'!E18 -> Máy đầm dùi 1.5kw | F15: ca | G15: ='8.Dgia'!H18 -> 0.085 | H15: ='9.may'!$P$382 -> 74768.798 | I15: =H15*G15 -> 6355.3478
B16: ='8.Dgia'!B19 | C16: ='8.Dgia'!C19 -> 0 | D16: ='8.Dgia'!D19 -> 0 | E16: ='8.Dgia'!E19 -> Máy khác | F16: ='8.Dgia'!G19 -> % | G16: ='8.Dgia'!H19 -> 0.5 | H16: =SUM(I13:I15) -> 212090.11 | I16: =H16*G16% -> 1060.4506
E17: d - Trực tiếp phí khác | F17: =$J$5 -> 0.02 | I17: =(I8+I11+I12)*F17 -> 37957.544
E18: e - Cộng (a+b+c+d) | I18: =I17+I17/F17 -> 1935834.7
E19: f - Chi phí chung | F19: =$K$5 -> 0.055 | I19: =I18*F19 -> 106470.91
E20: g - Thu nhập chịu thuế tính trước | F20: =$L$5 -> 0.06 | I20: =SUM(I18:I19)*F20 -> 122538.34
E21: h - Chi phí xây dựng trước thuế | I21: =SUM(I18:I20) -> 2164844
E22: i - Thuế giá trị gia tăng | F22: =$M$5 -> 0.1 | I22: =I21*F22 -> 216484.4
E23: j - Chi phí xây dựng sau thuế | I23: =SUM(I21:I22) -> 2381328.4
E24: k - Chi phí xây dựng lán trại, nhà tạm | F24: =$N$5 -> 0.01 | I24: =I23*F24 -> 23813.284
E25: n - Cộng đơn giá đề xuất | I25: =ROUND(I23+I24,0) -> 2405142
A26: 1 | B26: =IF(A26<>0,COUNTA(A$7:$A26),"") -> 2 | C26: ='8.Dgia'!C20 -> 1776 | D26: ='8.Dgia'!D20 -> AF.33110 | E26: ='8.Dgia'!E20 -> Bê tông C40 mố/trụ | F26: ='8.Dgia'!G20 -> m3 | G26: ='8.Dgia'!H20 -> 0 | J26: =+I27 -> 1266628.4 | K26: =+I30 -> 485780.96 | L26: =+I31 -> 213150.56
B27: ='8.Dgia'!B21 | C27: ='8.Dgia'!C21 -> 0 | D27: ='8.Dgia'!D21 -> 0 | E27: ='8.Dgia'!E21 -> A - Vật liệu | F27: ='8.Dgia'!G21 -> 0 | G27: ='8.Dgia'!H21 -> 0 | I27: =SUM(I28:I29) -> 1266628.4
B28: ='8.Dgia'!B22 | C28: ='8.Dgia'!C22 -> 0 | D28: ='8.Dgia'!D22 -> ĐM | E28: ='8.Dgia'!E22 -> Vữa bê tông đá 1x2 C40 (M450, độ sụt 12-16cm) | F28: ='8.Dgia'!G22 -> m3 | G28: ='8.Dgia'!H22 -> 1.015 | H28: =GVL!$I$200 -> 1233112.4 | I28: =H28*G28 -> 1251609.1
B29: ='8.Dgia'!B23 | C29: ='8.Dgia'!C23 -> 0 | D29: ='8.Dgia'!D23 -> 0 | E29: ='8.Dgia'!E23 -> Vật liệu khác | F29: ='8.Dgia'!G23 -> % | G29: ='8.Dgia'!H23 -> 1.2 | H29: =I28 -> 1251609.1 | I29: =H29*G29% -> 15019.309
B30: ='8.Dgia'!B24 | C30: ='8.Dgia'!C24 -> 0 | D30: ='8.Dgia'!D24 -> 0 | E30: ='8.Dgia'!E24 -> B - Nhân công 3.5/7 | F30: công | G30: ='8.Dgia'!H24 -> 2.06 | H30: ='16.NC'!$H$16 -> 235816 | I30: =H30*G30 -> 485780.96
B31: ='8.Dgia'!B25 | C31: ='8.Dgia'!C25 -> 0 | D31: ='8.Dgia'!D25 -> 0 | E31: ='8.Dgia'!E25 -> C - Máy thi công | F31: ='8.Dgia'!G25 -> 0 | G31: ='8.Dgia'!H25 -> 0 | I31: =SUM(I32:I35) -> 213150.56
B32: ='8.Dgia'!B26 | C32: ='8.Dgia'!C26 -> 0 | D32: ='8.Dgia'!D26 -> 0 | E32: ='8.Dgia'!E26 -> Cần cẩu bánh xích 25T | F32: ca | G32: ='8.Dgia'!H26 -> 0.033 | H32: ='9.may'!$P$248 -> 2787996.7 | I32: =H32*G32 -> 92003.89
B33: ='8.Dgia'!B27 | C33: ='8.Dgia'!C27 -> 0 | D33: ='8.Dgia'!D27 -> 0 | E33: ='8.Dgia'!E27 -> Máy bơm BT 50m3/h | F33: ca | G33: ='8.Dgia'!H27 -> 0.033 | H33: ='9.may'!$P$362 -> 3446390.1 | I33: =H33*G33 -> 113730.87
B34: ='8.Dgia'!B28 | C34: ='8.Dgia'!C28 -> 0 | D34: ='8.Dgia'!D28 -> 0 | E34: ='8.Dgia'!E28 -> Máy đầm dùi 1.5kw | F34: ca | G34: ='8.Dgia'!H28 -> 0.085 | H34: ='9.may'!$P$382 -> 74768.798 | I34: =H34*G34 -> 6355.3478
B35: ='8.Dgia'!B29 | C35: ='8.Dgia'!C29 -> 0 | D35: ='8.Dgia'!D29 -> 0 | E35: ='8.Dgia'!E29 -> Máy khác | F35: ='8.Dgia'!G29 -> % | G35: ='8.Dgia'!H29 -> 0.5 | H35: =SUM(I32:I34) -> 212090.11 | I35: =H35*G35% -> 1060.4506
E36: d - Trực tiếp phí khác | F36: =$J$5 -> 0.02 | I36: =(I27+I30+I31)*F36 -> 39311.199
E37: e - Cộng (a+b+c+d) | I37: =I36+I36/F36 -> 2004871.1
E38: f - Chi phí chung | F38: =$K$5 -> 0.055 | I38: =I37*F38 -> 110267.91
E39: g - Thu nhập chịu thuế tính trước | F39: =$L$5 -> 0.06 | I39: =SUM(I37:I38)*F39 -> 126908.34
E40: h - Chi phí xây dựng trước thuế | I40: =SUM(I37:I39) -> 2242047.4
E41: i - Thuế giá trị gia tăng | F41: =$M$5 -> 0.1 | I41: =I40*F41 -> 224204.74
E42: j - Chi phí xây dựng sau thuế | I42: =SUM(I40:I41) -> 2466252.1
E43: k - Chi phí xây dựng lán trại, nhà tạm | F43: =$N$5 -> 0.01 | I43: =I42*F43 -> 24662.521
E44: n - Cộng đơn giá đề xuất | I44: =ROUND(I42+I43,0) -> 2490915
A45: 1 | B45: =IF(A45<>0,COUNTA(A$7:$A45),"") -> 3 | C45: ='8.Dgia'!C30 -> 1776 | D45: ='8.Dgia'!D30 -> AF.51140 | E45: ='8.Dgia'!E30 -> Sản xuất và vận chuyển vữa bê tông 0,5Km | F45: ='8.Dgia'!G30 -> m3 | G45: ='8.Dgia'!H30 -> 0 | K45: =+I46 -> 15382.57 | L45: =+I47 -> 115513.38
B46: ='8.Dgia'!B31 | C46: ='8.Dgia'!C31 -> 0 | D46: ='8.Dgia'!D31 -> AF.51140 | E46: ='8.Dgia'!E31 -> B - Nhân công 3.0/7 | F46: công | G46: ='8.Dgia'!H31 -> 0.07 | H46: ='16.NC'!$H$13 -> 219751 | I46: =H46*G46 -> 15382.57
B47: ='8.Dgia'!B32 | C47: ='8.Dgia'!C32 -> 0 | D47: ='8.Dgia'!D32 -> 0 | E47: ='8.Dgia'!E32 -> C - Máy thi công | F47: ='8.Dgia'!G32 -> 0 | G47: ='8.Dgia'!H32 -> 0 | I47: =SUM(I48:I52) -> 115513.38
B48: ='8.Dgia'!B33 | C48: ='8.Dgia'!C33 -> 0 | D48: ='8.Dgia'!D33 -> 0 | E48: ='8.Dgia'!E33 -> Trạm trộn bêtông 50m3/h | F48: ca | G48: ='8.Dgia'!H33 -> 0.007 | H48: ='9.may'!$P$351 -> 2766761.5 | I48: =H48*G48 -> 19367.331
B49: ='8.Dgia'!B34 | C49: ='8.Dgia'!C34 -> 0 | D49: ='8.Dgia'!D34 -> 0 | E49: ='8.Dgia'!E34 -> Máy xúc 1.25m3 | F49: ca | G49: ='8.Dgia'!H34 -> 0.007 | H49: ='9.may'!$P$722 -> 1941040.6 | I49: =H49*G49 -> 13587.284
B50: ='8.Dgia'!B35 | C50: ='8.Dgia'!C35 -> 0 | D50: ='8.Dgia'!D35 -> 0 | E50: ='8.Dgia'!E35 -> Máy ủi 110cv | F50: ca | G50: ='8.Dgia'!H35 -> 0.0035 | H50: ='9.may'!$P$70 -> 1959433 | I50: =H50*G50 -> 6858.0157
B51: ='8.Dgia'!B36 | C51: ='8.Dgia'!C36 -> 0 | D51: ='8.Dgia'!D36 -> 0 | E51: ='8.Dgia'!E36 -> Máy khác | F51: ='8.Dgia'!G36 -> % | G51: ='8.Dgia'!H36 -> 5 | H51: =SUM(I48:I50) -> 39812.63 | I51: =H51*G51% -> 1990.6315
B52: ='8.Dgia'!B38 | C52: ='8.Dgia'!C38 -> 0 | D52: ='8.Dgia'!D38 -> 0 | E52: ='8.Dgia'!E38 -> Ôtô chuyển trộn 10.7m3 | F52: ca | G52: ='8.Dgia'!H38 -> 0.0245 | H52: ='9.may'!$P$171 -> 3008576.2 | I52: =H52*G52 -> 73710.117
E53: d - Trực tiếp phí khác | F53: =$J$5 -> 0.02 | I53: =(I46+I47)*F53 -> 2617.919
E54: e - Cộng (a+b+c+d) | I54: =I53+I53/F53 -> 133513.87
E55: f - Chi phí chung | F55: =$K$5 -> 0.055 | I55: =I54*F55 -> 7343.2627
E56: g - Thu nhập chịu thuế tính trước | F56: =$L$5 -> 0.06 | I56: =SUM(I54:I55)*F56 -> 8451.4278
E57: h - Chi phí xây dựng trước thuế | I57: =SUM(I54:I56) -> 149308.56
E58: i - Thuế giá trị gia tăng | F58: =$M$5 -> 0.1 | I58: =I57*F58 -> 14930.856
E59: j - Chi phí xây dựng sau thuế | I59: =SUM(I57:I58) -> 164239.41
E60: k - Chi phí xây dựng lán trại, nhà tạm | F60: =$N$5 -> 0.01 | I60: =I59*F60 -> 1642.3941
E61: n - Cộng đơn giá đề xuất | I61: =ROUND(I59+I60,0) -> 165882
A62: 1 | B62: =IF(A62<>0,COUNTA(A$7:$A62),"") -> 4 | C62: ='8.Dgia'!C51 -> 1776 | D62: ='8.Dgia'!D51 -> AF.65120 | E62: ='8.Dgia'!E51 -> Cốt thép D<=18 móng, mũ mố trụ cầu trên cạn | F62: tấn | G62: ='8.Dgia'!H51 -> 0 | J62: =+I63 -> 17319858 | K62: =+I67 -> 3009977.3 | L62: =+I68 -> 492024.32
B63: ='8.Dgia'!B52 | C63: ='8.Dgia'!C52 -> 0 | D63: ='8.Dgia'!D52 -> 0 | E63: ='8.Dgia'!E52 -> A - Vật liệu | F63: ='8.Dgia'!G52 -> 0 | G63: ='8.Dgia'!H52 -> 0 | I63: =SUM(I64:I66) -> 17319858
B64: ='8.Dgia'!B53 | C64: ='8.Dgia'!C53 -> 0 | D64: ='8.Dgia'!D53 -> 0 | E64: ='8.Dgia'!E53 -> Thép tròn D<=18 | F64: ='8.Dgia'!G53 -> kg | G64: ='8.Dgia'!H53 -> 1020 | H64: =GVL!$I$180 -> 16604.076 | I64: =H64*G64 -> 16936157
B65: ='8.Dgia'!B54 | C65: ='8.Dgia'!C54 -> 0 | D65: ='8.Dgia'!D54 -> 0 | E65: ='8.Dgia'!E54 -> Dây thép buộc | F65: ='8.Dgia'!G54 -> kg | G65: ='8.Dgia'!H54 -> 14.28 | H65: =GVL!$I$89 -> 18180 | I65: =H65*G65 -> 259610.4
B66: ='8.Dgia'!B55 | C66: ='8.Dgia'!C55 -> 0 | D66: ='8.Dgia'!D55 -> 0 | E66: ='8.Dgia'!E55 -> Que hàn | F66: ='8.Dgia'!G55 -> kg | G66: ='8.Dgia'!H55 -> 6.5 | H66: =GVL!$I$153 -> 19090.909 | I66: =H66*G66 -> 124090.91
B67: ='8.Dgia'!B56 | C67: ='8.Dgia'!C56 -> 0 | D67: ='8.Dgia'!D56 -> 0 | E67: ='8.Dgia'!E56 -> B - Nhân công 4.0/7 | F67: công | G67: ='8.Dgia'!H56 -> 11.72 | H67: ='16.NC'!$H$18 -> 256824 | I67: =H67*G67 -> 3009977.3
B68: ='8.Dgia'!B57 | C68: ='8.Dgia'!C57 -> 0 | D68: ='8.Dgia'!D57 -> 0 | E68: ='8.Dgia'!E57 -> C - Máy thi công | F68: ='8.Dgia'!G57 -> 0 | G68: ='8.Dgia'!H57 -> 0 | I68: =SUM(I69:I71) -> 492024.32
B69: ='8.Dgia'!B58 | C69: ='8.Dgia'!C58 -> 0 | D69: ='8.Dgia'!D58 | E69: ='8.Dgia'!E58 -> Máy hàn 23kw | F69: ca | G69: ='8.Dgia'!H58 -> 1.6 | H69: ='9.may'!$P$510 -> 171649.15 | I69: =H69*G69 -> 274638.65
B70: ='8.Dgia'!B59 | C70: ='8.Dgia'!C59 -> 0 | D70: ='8.Dgia'!D59 | E70: ='8.Dgia'!E59 -> Máy cắt uốn | F70: ca | G70: ='8.Dgia'!H59 -> 0.32 | H70: ='9.may'!$P$557 -> 80291.85 | I70: =H70*G70 -> 25693.392
B71: ='8.Dgia'!B60 | C71: ='8.Dgia'!C60 -> 0 | D71: ='8.Dgia'!D60 | E71: ='8.Dgia'!E60 -> Cần cẩu bánh xích 16T | F71: ca | G71: ='8.Dgia'!H60 -> 0.09 | H71: ='9.may'!$P$247 -> 2129914.2 | I71: =H71*G71 -> 191692.28
E72: d - Trực tiếp phí khác | F72: =$J$5 -> 0.02 | I72: =(I63+I67+I68)*F72 -> 416437.2
E73: e - Cộng (a+b+c+d) | I73: =I72+I72/F72 -> 21238297
E74: f - Chi phí chung | F74: =$K$5 -> 0.055 | I74: =I73*F74 -> 1168106.3
E75: g - Thu nhập chịu thuế tính trước | F75: =$L$5 -> 0.06 | I75: =SUM(I73:I74)*F75 -> 1344384.2
E76: h - Chi phí xây dựng trước thuế | I76: =SUM(I73:I75) -> 23750788
E77: i - Thuế giá trị gia tăng | F77: =$M$5 -> 0.1 | I77: =I76*F77 -> 2375078.8
E78: j - Chi phí xây dựng sau thuế | I78: =SUM(I76:I77) -> 26125867
E79: k - Chi phí xây dựng lán trại, nhà tạm | F79: =$N$5 -> 0.01 | I79: =I78*F79 -> 261258.67
E80: n - Cộng đơn giá đề xuất | I80: =ROUND(I78+I79,0) -> 26387125
A81: 1 | B81: =IF(A81<>0,COUNTA(A$7:$A81),"") -> 5 | C81: ='8.Dgia'!C61 -> 1776 | D81: ='8.Dgia'!D61 -> AF.65130 | E81: ='8.Dgia'!E61 -> Cốt thép D>18 móng, mũ mố trụ cầu trên cạn | F81: tấn | G81: ='8.Dgia'!H61 -> 0 | J81: =+I82 -> 17328067 | K81: =+I86 -> 2504034 | L81: =+I87 -> 480192.87
B82: ='8.Dgia'!B62 | C82: ='8.Dgia'!C62 -> 0 | D82: ='8.Dgia'!D62 -> 0 | E82: ='8.Dgia'!E62 -> A - Vật liệu | F82: ='8.Dgia'!G62 -> 0 | G82: ='8.Dgia'!H62 -> 0 | I82: =SUM(I83:I85) -> 17328067
B83: ='8.Dgia'!B63 | C83: ='8.Dgia'!C63 -> 0 | D83: ='8.Dgia'!D63 -> 0 | E83: ='8.Dgia'!E63 -> Thép tròn D<=18 | F83: ='8.Dgia'!G63 -> kg | G83: ='8.Dgia'!H63 -> 1020 | H83: =GVL!$I$180 -> 16604.076 | I83: =H83*G83 -> 16936157
B84: ='8.Dgia'!B64 | C84: ='8.Dgia'!C64 -> 0 | D84: ='8.Dgia'!D64 -> 0 | E84: ='8.Dgia'!E64 -> Dây thép buộc | F84: ='8.Dgia'!G64 -> kg | G84: ='8.Dgia'!H64 -> 14.28 | H84: =GVL!$I$89 -> 18180 | I84: =H84*G84 -> 259610.4
B85: ='8.Dgia'!B65 | C85: ='8.Dgia'!C65 -> 0 | D85: ='8.Dgia'!D65 -> 0 | E85: ='8.Dgia'!E65 -> Que hàn | F85: ='8.Dgia'!G65 -> kg | G85: ='8.Dgia'!H65 -> 6.93 | H85: =GVL!$I$153 -> 19090.909 | I85: =H85*G85 -> 132300
B86: ='8.Dgia'!B66 | C86: ='8.Dgia'!C66 -> 0 | D86: ='8.Dgia'!D66 -> 0 | E86: ='8.Dgia'!E66 -> B - Nhân công 4.0/7 | F86: công | G86: ='8.Dgia'!H66 -> 9.75 | H86: ='16.NC'!$H$18 -> 256824 | I86: =H86*G86 -> 2504034
B87: ='8.Dgia'!B67 | C87: ='8.Dgia'!C67 -> 0 | D87: ='8.Dgia'!D67 -> 0 | E87: ='8.Dgia'!E67 -> C - Máy thi công | F87: ='8.Dgia'!G67 -> 0 | G87: ='8.Dgia'!H67 -> 0 | I87: =SUM(I88:I90) -> 480192.87
B88: ='8.Dgia'!B68 | C88: ='8.Dgia'!C68 -> 0 | D88: ='8.Dgia'!D68 | E88: ='8.Dgia'!E68 -> Máy hàn 23kw | F88: ca | G88: ='8.Dgia'!H68 -> 1.73 | H88: ='9.may'!$P$510 -> 171649.15 | I88: =H88*G88 -> 296953.04
B89: ='8.Dgia'!B69 | C89: ='8.Dgia'!C69 -> 0 | D89: ='8.Dgia'!D69 | E89: ='8.Dgia'!E69 -> Máy cắt uốn | F89: ca | G89: ='8.Dgia'!H69 -> 0.16 | H89: ='9.may'!$P$557 -> 80291.85 | I89: =H89*G89 -> 12846.696
B90: ='8.Dgia'!B70 | C90: ='8.Dgia'!C70 -> 0 | D90: ='8.Dgia'!D70 | E90: ='8.Dgia'!E70 -> Cần cẩu bánh xích 16T | F90: ca | G90: ='8.Dgia'!H70 -> 0.08 | H90: ='9.may'!$P$247 -> 2129914.2 | I90: =H90*G90 -> 170393.14
E91: d - Trực tiếp phí khác | F91: =$J$5 -> 0.02 | I91: =(I82+I86+I87)*F91 -> 406245.89
E92: e - Cộng (a+b+c+d) | I92: =I91+I91/F91 -> 20718540
E93: f - Chi phí chung | F93: =$K$5 -> 0.055 | I93: =I92*F93 -> 1139519.7
E94: g - Thu nhập chịu thuế tính trước | F94: =$L$5 -> 0.06 | I94: =SUM(I92:I93)*F94 -> 1311483.6
E95: h - Chi phí xây dựng trước thuế | I95: =SUM(I92:I94) -> 23169544
E96: i - Thuế giá trị gia tăng | F96: =$M$5 -> 0.1 | I96: =I95*F96 -> 2316954.4
E97: j - Chi phí xây dựng sau thuế | I97: =SUM(I95:I96) -> 25486498
E98: k - Chi phí xây dựng lán trại, nhà tạm | F98: =$N$5 -> 0.01 | I98: =I97*F98 -> 254864.98
E99: n - Cộng đơn giá đề xuất | I99: =ROUND(I97+I98,0) -> 25741363
A100: 1 | B100: =IF(A100<>0,COUNTA(A$7:$A100),"") -> 6 | C100: ='8.Dgia'!C71 -> 1776 | D100: ='8.Dgia'!D71 -> AF.21110 | E100: ='8.Dgia'!E71 -> Bê tông C10 lót móng đá 1x2, R>250cm | F100: ='8.Dgia'!G71 -> m3 | G100: ='8.Dgia'!H71 -> 0 | J100: =+I101 -> 789275.73 | K100: =+I103 -> 142838.15 | L100: =+I104 -> 51094.028
...

Sheet DGCT Duong
B1: BẢNG PHÂN TÍCH ĐƠN GIÁ CHI TIẾT | J1: ='DGCT Cau'!J1 -> 0
B2: =GiaDuThau!A2 -> DỰ ÁN ĐẦU TƯ XÂY DỰNG CẦU LONG BÌNH – CHREY THOM
B3: =GiaDuThau!A3 -> HẠNG MỤC: PHẦN CẦU, PHẦN TUYẾN, CHIẾU SÁNG (PHÍA BỜ VIỆT NAM)
I4: Đơn vị tính: Đồng / Unit cost: VND
B5: STT | C5: ĐM | D5: MHĐM | E5: Thành phần chi phí | F5: Đơn vị | G5: Định mức | H5: Đơn giá | I5: Thành tiền | J5: 0.02 | K5: =5.5%*1.05 -> 0.05775 | L5: 0.06 | M5: 0.1 | N5: 0.01
B6: 1 | C6: 2 | D6: 2 | E6: 3 | F6: 4 | G6: 5 | H6: 6 | I6: 7 | J6: =(1+J5)*(1+K5)*(1+L5)*(1+M5)*(1+N5) -> 1.2705833
A7: 1 | B7: =IF(A7<>0,COUNTA(A$7:$A7),"") -> 1 | C7: ='8.Dgia'!C78 -> 1776 | D7: ='8.Dgia'!D78 -> AK.94111 | E7: ='8.Dgia'!E78 -> Quét nhựa bitum nóng | F7: ='8.Dgia'!G78 -> m2 | G7: ='8.Dgia'!H78 -> 0 | J7: =+I8 -> 108003 | K7: =+I12 -> 15065.4
B8: ='8.Dgia'!B79 | C8: ='8.Dgia'!C79 -> 0 | D8: ='8.Dgia'!D79 -> 0 | E8: ='8.Dgia'!E79 -> A - Vật liệu | F8: ='8.Dgia'!G79 -> 0 | G8: ='8.Dgia'!H79 -> 0 | I8: =SUM(I9:I11) -> 108003
B9: ='8.Dgia'!B80 | C9: ='8.Dgia'!C80 -> 0 | D9: ='8.Dgia'!D80 -> 0 | E9: ='8.Dgia'!E80 -> Nhựa bitum | F9: ='8.Dgia'!G80 -> kg | G9: ='8.Dgia'!H80 -> 2.1 | H9: =GVL!$I$126 -> 50000 | I9: =H9*G9 -> 105000
B10: ='8.Dgia'!B81 | C10: ='8.Dgia'!C81 -> 0 | D10: ='8.Dgia'!D81 -> 0 | E10: ='8.Dgia'!E81 -> Bột đá | F10: ='8.Dgia'!G81 -> kg | G10: ='8.Dgia'!H81 -> 1.206 | H10: =GVL!$I$24 -> 500 | I10: =H10*G10 -> 603
B11: ='8.Dgia'!B82 | C11: ='8.Dgia'!C82 -> 0 | D11: ='8.Dgia'!D82 -> 0 | E11: ='8.Dgia'!E82 -> Củi | F11: ='8.Dgia'!G82 -> kg | G11: ='8.Dgia'!H82 -> 2 | H11: =GVL!$I$48 -> 1200 | I11: =H11*G11 -> 2400
B12: ='8.Dgia'!B83 | C12: ='8.Dgia'!C83 -> 0 | D12: ='8.Dgia'!D83 -> 0 | E12: ='8.Dgia'!E83 -> B - Nhân công 3.5/7 | F12: công | G12: ='8.Dgia'!H83 -> 0.07 | H12: ='16.NC'!$G$16 -> 215220 | I12: =H12*G12 -> 15065.4
E13: d - Trực tiếp phí khác | F13: =$J$5 -> 0.02 | I13: =(I8+I12)*F13 -> 2461.368
E14: e - Cộng (a+b+c+d) | I14: =I13+I13/F13 -> 125529.77
E15: f - Chi phí chung | F15: =$K$5 -> 0.05775 | I15: =I14*F15 -> 7249.3441
E16: g - Thu nhập chịu thuế tính trước | F16: =$L$5 -> 0.06 | I16: =SUM(I14:I15)*F16 -> 7966.7467
E17: h - Chi phí xây dựng trước thuế | I17: =SUM(I14:I16) -> 140745.86
E18: i - Thuế giá trị gia tăng | F18: =$M$5 -> 0.1 | I18: =I17*F18 -> 14074.586
E19: j - Chi phí xây dựng sau thuế | I19: =SUM(I17:I18) -> 154820.44
E20: k - Chi phí xây dựng lán trại, nhà tạm | F20: =$N$5 -> 0.01 | I20: =I19*F20 -> 1548.2044
E21: n - Cộng đơn giá đề xuất | I21: =ROUND(I19+I20,-2) -> 156400
A22: 1 | B22: =IF(A22<>0,COUNTA(A$7:$A22),"") -> 2 | C22: ='8.Dgia'!C119 -> 1776 | D22: ='8.Dgia'!D119 -> AB.65130 | E22: ='8.Dgia'!E119 -> Đắp đất công trình (đất tận dụng) | F22: m3 | G22: ='8.Dgia'!H119 -> 0 | K22: =+I23 -> 23628.594 | L22: =+I24 -> 5661.6262
B23: ='8.Dgia'!B120 | C23: ='8.Dgia'!C120 -> 0 | D23: ='8.Dgia'!D120 -> 0 | E23: ='8.Dgia'!E120 -> B - Nhân công 4.0/7 | F23: công | G23: ='8.Dgia'!H120/100 -> 0.1018 | H23: ='16.NC'!$G$18 -> 232108 | I23: =H23*G23 -> 23628.594
B24: ='8.Dgia'!B121 | C24: ='8.Dgia'!C121 -> 0 | D24: ='8.Dgia'!D121 -> 0 | E24: ='8.Dgia'!E121 -> C - Máy thi công | F24: ='8.Dgia'!G121 -> 0 | I24: =SUM(I25:I25) -> 5661.6262
B25: ='8.Dgia'!B122 | C25: ='8.Dgia'!C122 -> 0 | D25: ='8.Dgia'!D122 -> 0 | E25: ='8.Dgia'!E122 -> Đầm cóc | F25: ca | G25: ='8.Dgia'!H122/100 -> 0.0509 | H25: ='9.may'!$P$98 -> 111230.38 | I25: =H25*G25 -> 5661.6262
E26: d - Trực tiếp phí khác | F26: =$J$5 -> 0.02 | I26: =(I23+I24)*F26 -> 585.80441
E27: e - Cộng (a+b+c+d) | I27: =I26+I26/F26 -> 29876.025
E28: f - Chi phí chung | F28: =$K$5 -> 0.05775 | I28: =I27*F28 -> 1725.3404
E29: g - Thu nhập chịu thuế tính trước | F29: =$L$5 -> 0.06 | I29: =SUM(I27:I28)*F29 -> 1896.0819
E30: h - Chi phí xây dựng trước thuế | I30: =SUM(I27:I29) -> 33497.447
E31: i - Thuế giá trị gia tăng | F31: =$M$5 -> 0.1 | I31: =I30*F31 -> 3349.7447
E32: j - Chi phí xây dựng sau thuế | I32: =SUM(I30:I31) -> 36847.192
E33: k - Chi phí xây dựng lán trại, nhà tạm | F33: =$N$5 -> 0.01 | I33: =I32*F33 -> 368.47192
E34: n - Cộng đơn giá đề xuất | I34: =ROUND(I32+I33,-2) -> 37200
A35: 1 | B35: =IF(A35<>0,COUNTA(A$7:$A35),"") -> 3 | C35: ='8.Dgia'!C129 -> 1776 | D35: ='8.Dgia'!D129 -> AB.64112 | E35: ='8.Dgia'!E129 -> Đắp đất công trình (đất sét bao) | F35: m3 | G35: ='8.Dgia'!H129 -> 0 | J35: =I36 -> 67100 | K35: =+I38 -> 3465.297 | L35: =+I39 -> 7992.2499
B36: ='8.Dgia'!B130 | C36: ='8.Dgia'!C130 -> 0 | D36: ='8.Dgia'!D130 -> 0 | E36: ='8.Dgia'!E130 -> A - Vật liệu | F36: ='8.Dgia'!G130 -> 0 | G36: ='8.Dgia'!H130 -> 0 | I36: =+I37 -> 67100
B37: ='8.Dgia'!B131 | C37: ='8.Dgia'!C131 -> 0 | D37: ='8.Dgia'!D131 -> 0 | E37: ='8.Dgia'!E131 -> Đất sét | F37: ='8.Dgia'!G131 -> m3 | G37: ='8.Dgia'!H131/100 -> 1.1 | H37: =GVL!$I$69 -> 61000 | I37: =H37*G37 -> 67100
B38: ='8.Dgia'!B132 | C38: ='8.Dgia'!C132 -> 0 | D38: ='8.Dgia'!D132 -> 0 | E38: ='8.Dgia'!E132 -> B - Nhân công 3.0/7 | F38: công | G38: ='8.Dgia'!H132/100 -> 0.0174 | H38: ='16.NC'!$G$13 -> 199155 | I38: =H38*G38 -> 3465.297
B39: ='8.Dgia'!B133 | C39: ='8.Dgia'!C133 -> 0 | D39: ='8.Dgia'!D133 -> 0 | E39: ='8.Dgia'!E133 -> C - Máy thi công | F39: ='8.Dgia'!G133 -> 0 | G39: ='8.Dgia'!H133/100 -> 0 | I39: =SUM(I40:I42) -> 7992.2499
B40: ='8.Dgia'!B134 | C40: ='8.Dgia'!C134 -> 0 | D40: ='8.Dgia'!D134 -> 0 | E40: ='8.Dgia'!E134 -> Máy đầm 9T | F40: ca | G40: ='8.Dgia'!H134/100 -> 0.003 | H40: ='9.may'!$P$726 -> 1644996.1 | I40: =H40*G40 -> 4934.9883
B41: ='8.Dgia'!B135 | C41: ='8.Dgia'!C135 -> 0 | D41: ='8.Dgia'!D135 -> 0 | E41: ='8.Dgia'!E135 -> Máy ủi 110cv | F41: ca | G41: ='8.Dgia'!H135/100 -> 0.0015 | H41: ='9.may'!$P$70 -> 1959433 | I41: =H41*G41 -> 2939.1496
B42: ='8.Dgia'!B136 | C42: ='8.Dgia'!C136 -> 0 | D42: ='8.Dgia'!D136 -> 0 | E42: ='8.Dgia'!E136 -> Máy khác | F42: ='8.Dgia'!G136 -> % | G42: ='8.Dgia'!H136 -> 1.5 | H42: =SUM(I40:I41) -> 7874.1378 | I42: =H42*G42% -> 118.11207
E43: d - Trực tiếp phí khác | F43: =$J$5 -> 0.02 | I43: =(I36+I38+I39)*F43 -> 1571.1509
E44: e - Cộng (a+b+c+d) | I44: =I43+I43/F43 -> 80128.698
E45: f - Chi phí chung | F45: =$K$5 -> 0.05775 | I45: =I44*F45 -> 4627.4323
E46: g - Thu nhập chịu thuế tính trước | F46: =$L$5 -> 0.06 | I46: =SUM(I44:I45)*F46 -> 5085.3678
E47: h - Chi phí xây dựng trước thuế | I47: =SUM(I44:I46) -> 89841.498
E48: i - Thuế giá trị gia tăng | F48: =$M$5 -> 0.1 | I48: =I47*F48 -> 8984.1498
E49: j - Chi phí xây dựng sau thuế | I49: =SUM(I47:I48) -> 98825.648
E50: k - Chi phí xây dựng lán trại, nhà tạm | F50: =$N$5 -> 0.01 | I50: =I49*F50 -> 988.25648
E51: n - Cộng đơn giá đề xuất | I51: =ROUND(I49+I50,-2) -> 99800
A52: 1 | B52: =IF(A52<>0,COUNTA(A$7:$A52),"") -> 4 | C52: ='8.Dgia'!C148 -> 1776 | D52: ='8.Dgia'!D148 -> AI.13111 | E52: ='8.Dgia'!E148 -> Sản xuất thép ống/thép bản | F52: ='8.Dgia'!G148 -> tấn/ton | G52: ='8.Dgia'!H148 -> 0 | J52: =+I53 -> 16338958 | K52: =+I61 -> 8761889.3 | L52: =+I62 -> 816316.45
B53: ='8.Dgia'!B149 | C53: ='8.Dgia'!C149 -> 0 | D53: ='8.Dgia'!D149 -> 0 | E53: ='8.Dgia'!E149 -> A - Vật liệu | F53: ='8.Dgia'!G149 -> 0 | G53: ='8.Dgia'!H149 -> 0 | I53: =SUM(I54:I60) -> 16338958
B54: ='8.Dgia'!B150 | C54: ='8.Dgia'!C150 -> 0 | D54: ='8.Dgia'!D150 -> 0 | E54: ='8.Dgia'!E150 -> Thép tấm | F54: ='8.Dgia'!G150 -> kg | G54: ='8.Dgia'!H150 -> 825 | H54: =GVL!$I$175 -> 12871.348 | I54: =H54*G54 -> 10618862
B55: ='8.Dgia'!B151 | C55: ='8.Dgia'!C151 -> 0 | D55: ='8.Dgia'!D151 -> 0 | E55: ='8.Dgia'!E151 -> Thép tròn D<=18 | F55: ='8.Dgia'!G151 -> kg | G55: ='8.Dgia'!H151 -> 275.5 | H55: =GVL!$I$180 -> 16604.076 | I55: =H55*G55 -> 4574422.8
B56: ='8.Dgia'!B152 | C56: ='8.Dgia'!C152 -> 0 | D56: ='8.Dgia'!D152 -> 0 | E56: ='8.Dgia'!E152 -> Ô xy | F56: chai | G56: ='8.Dgia'!H152 -> 3.3 | H56: =GVL!$I$130 -> 48000 | I56: =H56*G56 -> 158400
B57: ='8.Dgia'!B153 | C57: ='8.Dgia'!C153 -> 0 | D57: ='8.Dgia'!D153 -> 0 | E57: ='8.Dgia'!E153 -> Đất đèn | F57: ='8.Dgia'!G153 -> kg | G57: ='8.Dgia'!H153 -> 14.8 | H57: =GVL!$I$68 -> 13600 | I57: =H57*G57 -> 201280
B58: ='8.Dgia'!B154 | C58: ='8.Dgia'!C154 -> 0 | D58: ='8.Dgia'!D154 -> 0 | E58: ='8.Dgia'!E154 -> Đá mài | F58: ='8.Dgia'!G154 -> viên | G58: ='8.Dgia'!H154 -> 0.7 | H58: =GVL!$I$63 -> 25000 | I58: =H58*G58 -> 17500
B59: ='8.Dgia'!B155 | C59: ='8.Dgia'!C155 -> 0 | D59: ='8.Dgia'!D155 -> 0 | E59: ='8.Dgia'!E155 -> Que hàn | F59: ='8.Dgia'!G155 -> kg | G59: ='8.Dgia'!H155 -> 19.38 | H59: =GVL!$I$153 -> 19090.909 | I59: =H59*G59 -> 369981.82
B60: ='8.Dgia'!B156 | C60: ='8.Dgia'!C156 -> 0 | D60: ='8.Dgia'!D156 -> 0 | E60: ='8.Dgia'!E156 -> Vật liệu khác | F60: ='8.Dgia'!G156 -> % | G60: ='8.Dgia'!H156 -> 2.5 | H60: =SUM(I54:I59) -> 15940447 | I60: =H60*G60% -> 398511.17
B61: ='8.Dgia'!B157 | C61: ='8.Dgia'!C157 -> 0 | D61: ='8.Dgia'!D157 -> 0 | E61: ='8.Dgia'!E157 -> B - Nhân công 4.5/7 | F61: công | G61: ='8.Dgia'!H157 -> 34.9 | H61: ='16.NC'!$G$20 -> 251057 | I61: =H61*G61 -> 8761889.3
B62: ='8.Dgia'!B158 | C62: ='8.Dgia'!C158 -> 0 | D62: ='8.Dgia'!D158 -> 0 | E62: ='8.Dgia'!E158 -> C - Máy thi công | F62: ='8.Dgia'!G158 -> 0 | G62: ='8.Dgia'!H158 -> 0 | I62: =SUM(I63:I66) -> 816316.45
C63: ='8.Dgia'!C159 -> 0 | D63: ='8.Dgia'!D159 -> 0 | E63: ='8.Dgia'!E159 -> Máy hàn 23kw | F63: ca | G63: ='8.Dgia'!H159 -> 3.23 | H63: ='9.may'!$P$510 -> 171649.15 | I63: =H63*G63 -> 554426.77
B64: ='8.Dgia'!B160 | C64: ='8.Dgia'!C160 -> 0 | D64: ='8.Dgia'!D160 -> 0 | E64: ='8.Dgia'!E160 -> Máy mài 2.7kw | F64: ca | G64: ='8.Dgia'!H160 -> 1.55 | H64: ='9.may'!$P$564 -> 67591.852 | I64: =H64*G64 -> 104767.37
B65: ='8.Dgia'!B161 | C65: ='8.Dgia'!C161 -> 0 | D65: ='8.Dgia'!D161 -> 0 | E65: ='8.Dgia'!E161 -> Máy khoan 2.5kw | F65: ca | G65: ='8.Dgia'!H161 -> 1.55 | H65: ='9.may'!$P$757 -> 91042.645 | I65: =H65*G65 -> 141116.1
B66: ='8.Dgia'!B162 | C66: ='8.Dgia'!C162 -> 0 | D66: ='8.Dgia'!D162 -> 0 | E66: ='8.Dgia'!E162 -> Máy khác | F66: ='8.Dgia'!G162 -> % | G66: ='8.Dgia'!H162 -> 2 | H66: =SUM(I63:I65) -> 800310.24 | I66: =H66*G66% -> 16006.205
E67: d - Trực tiếp phí khác | F67: =$J$5 -> 0.02 | I67: =(I53+I61+I62)*F67 -> 518343.28
E68: e - Cộng (a+b+c+d) | I68: =I67+I67/F67 -> 26435507
E69: f - Chi phí chung | F69: =$K$5 -> 0.05775 | I69: =I68*F69 -> 1526650.5
E70: g - Thu nhập chịu thuế tính trước | F70: =$L$5 -> 0.06 | I70: =SUM(I68:I69)*F70 -> 1677729.5
E71: h - Chi phí xây dựng trước thuế | I71: =SUM(I68:I70) -> 29639887
E72: i - Thuế giá trị gia tăng | F72: =$M$5 -> 0.1 | I72: =I71*F72 -> 2963988.7
E73: j - Chi phí xây dựng sau thuế | I73: =SUM(I71:I72) -> 32603876
E74: k - Chi phí xây dựng lán trại, nhà tạm | F74: =$N$5 -> 0.01 | I74: =I73*F74 -> 326038.76
E75: n - Cộng đơn giá đề xuất | I75: =ROUND(I73+I74,-2) -> 32929900
A76: 1 | B76: =IF(A76<>0,COUNTA(A$7:$A76),"") -> 5 | C76: ='8.Dgia'!C204 -> 1776 | D76: ='8.Dgia'!D204 -> AI.64211 | E76: ='8.Dgia'!E204 -> Lắp đặt kết cấu thép | F76: ='8.Dgia'!G204 -> tấn/ton | G76: ='8.Dgia'!H204 -> 0 | J76: =+I77 -> 694869.05 | K76: =+I82 -> 3876203.6 | L76: =+I83 -> 290773.67
B77: ='8.Dgia'!B205 | C77: ='8.Dgia'!C205 -> 0 | D77: ='8.Dgia'!D205 -> 0 | E77: ='8.Dgia'!E205 -> A - Vật liệu | F77: ='8.Dgia'!G205 -> 0 | G77: ='8.Dgia'!H205 -> 0 | I77: =SUM(I78:I81) -> 694869.05
B78: ='8.Dgia'!B206 | C78: ='8.Dgia'!C206 -> 0 | D78: ='8.Dgia'!D206 -> 0 | E78: ='8.Dgia'!E206 -> Que hàn | F78: ='8.Dgia'!G206 -> kg | G78: ='8.Dgia'!H206 -> 3.87 | H78: =GVL!$I$153 -> 19090.909 | I78: =H78*G78 -> 73881.818
B79: ='8.Dgia'!B207 | C79: ='8.Dgia'!C207 -> 0 | D79: ='8.Dgia'!D207 -> 0 | E79: ='8.Dgia'!E207 -> Thép tròn D<=18 | F79: ='8.Dgia'!G207 -> kg | G79: ='8.Dgia'!H207 -> 17.5 | H79: =GVL!$I$180 -> 16604.076 | I79: =H79*G79 -> 290571.32
B80: ='8.Dgia'!B208 | C80: ='8.Dgia'!C208 -> 0 | D80: ='8.Dgia'!D208 -> 0 | E80: ='8.Dgia'!E208 -> Dây thép buộc | F80: ='8.Dgia'!G208 -> kg | G80: ='8.Dgia'!H208 -> 14.7 | H80: =GVL!$I$89 -> 18180 | I80: =H80*G80 -> 267246
B81: ='8.Dgia'!B209 | C81: ='8.Dgia'!C209 -> 0 | D81: ='8.Dgia'!D209 -> 0 | E81: ='8.Dgia'!E209 -> Vật liệu khác | F81: ='8.Dgia'!G209 -> % | G81: ='8.Dgia'!H209 -> 10 | H81: =SUM(I78:I80) -> 631699.14 | I81: =H81*G81% -> 63169.914
C82: ='8.Dgia'!C210 -> 0 | D82: ='8.Dgia'!D210 -> 0 | E82: ='8.Dgia'!E210 -> B - Nhân công 4.0/7 | F82: công | G82: ='8.Dgia'!H210 -> 16.7 | H82: ='16.NC'!$G$18 -> 232108 | I82: =H82*G82 -> 3876203.6
B83: ='8.Dgia'!B211 | C83: ='8.Dgia'!C211 -> 0 | D83: ='8.Dgia'!D211 -> 0 | E83: ='8.Dgia'!E211 -> C - Máy thi công | F83: ='8.Dgia'!G211 -> 0 | G83: ='8.Dgia'!H211 -> 0 | I83: =SUM(I84:I85) -> 290773.67
B84: ='8.Dgia'!B212 | C84: ='8.Dgia'!C212 -> 0 | D84: ='8.Dgia'!D212 -> 0 | E84: ='8.Dgia'!E212 -> Máy hàn 23Kw | F84: ca | G84: ='8.Dgia'!H212 -> 1.54 | H84: ='9.may'!$P$510 -> 171649.15 | I84: =H84*G84 -> 264339.7
B85: ='8.Dgia'!B213 | C85: ='8.Dgia'!C213 -> 0 | D85: ='8.Dgia'!D213 -> 0 | E85: ='8.Dgia'!E213 -> Máy khác | F85: ='8.Dgia'!G213 -> % | G85: ='8.Dgia'!H213 -> 10 | H85: =I84 -> 264339.7 | I85: =H85*G85% -> 26433.97
E86: d - Trực tiếp phí khác | F86: =$J$5 -> 0.02 | I86: =(I77+I82+I83)*F86 -> 97236.926
E87: e - Cộng (a+b+c+d) | I87: =I86+I86/F86 -> 4959083.2
E88: f - Chi phí chung | F88: =$K$5 -> 0.05775 | I88: =I87*F88 -> 286387.06
E89: g - Thu nhập chịu thuế tính trước | F89: =$L$5 -> 0.06 | I89: =SUM(I87:I88)*F89 -> 314728.22
E90: h - Chi phí xây dựng trước thuế | I90: =SUM(I87:I89) -> 5560198.5
E91: i - Thuế giá trị gia tăng | F91: =$M$5 -> 0.1 | I91: =I90*F91 -> 556019.85
E92: j - Chi phí xây dựng sau thuế | I92: =SUM(I90:I91) -> 6116218.4
E93: k - Chi phí xây dựng lán trại, nhà tạm | F93: =$N$5 -> 0.01 | I93: =I92*F93 -> 61162.184
E94: n - Cộng đơn giá đề xuất | I94: =ROUND(I92+I93,-2) -> 6177400
A95: 1 | B95: =IF(A95<>0,COUNTA(A$7:$A95),"") -> 6 | C95: ='8.Dgia'!C448 -> 1776 | D95: ='8.Dgia'!D448 -> AF.11410 | E95: ='8.Dgia'!E448 -> Bê tông C20 sân cống | F95: ='8.Dgia'!G448 -> m3 | G95: ='8.Dgia'!H448 -> 0 | J95: =+I96 -> 915552.67 | K95: =+I99 -> 479963.55 | L95: =+I100 -> 23796.973
B96: ='8.Dgia'!B449 | C96: ='8.Dgia'!C449 -> 0 | D96: ='8.Dgia'!D449 -> 0 | E96: ='8.Dgia'!E449 -> A - Vật liệu | F96: ='8.Dgia'!G449 -> 0 | G96: ='8.Dgia'!H449 -> 0 | I96: =SUM(I97:I98) -> 915552.67
B97: ='8.Dgia'!B450 | C97: ='8.Dgia'!C450 -> 0 | D97: ='8.Dgia'!D450 -> C3124 | E97: ='8.Dgia'!E450 -> Vữa bê tông đá 1x2 C20 SN 2-4 | F97: ='8.Dgia'!G450 -> m3 | G97: ='8.Dgia'!H450 -> 1.025 | H97: =GVL!$I$194 -> 884378.33 | I97: =H97*G97 -> 906487.79
B98: ='8.Dgia'!B451 | C98: ='8.Dgia'!C451 -> 0 | D98: ='8.Dgia'!D451 -> 0 | E98: ='8.Dgia'!E451 -> Vật liệu khác | F98: ='8.Dgia'!G451 -> % | G98: ='8.Dgia'!H451 -> 1 | H98: =I97 -> 906487.79 | I98: =H98*G98% -> 9064.8779
B99: ='8.Dgia'!B452 | C99: ='8.Dgia'!C452 -> 0 | D99: ='8.Dgia'!D452 -> 0 | E99: ='8.Dgia'!E452 -> B - Nhân công 3.0/7 | F99: công | G99: ='8.Dgia'!H452 -> 2.41 | H99: ='16.NC'!$G$13 -> 199155 | I99: =H99*G99 -> 479963.55
B100: ='8.Dgia'!B453 | C100: ='8.Dgia'!C453 -> 0 | D100: ='8.Dgia'!D453 -> 0 | E100: ='8.Dgia'!E453 -> C - Máy thi công | F100: ='8.Dgia'!G453 -> 0 | G100: ='8.Dgia'!H453 -> 0 | I100: =SUM(I101:I102) -> 23796.973
...

Sheet DGCT CS
B1: BẢNG PHÂN TÍCH ĐƠN GIÁ CHI TIẾT
B2: =GiaDuThau!A2 -> DỰ ÁN ĐẦU TƯ XÂY DỰNG CẦU LONG BÌNH – CHREY THOM
B3: =GiaDuThau!A3 -> HẠNG MỤC: PHẦN CẦU, PHẦN TUYẾN, CHIẾU SÁNG (PHÍA BỜ VIỆT NAM)
H4: Đơn vị tính: Đồng / Unit cost: VND
B5: STT | C5: MHĐM | D5: Thành phần chi phí | E5: Đơn vị | F5: Định mức | G5: Đơn giá | H5: Thành tiền | I5: 0.02 | J5: =5.5%*1.05 -> 0.05775 | K5: 0.06 | L5: 0.1 | M5: 0.01
B6: 1 | C6: 2 | D6: 3 | E6: 4 | F6: 5 | G6: 6 | H6: 7 | I6: =(1+I5)*(1+J5)*(1+K5)*(1+L5)*(1+M5) -> 1.2705833
B7: 1 | C7: CS.1.05.1.1 | D7: Đèn HPS-T 150/100W HESTIA midi IP=66 | E7: cái | F7: 0 | I7: =+H8 -> 6800000 | J7: =+H10 -> 109463.5 | K7: =+H11 -> 197443.2
C8: 0 | D8: A - Vật liệu | E8: 0 | F8: 0 | H8: =SUM(H9:H9) -> 6800000
D9: Đèn HPS-T 150/100W HESTIA midi IP=66 | E9: cái | F9: 1 | G9: =GVL!$I$79 -> 6800000 | H9: =+F9*G9 -> 6800000
C10: 0 | D10: B - Nhân công 4.0/7 | E10: công | F10: 0.5 | G10: ='16.NC'!$F$18 -> 218927 | H10: =G10*F10 -> 109463.5
C11: 0 | D11: C - Máy thi công | E11: 0 | F11: 0 | H11: =SUM(H12:H12) -> 197443.2
C12: 0 | D12: Xe nâng, chiều cao nâng tới 18m | E12: ca | F12: 0.15 | G12: ='9.may'!$P$682 -> 1316288 | H12: =G12*F12 -> 197443.2
D13: d - Trực tiếp phí khác | E13: =$I$5 -> 0.02 | H13: =(H8+H10+H11)*E13 -> 142138.13
D14: e - Cộng (a+b+c+d) | H14: =H13+H13/E13 -> 7249044.8
D15: f - Chi phí chung | E15: =$J$5 -> 0.05775 | H15: =H14*E15 -> 418632.34
D16: g - Thu nhập chịu thuế tính trước | E16: =$K$5 -> 0.06 | H16: =SUM(H14:H15)*E16 -> 460060.63
D17: h - Chi phí xây dựng trước thuế | H17: =SUM(H14:H16) -> 8127737.8
D18: i - Thuế giá trị gia tăng | E18: =$L$5 -> 0.1 | H18: =H17*E18 -> 812773.78
D19: j - Chi phí xây dựng sau thuế | H19: =SUM(H17:H18) -> 8940511.6
D20: k - Chi phí xây dựng lán trại, nhà tạm | E20: =$M$5 -> 0.01 | H20: =H19*E20 -> 89405.116
D21: n - Cộng đơn giá đề xuất | H21: =ROUND(H19+H20,-2) -> 9029900
B22: 2 | C22: CS.1.05.1.1 | D22: Đèn HPS-T 150W NEOS-3 IP=66 | E22: cái | F22: 0 | I22: =+H23 -> 6360000 | J22: =+H25 -> 109463.5 | K22: =+H26 -> 197443.2
C23: 0 | D23: A - Vật liệu | E23: 0 | F23: 0 | H23: =SUM(H24:H24) -> 6360000
D24: Đèn HPS-T 150W NEOS-3 IP=66 | E24: cái | F24: 1 | G24: =GVL!$I$80 -> 6360000 | H24: =+F24*G24 -> 6360000
C25: 0 | D25: B - Nhân công 4.0/7 | E25: công | F25: 0.5 | G25: ='16.NC'!$F$18 -> 218927 | H25: =G25*F25 -> 109463.5
C26: 0 | D26: C - Máy thi công | E26: 0 | F26: 0 | H26: =SUM(H27:H27) -> 197443.2
C27: 0 | D27: Xe nâng, chiều cao nâng tới 18m | E27: ca | F27: 0.15 | G27: ='9.may'!$P$682 -> 1316288 | H27: =G27*F27 -> 197443.2
D28: d - Trực tiếp phí khác | E28: =$I$5 -> 0.02 | H28: =(H23+H25+H26)*E28 -> 133338.13
D29: e - Cộng (a+b+c+d) | H29: =H28+H28/E28 -> 6800244.8
D30: f - Chi phí chung | E30: =$J$5 -> 0.05775 | H30: =H29*E30 -> 392714.14
D31: g - Thu nhập chịu thuế tính trước | E31: =$K$5 -> 0.06 | H31: =SUM(H29:H30)*E31 -> 431577.54
D32: h - Chi phí xây dựng trước thuế | H32: =SUM(H29:H31) -> 7624536.5
D33: i - Thuế giá trị gia tăng | E33: =$L$5 -> 0.1 | H33: =H32*E33 -> 762453.65
D34: j - Chi phí xây dựng sau thuế | H34: =SUM(H32:H33) -> 8386990.2
D35: k - Chi phí xây dựng lán trại, nhà tạm | E35: =$M$5 -> 0.01 | H35: =H34*E35 -> 83869.902
D36: n - Cộng đơn giá đề xuất | H36: =ROUND(H34+H35,-2) -> 8470900
B37: 3 | C37: CS.1.05.1.1 | D37: Đèn HPS-T 400W NEOS-3 IP=66 | E37: cái | F37: 0 | I37: =+H38 -> 6720000 | J37: =+H40 -> 109463.5 | K37: =+H41 -> 197443.2
C38: 0 | D38: A - Vật liệu | E38: 0 | F38: 0 | H38: =SUM(H39:H39) -> 6720000
D39: Đèn HPS-T 400W NEOS-3 IP=66 | E39: cái | F39: 1 | G39: =GVL!$I$81 -> 6720000 | H39: =+F39*G39 -> 6720000
C40: 0 | D40: B - Nhân công 4.0/7 | E40: công | F40: 0.5 | G40: ='16.NC'!$F$18 -> 218927 | H40: =G40*F40 -> 109463.5
C41: 0 | D41: C - Máy thi công | E41: 0 | F41: 0 | H41: =SUM(H42:H42) -> 197443.2
C42: 0 | D42: Xe nâng, chiều cao nâng tới 18m | E42: ca | F42: 0.15 | G42: ='9.may'!$P$682 -> 1316288 | H42: =G42*F42 -> 197443.2
D43: d - Trực tiếp phí khác | E43: =$I$5 -> 0.02 | H43: =(H38+H40+H41)*E43 -> 140538.13
D44: e - Cộng (a+b+c+d) | H44: =H43+H43/E43 -> 7167444.8
D45: f - Chi phí chung | E45: =$J$5 -> 0.05775 | H45: =H44*E45 -> 413919.94
D46: g - Thu nhập chịu thuế tính trước | E46: =$K$5 -> 0.06 | H46: =SUM(H44:H45)*E46 -> 454881.89
D47: h - Chi phí xây dựng trước thuế | H47: =SUM(H44:H46) -> 8036246.7
D48: i - Thuế giá trị gia tăng | E48: =$L$5 -> 0.1 | H48: =H47*E48 -> 803624.67
D49: j - Chi phí xây dựng sau thuế | H49: =SUM(H47:H48) -> 8839871.3
D50: k - Chi phí xây dựng lán trại, nhà tạm | E50: =$M$5 -> 0.01 | H50: =H49*E50 -> 88398.713
D51: n - Cộng đơn giá đề xuất | H51: =ROUND(H49+H50,-2) -> 8928300
B52: 4 | C52: CS.2.08.2 | D52: Lắp tủ điều khiển chiếu sáng | E52: bộ | F52: 0 | I52: =+H53 -> 25000000 | J52: =+H55 -> 476725.7 | K52: =+H56 -> 0
C53: 0 | D53: A - Vật liệu | E53: 0 | F53: 0 | H53: =SUM(H54:H54) -> 25000000
D54: Tủ điện (chiếu sáng) | E54: bộ | F54: 1 | G54: =GVL!$I$82 -> 25000000 | H54: =+F54*G54 -> 25000000
C55: 0 | D55: B - Nhân công 3.5/7 | E55: công | F55: 2.35 | G55: ='16.NC'!$F$16 -> 202862 | H55: =G55*F55 -> 476725.7
C56: 0 | D56: C - Máy thi công | E56: 0 | F56: 0 | H56: =SUM(H57:H57) -> 0
D58: d - Trực tiếp phí khác | E58: =$I$5 -> 0.02 | H58: =(H53+H55+H56)*E58 -> 509534.51
D59: e - Cộng (a+b+c+d) | H59: =H58+H58/E58 -> 25986260
D60: f - Chi phí chung | E60: =$J$5 -> 0.05775 | H60: =H59*E60 -> 1500706.5
D61: g - Thu nhập chịu thuế tính trước | E61: =$K$5 -> 0.06 | H61: =SUM(H59:H60)*E61 -> 1649218
D62: h - Chi phí xây dựng trước thuế | H62: =SUM(H59:H61) -> 29136185
D63: i - Thuế giá trị gia tăng | E63: =$L$5 -> 0.1 | H63: =H62*E63 -> 2913618.5
D64: j - Chi phí xây dựng sau thuế | H64: =SUM(H62:H63) -> 32049803
D65: k - Chi phí xây dựng lán trại, nhà tạm | E65: =$M$5 -> 0.01 | H65: =H64*E65 -> 320498.03
D66: n - Cộng đơn giá đề xuất | H66: =ROUND(H64+H65,-2) -> 32370300
B67: 5 | C67: CS.1.01.2.4 | D67: Lắp trụ đèn mạ kẽm dài 9m | E67: trụ | F67: 0 | I67: =+H68 -> 5266000 | J67: =+H71 -> 507155 | K67: =+H72 -> 293775.15
C68: 0 | D68: A - Vật liệu | E68: 0 | F68: 0 | H68: =SUM(H69:H70) -> 5266000
D69: Trụ đèn mạ kẽm dài 9m | E69: trụ | F69: 1 | G69: =GVL!$I$83 -> 4561000 | H69: =+F69*G69 -> 4561000
D70: Bu lông móng | E70: bộ | F70: 1 | G70: =GVL!$I$84 -> 705000 | H70: =+F70*G70 -> 705000
C71: 0 | D71: B - Nhân công 3.5/7 | E71: công | F71: 2.5 | G71: ='16.NC'!$F$16 -> 202862 | H71: =G71*F71 -> 507155
C72: 0 | D72: C - Máy thi công | E72: 0 | F72: 0 | H72: =SUM(H73:H73) -> 293775.15
D73: Cần trục ôtô 6T | E73: ca | F73: 0.25 | G73: ='9.may'!$P$224 -> 1175100.6 | H73: =+F73*G73 -> 293775.15
D74: d - Trực tiếp phí khác | E74: =$I$5 -> 0.02 | H74: =(H68+H71+H72)*E74 -> 121338.6
D75: e - Cộng (a+b+c+d) | H75: =H74+H74/E74 -> 6188268.8
D76: f - Chi phí chung | E76: =$J$5 -> 0.05775 | H76: =H75*E76 -> 357372.52
D77: g - Thu nhập chịu thuế tính trước | E77: =$K$5 -> 0.06 | H77: =SUM(H75:H76)*E77 -> 392738.48
D78: h - Chi phí xây dựng trước thuế | H78: =SUM(H75:H77) -> 6938379.8
D79: i - Thuế giá trị gia tăng | E79: =$L$5 -> 0.1 | H79: =H78*E79 -> 693837.98
D80: j - Chi phí xây dựng sau thuế | H80: =SUM(H78:H79) -> 7632217.7
D81: k - Chi phí xây dựng lán trại, nhà tạm | E81: =$M$5 -> 0.01 | H81: =H80*E81 -> 76322.177
D82: n - Cộng đơn giá đề xuất | H82: =ROUND(H80+H81,-2) -> 7708500
B83: 6 | C83: CS.1.01.3.3 | D83: Vận chuyển cột đèn <=9m trong phạm vị thi công | E83: trụ | F83: 0 | I83: =+H84 -> 0 | J83: =+H87 -> 0 | K83: =+H88 -> 46362.276
C84: 0 | D84: A - Vật liệu | E84: 0 | F84: 0 | H84: =SUM(H85:H86) -> 0
H85: =+F85*G85 -> 0
H86: =+F86*G86 -> 0
C87: 0 | D87: B - Nhân công 3.5/7 | E87: công | G87: ='16.NC'!$F$16 -> 202862 | H87: =G87*F87 -> 0
C88: 0 | D88: C - Máy thi công | E88: 0 | F88: 0 | H88: =SUM(H89:H90) -> 46362.276
D89: Ôtô vận tải thùng 10T | E89: ca | F89: 0.025 | G89: ='9.may'!$P$136 -> 1384450.8 | H89: =+F89*G89 -> 34611.27
D90: Cần trục ôtô 6T | E90: ca | F90: 0.01 | G90: ='9.may'!$P$224 -> 1175100.6 | H90: =+F90*G90 -> 11751.006
D91: d - Trực tiếp phí khác | E91: =$I$5 -> 0.02 | H91: =(H84+H87+H88)*E91 -> 927.24552
D92: e - Cộng (a+b+c+d) | H92: =H91+H91/E91 -> 47289.522
D93: f - Chi phí chung | E93: =$J$5 -> 0.05775 | H93: =H92*E93 -> 2730.9699
D94: g - Thu nhập chịu thuế tính trước | E94: =$K$5 -> 0.06 | H94: =SUM(H92:H93)*E94 -> 3001.2295
D95: h - Chi phí xây dựng trước thuế | H95: =SUM(H92:H94) -> 53021.721
D96: i - Thuế giá trị gia tăng | E96: =$L$5 -> 0.1 | H96: =H95*E96 -> 5302.1721
D97: j - Chi phí xây dựng sau thuế | H97: =SUM(H95:H96) -> 58323.893
D98: k - Chi phí xây dựng lán trại, nhà tạm | E98: =$M$5 -> 0.01 | H98: =H97*E98 -> 583.23893
D99: n - Cộng đơn giá đề xuất | H99: =ROUND(H97+H98,-2) -> 58900
B100: 7 | C100: CS.1.03.1.1 | D100: Lắp cần đèn đơn | E100: cái | F100: 0 | I100: =+H101 -> 454000 | J100: =+H104 -> 207980.65 | K100: =+H105 -> 263257.6
C101: 0 | D101: A - Vật liệu | E101: 0 | F101: 0 | H101: =SUM(H102:H103) -> 454000
...

Sheet GVL
A1: ='10.PLV'!#REF! -> #REF!
A2: BẢNG GIÁ VẬT LIỆU ĐẾN CHÂN CÔNG TRÌNH
A3: ='10.PLV'!A2 -> DỰ ÁN ĐẦU TƯ XÂY DỰNG CẦU LONG BÌNH – CHREY THOM
A4: ='10.PLV'!A3 -> HẠNG MỤC: PHẦN CẦU, PHẦN TUYẾN, CHIẾU SÁNG (PHÍA BỜ VIỆT NAM)
A6: TT | B6: Tên vật tư | C6: Material | D6: Đơn vị | E6: Công bố Tỉnh | F6: Tham khảo | G6: ĐGCB | H6: Cước vận chuyển | I6: Giá VL tới chân CT
A7: No. | B7: Materials | D7: Unit | E7: As declared | F7: Reference | G7: Basic price | H7: Transport cost | I7: Total
A8: 1 | B8: Acêtylen | C8: =VLOOKUP(B8,DICH!B:C,2,FALSE) -> Acetylene | D8: chai | G8: 48000 | I8: 200000
A9: 2 | B9: Bản thép neo 180x180x45 | C9: =VLOOKUP(B9,DICH!B:C,2,FALSE) -> Steel plate 180x180x45 | D9: kg | I9: =I170 -> 16703.248
A10: 3 | B10: Bao tải | C10: =VLOOKUP(B10,DICH!B:C,2,FALSE) -> Bag | D10: cái | F10: 10000 | I10: 5000
A11: 4 | B11: Ben tô nít | C11: =VLOOKUP(B11,DICH!B:C,2,FALSE) -> Bentonite | D11: kg | F11: =3200000/1000/1.1 -> 2909.0909 | I11: 3300
A12: 5 | B12: Biển báo chữ nhật 0.7x0.3m | C12: =VLOOKUP(B12,DICH!B:C,2,FALSE) -> Rectangular traffic sign 0.7x0.3m | D12: bộ | F12: =1000000*0.7*0.3 -> 210000 | I12: =SUM(E12:H12) -> 210000
A13: 6 | B13: Biển báo chữ nhật 0.9x0.45m | C13: =VLOOKUP(B13,DICH!B:C,2,FALSE) -> Rectangular traffic sign 0.9x0.45m | D13: bộ | F13: =1000000*0.9*0.45 -> 405000 | I13: =SUM(E13:H13) -> 405000
A14: 7 | B14: Biển báo chữ nhật 1.2x0.25m | C14: =VLOOKUP(B14,DICH!B:C,2,FALSE) -> Rectangular traffic sign 1.2x0.25m | D14: bộ | F14: =1000000*1.2*0.25 -> 300000 | I14: =SUM(E14:H14) -> 300000
A15: 8 | B15: Biển báo chữ nhật 1.6x1.0m | C15: =VLOOKUP(B15,DICH!B:C,2,FALSE) -> Rectangular traffic sign 1.6x1.0m | D15: bộ | F15: =1000000*1.6*1 -> 1600000 | I15: =SUM(E15:H15) -> 1600000
A16: 9 | B16: Biển báo chữ nhật 2.4x1.5m | C16: =VLOOKUP(B16,DICH!B:C,2,FALSE) -> Rectangular traffic sign 2.4x1.5m | D16: bộ | F16: =1000000*2.4*1.5 -> 3600000 | I16: =SUM(E16:H16) -> 3600000
A17: 10 | B17: Biển báo chữ nhật 2x1m | C17: =VLOOKUP(B17,DICH!B:C,2,FALSE) -> Rectangular traffic sign 2x1m | D17: bộ | F17: =1000000*2*1 -> 2000000 | I17: =SUM(E17:H17) -> 2000000
A18: 11 | B18: Biển báo hình vuông 0.6x0.6m | C18: =VLOOKUP(B18,DICH!B:C,2,FALSE) -> Square traffic sign 0.6x0.6m | D18: bộ | F18: =1000000*0.6*0.6 -> 360000 | I18: =SUM(E18:H18) -> 360000
A19: 12 | B19: Biển báo tam giác cạnh 0.7m | C19: =VLOOKUP(B19,DICH!B:C,2,FALSE) -> Triangle traffic sign 0.7m | D19: bộ | F19: 253000 | I19: =SUM(E19:H19) -> 253000
A20: 13 | B20: Biển báo tam giác cạnh 0.87m | C20: =VLOOKUP(B20,DICH!B:C,2,FALSE) -> Triangle traffic sign 0.87m | D20: bộ | F20: =380000 -> 380000 | I20: =SUM(E20:H20) -> 380000
A21: 14 | B21: Biển báo tròn đường kính 0.7m | C21: =VLOOKUP(B21,DICH!B:C,2,FALSE) -> Circlar traffic sign 0.7m | D21: bộ | F21: 396000 | I21: =SUM(E21:H21) -> 396000
A22: 15 | B22: Biển báo tròn đường kính 0.87m | C22: =VLOOKUP(B22,DICH!B:C,2,FALSE) -> Circlar traffic sign 0.87m | D22: bộ | F22: 590000 | I22: =SUM(E22:H22) -> 590000
A23: 16 | B23: Bộ giá lắp đèn pha | C23: =VLOOKUP(B23,DICH!B:C,2,FALSE) -> #N/A | D23: cái | F23: 450000 | I23: =SUM(E23:H23) -> 450000
A24: 17 | B24: Bột đá | C24: =VLOOKUP(B24,DICH!B:C,2,FALSE) -> Stone powder | D24: kg | F24: 1000 | I24: 500
A25: 18 | B25: Bu lông D16mm | C25: =VLOOKUP(B25,DICH!B:C,2,FALSE) -> Bbolt D16mmm | D25: bộ | F25: =F27 -> 3500 | I25: =SUM(E25:H25) -> 3500
A26: 19 | B26: Bu lông M14 | C26: =VLOOKUP(B26,DICH!B:C,2,FALSE) -> Bbolt M14 | D26: bộ | F26: 3000 | I26: =SUM(E26:H26) -> 3000
A27: 20 | B27: Bu lông M16 | C27: =VLOOKUP(B27,DICH!B:C,2,FALSE) -> Bbolt M16 | D27: bộ | F27: 3500 | I27: =SUM(E27:H27) -> 3500
A28: 21 | B28: Bu lông M20 | C28: =VLOOKUP(B28,DICH!B:C,2,FALSE) -> Bbolt M20 | D28: bộ | F28: 4000 | I28: 5000
A29: 22 | B29: Bu lông M24x290 | C29: =VLOOKUP(B29,DICH!B:C,2,FALSE) -> Bbolt M24x290 | D29: bộ | F29: 10000 | I29: =SUM(E29:H29) -> 10000
A30: 23 | B30: Bu lông M8x50 | C30: =VLOOKUP(B30,DICH!B:C,2,FALSE) -> Bbolt M8x50 | D30: bộ | F30: 1200 | I30: =SUM(E30:H30) -> 1200
A31: 24 | B31: Bulông D22mm | C31: =VLOOKUP(B31,DICH!B:C,2,FALSE) -> Bbolt D22 | D31: bộ | F31: 10000 | I31: =SUM(E31:H31) -> 10000
A32: 25 | B32: Cần khoan L=1,5m | C32: =VLOOKUP(B32,DICH!B:C,2,FALSE) -> Drill rods L=1.5m | D32: cái | G32: 95000 | I32: =SUM(E32:H32) -> 95000
A33: 26 | B33: Cấp phối chọn lọc | C33: =VLOOKUP(B33,DICH!B:C,2,FALSE) -> Selective aggregate | D33: m3 | E33: 46818 | H33: ='13.vanchuyen'!$AI$56 -> 144322.65 | I33: =SUM(E33:H33) -> 191140.65
A34: 27 | B34: Cấp phối đá dăm loại 1 | C34: =VLOOKUP(B34,DICH!B:C,2,FALSE) -> Stone aggregate 0x4 type 1 | D34: m3 | E34: ='Cong bo gia'!$D$21 -> 137000 | H34: =$H$58 -> 162185.41 | I34: =SUM(E34:H34) -> 299185.41
A35: 28 | B35: Cấp phối đá dăm loại 2 | C35: =VLOOKUP(B35,DICH!B:C,2,FALSE) -> Stone aggregate 0x4 type 2 | D35: m3 | E35: =$E$34*0.9 -> 123300 | H35: =$H$58 -> 162185.41 | I35: =SUM(E35:H35) -> 285485.41
A36: 29 | B36: Cát bê tông nhựa | C36: =VLOOKUP(B36,DICH!B:C,2,FALSE) -> Sand asphalt concrete | D36: m3 | I36: =I38 -> 128096.8
A37: 30 | B37: Cát đen | C37: =VLOOKUP(B37,DICH!B:C,2,FALSE) -> Find sand | D37: m3 | E37: ='Cong bo gia'!$D$58 -> 12500 | H37: ='13.vanchuyen'!$AI$37 -> 80713.626 | I37: =SUM(E37:H37) -> 93213.626
A38: 31 | B38: Cát đổ bêtông | C38: =VLOOKUP(B38,DICH!B:C,2,FALSE) -> Sand to pouring concrete | D38: m3 | E38: =$E$39 -> 25454.545 | H38: =$H$39 -> 102642.26 | I38: =SUM(E38:H38) -> 128096.8
A39: 32 | B39: Cát vàng | C39: =VLOOKUP(B39,DICH!B:C,2,FALSE) -> Medium sand | D39: m3 | E39: ='Cong bo gia'!$D$59 -> 25454.545 | H39: ='13.vanchuyen'!$AI$40 -> 102642.26 | I39: =SUM(E39:H39) -> 128096.8
A40: 33 | B40: Cây chống | C40: =VLOOKUP(B40,DICH!B:C,2,FALSE) -> Strut | D40: cây | E40: ='Cong bo gia'!$E$86 -> 17000 | I40: =SUM(E40:H40) -> 17000
A41: 34 | B41: Chổi cáp | C41: =VLOOKUP(B41,DICH!B:C,2,FALSE) -> broom | D41: cái | F41: 15000 | I41: =SUM(E41:H41) -> 15000
A42: 35 | B42: Cốc nhựa | C42: =VLOOKUP(B42,DICH!B:C,2,FALSE) -> Plastic cup | D42: cái | G42: 1000 | I42: =SUM(E42:H42) -> 1000
A43: 36 | B43: Côn nhựa | C43: =VLOOKUP(B43,DICH!B:C,2,FALSE) -> plastic cudgel | D43: cái | G43: 500 | I43: 1000
A44: 37 | B44: Cọc thép hình H250x250 | C44: =VLOOKUP(B44,DICH!B:C,2,FALSE) -> Shaped steel H250x250 | D44: m | I44: =I170*74.2 -> 1239381
A45: 38 | B45: Cọc tràm | C45: =VLOOKUP(B45,DICH!B:C,2,FALSE) -> Wooden pile | D45: m | E45: ='Cong bo gia'!$E$86/4.7 -> 3617.0213 | I45: =SUM(E45:H45) -> 3617.0213
A46: 39 | B46: Cọc ván thép | C46: =VLOOKUP(B46,DICH!B:C,2,FALSE) -> Steel sheet stake | D46: m | I46: 1270000
A47: 40 | B47: Coupler D36 | C47: =VLOOKUP(B47,DICH!B:C,2,FALSE) -> Coupler D36 | D47: bộ | F47: ='12.ssg'!$K$25 -> 879000 | I47: =SUM(E47:H47) -> 879000
A48: 41 | B48: Củi | C48: =VLOOKUP(B48,DICH!B:C,2,FALSE) -> Firewood | D48: kg | F48: 1000 | I48: 1200
A49: 42 | B49: Cung cấp lưới chắn rác bằng gang | C49: =VLOOKUP(B49,DICH!B:C,2,FALSE) -> Cast iron grid | D49: kg | F49: 29900 | I49: 30000
A50: 43 | B50: Đá 0.5-1.0 | C50: =VLOOKUP(B50,DICH!B:C,2,FALSE) -> Stone 0.5-1.0 | D50: m3 | I50: =I51 -> 364185.41
A51: 44 | B51: Đá 0.5-1.6 | C51: =VLOOKUP(B51,DICH!B:C,2,FALSE) -> Stone 0.5-1.6 | D51: m3 | I51: =I52 -> 364185.41
A52: 45 | B52: Đá 0.5-2 | C52: =VLOOKUP(B52,DICH!B:C,2,FALSE) -> Stone 0.5-2 | D52: m3 | I52: =I58 -> 364185.41
A53: 46 | B53: Đá 0.5x1 bê tông nhựa | C53: =VLOOKUP(B53,DICH!B:C,2,FALSE) -> Stone 0.5x1 asphalt concrete | D53: m3 | E53: 250000 | H53: =$H$55 -> 162185.41 | I53: =SUM(E53:H53) -> 412185.41
A54: 47 | B54: Đá 0x0.5 | C54: =VLOOKUP(B54,DICH!B:C,2,FALSE) -> Stone 0-0.5 | D54: m3 | I54: =I58 -> 364185.41
A55: 48 | B55: Đá 0x0.5 bê tông nhựa | C55: =VLOOKUP(B55,DICH!B:C,2,FALSE) -> Stone 0x0.5 asphalt concrete | D55: m3 | E55: 180000 | H55: ='13.vanchuyen'!$AI$23 -> 162185.41 | I55: =SUM(E55:H55) -> 342185.41
A56: 49 | B56: Đá 1.6x1.9 bê tông nhựa | C56: =VLOOKUP(B56,[5]DICH!B$1:C$65536,2,FALSE) -> Stone 1.6x1.9 asphalt concrete | D56: m3 | E56: 202000 | H56: =$H$59 -> 162185.41 | I56: =SUM(E56:H56) -> 364185.41
A57: 50 | B57: Đá 1x1.6 bê tông nhựa | C57: =VLOOKUP(B57,DICH!B:C,2,FALSE) -> Stone 1x1.6 asphalt concrete | D57: m3 | E57: 202000 | H57: =$H$53 -> 162185.41 | I57: =SUM(E57:H57) -> 364185.41
A58: 51 | B58: Đá 1x2 | C58: =VLOOKUP(B58,DICH!B:C,2,FALSE) -> Stone 1x2 | D58: m3 | E58: 202000 | H58: =$H$59 -> 162185.41 | I58: =SUM(E58:H58) -> 364185.41
A59: 52 | B59: Đá 1x2 bê tông nhựa | C59: =VLOOKUP(B59,DICH!B:C,2,FALSE) -> Stone 1x2 asphalt concrete | D59: m3 | E59: 202000 | H59: =$H$57 -> 162185.41 | I59: =SUM(E59:H59) -> 364185.41
A60: 53 | B60: Đá 4x6 | C60: =VLOOKUP(B60,DICH!B:C,2,FALSE) -> Stone 4x6 | D60: m3 | E60: 184000 | H60: ='13.vanchuyen'!$AI$26 -> 146147.95 | I60: =SUM(E60:H60) -> 330147.95
A61: 54 | B61: Đá cắt | C61: =VLOOKUP(B61,DICH!B:C,2,FALSE) -> Split stone | D61: viên | G61: 35000 | I61: =SUM(E61:H61) -> 35000
A62: 55 | B62: Đá hộc | C62: =VLOOKUP(B62,DICH!B:C,2,FALSE) -> Masory | D62: m3 | E62: 175000 | H62: =ssgda!$N$11 -> 151292.58 | I62: =SUM(E62:H62) -> 326292.58
A63: 56 | B63: Đá mài | C63: =VLOOKUP(B63,DICH!B:C,2,FALSE) -> Grinding stone | D63: viên | G63: 25000 | I63: =SUM(E63:H63) -> 25000
A64: 57 | B64: Đai ốc cầu D36 | C64: =VLOOKUP(B64,DICH!B:C,2,FALSE) -> Scew nut D36 | D64: bộ | F64: ='12.ssg'!$K$24 -> 581000 | I64: =SUM(E64:H64) -> 581000
A65: 58 | B65: Đai ốc hãm D36 | C65: =VLOOKUP(B65,DICH!B:C,2,FALSE) -> Check nut D36 | D65: bộ | F65: =F64 -> 581000 | I65: =SUM(E65:H65) -> 581000
A66: 59 | B66: Đai ốc M10 | C66: =VLOOKUP(B66,DICH!B:C,2,FALSE) -> Scew nut M10 | D66: bộ | F66: 3000 | I66: =SUM(E66:H66) -> 3000
A67: 60 | B67: Dầm supper T38,2m | C67: =VLOOKUP(B67,DICH!B:C,2,FALSE) -> #N/A | D67: dầm | F67: =295000000 -> 295000000 | H67: 40000000 | I67: 400000000
A68: 61 | B68: Đất đèn | C68: =VLOOKUP(B68,DICH!B:C,2,FALSE) -> Calcium carbide | D68: kg | E68: 15000 | I68: 13600
A69: 62 | B69: Đất sét | C69: =VLOOKUP(B69,DICH!B:C,2,FALSE) -> Clay | D69: m3 | H69: ='14.boc xep'!$M$15 -> 65283.353 | I69: 61000
A70: 63 | B70: Dầu bảo ôn | C70: =VLOOKUP(B70,DICH!B:C,2,FALSE) -> Safe oil | D70: kg | G70: 35000 | I70: 34000
A71: 64 | B71: Dầu bôi trơn | C71: =VLOOKUP(B71,DICH!B:C,2,FALSE) -> Lubricant grease | D71: kg | F71: 15000 | I71: =SUM(E71:H71) -> 15000
A72: 65 | B72: Dầu CS46 | C72: =VLOOKUP(B72,DICH!B:C,2,FALSE) -> Oil CS46 | D72: kg | G72: =G70 -> 35000 | I72: 34000
A73: 66 | B73: Dầu diesel | C73: =VLOOKUP(B73,DICH!B:C,2,FALSE) -> Diesel | D73: kg | F73: =22750/1.1/0.87 -> 23772.205 | I73: 22500
A74: 67 | B74: Dầu hỏa | C74: =VLOOKUP(B74,DICH!B:C,2,FALSE) -> Petroleum | D74: kg | F74: =22460/1.1/0.87 -> 23469.175 | I74: =SUM(E74:H74) -> 23469.175
A75: 68 | B75: Dầu kích | C75: Oil | D75: kg | G75: 18500 | I75: =SUM(E75:H75) -> 18500
A76: 69 | B76: Dầu mazut | C76: =VLOOKUP(B76,DICH!B:C,2,FALSE) -> Mazut | D76: kg | F76: =19180/1.1 -> 17436.364 | I76: =SUM(E76:H76) -> 17436.364
A77: 71 | B77: Đầu tôn sóng dài 0.7m | C77: =VLOOKUP(B77,DICH!B:C,2,FALSE) -> End of corrugated sheet iron 0.7m | D77: cái | F77: 222000 | I77: =SUM(E77:H77) -> 222000
A78: 72 | B78: Đèn báo hiệu sáng liên tục | C78: =VLOOKUP(B78,DICH!B:C,2,FALSE) -> Signal light | D78: bộ | F78: =5600000 -> 5600000 | I78: =SUM(E78:H78) -> 5600000
A79: 73 | B79: Đèn HPS-T 150/100W HESTIA midi IP=66 | C79: =VLOOKUP(B79,DICH!B:C,2,FALSE) -> #N/A | D79: cái | F79: 6800000 | I79: =SUM(E79:H79) -> 6800000
A80: 74 | B80: Đèn HPS-T 150W NEOS-3 IP=66 | C80: =VLOOKUP(B80,DICH!B:C,2,FALSE) -> #N/A | D80: cái | F80: 6360000 | I80: =SUM(E80:H80) -> 6360000
A81: 75 | B81: Đèn HPS-T 400W NEOS-3 IP=66 | C81: =VLOOKUP(B81,DICH!B:C,2,FALSE) -> #N/A | D81: cái | F81: 6720000 | I81: =SUM(E81:H81) -> 6720000
A82: 76 | B82: Tủ điện (chiếu sáng) | C82: =VLOOKUP(B82,DICH!B:C,2,FALSE) -> #N/A | D82: bộ | F82: 25000000 | I82: =SUM(E82:H82) -> 25000000
A83: 77 | B83: Trụ đèn mạ kẽm dài 9m | C83: =VLOOKUP(B83,DICH!B:C,2,FALSE) -> #N/A | D83: cái | F83: 4561000 | I83: =SUM(E83:H83) -> 4561000
A84: 78 | B84: Bu lông móng | C84: =VLOOKUP(B84,DICH!B:C,2,FALSE) -> #N/A | D84: bộ | F84: 705000 | I84: =SUM(E84:H84) -> 705000
A85: 79 | B85: Cần đèn đơn | C85: =VLOOKUP(B85,DICH!B:C,2,FALSE) -> #N/A | D85: cái | F85: 454000 | I85: =SUM(E85:H85) -> 454000
A86: 80 | B86: Đinh các loại | C86: =VLOOKUP(B86,DICH!B:C,2,FALSE) -> Nail | D86: kg | E86: 18180 | I86: =SUM(E86:H86) -> 18180
A87: 81 | B87: Đinh đỉa | C87: =VLOOKUP(B87,DICH!B:C,2,FALSE) -> Casing nail | D87: cái | G87: 1000 | I87: =SUM(E87:H87) -> 1000
A88: 82 | B88: Đinh mũ | C88: =VLOOKUP(B88,DICH!B:C,2,FALSE) -> Thumbtack | D88: cái | G88: 1000 | I88: =SUM(E88:H88) -> 1000
A89: 83 | B89: Dây thép buộc | C89: =VLOOKUP(B89,DICH!B:C,2,FALSE) -> Steel ware | D89: kg | E89: 18180 | I89: =SUM(E89:H89) -> 18180
A90: 84 | B90: Gạch thẻ 40x80x190 | C90: =VLOOKUP(B90,DICH!B:C,2,FALSE) -> Brick 40x80x190 | D90: viên | E90: 800 | I90: =SUM(E90:H90) -> 800
A91: 85 | B91: Gas | C91: =VLOOKUP(B91,DICH!B:C,2,FALSE) -> Gas | D91: kg | F91: =364000/12/1.1 -> 27575.758 | I91: =SUM(E91:H91) -> 27575.758
A92: 86 | B92: Gầu khoan | C92: =VLOOKUP(B92,DICH!B:C,2,FALSE) -> Bucket of drill | D92: cái | G92: 4500000 | I92: =SUM(E92:H92) -> 4500000
A93: 87 | B93: Gia công mạ kẽm | C93: =VLOOKUP(B93,DICH!B:C,2,FALSE) -> Zinc steel | D93: kg | F93: 8000 | I93: =SUM(E93:H93) -> 8000
A94: 88 | B94: Giấy dầu | C94: =VLOOKUP(B94,DICH!B:C,2,FALSE) -> Oilpaper | D94: m2 | G94: 4000 | I94: =SUM(E94:H94) -> 4000
A95: 89 | B95: Gioăng cao su thoát nước mặt cầu | C95: =VLOOKUP(B95,DICH!B:C,2,FALSE) -> #N/A | D95: cái | F95: 20000 | I95: =SUM(E95:H95) -> 20000
A96: 90 | B96: Gỗ | C96: =VLOOKUP(B96,DICH!B:C,2,FALSE) -> Wooden | D96: m3 | E96: 6000000 | I96: =SUM(E96:H96) -> 6000000
A97: 91 | B97: Gỗ tẩm nhựa | C97: =VLOOKUP(B97,DICH!B:C,2,FALSE) -> Bitumen soaking wood | D97: m3 | E97: =$E$96 -> 6000000 | I97: =SUM(E97:H97) -> 6000000
A98: 92 | B98: Gối cao su dầm 350x450x84mm | C98: =VLOOKUP(B98,DICH!B:C,2,FALSE) -> Elastomeric bearing for girder 350x450x84mm | D98: bộ | F98: 7500000 | I98: =SUM(E98:H98) -> 7500000
A99: 93 | B99: Gối chậu cố định 40GD | C99: =VLOOKUP(B99,DICH!B:C,2,FALSE) -> Fixed bearing 4000 ton | D99: bộ | F99: 628000000 | I99: =SUM(E99:H99) -> 628000000
A100: 94 | B100: Gối chậu di động đơn hướng 40DX (P3) | C100: =VLOOKUP(B100,DICH!B:C,2,FALSE) -> Movable bearing one direction 4000 ton (P3) | D100: bộ | F100: 850000000 | I100: =SUM(E100:H100) -> 850000000
A101: 95 | B101: Gối chậu di động đơn hướng 40DX (P4) | C101: =VLOOKUP(B101,DICH!B:C,2,FALSE) -> Movable bearing one direction 4000 ton (P4) | D101: bộ | F101: 825000000 | I101: =SUM(E101:H101) -> 825000000
...

Sheet NC
A1: BẢNG TÍNH ĐƠN GIÁ NHÂN CÔNG
A2: KHU VỰC TỈNH NINH THUẬN
A3: - Căn cứ Nghị định số 205/2004/NĐ-CP ngày 14/12/2004 của Chính phủ quy định bảng lương, thang lương.
A4: - Thông tư 05/2005/TT-BLĐTBXH ngày 05/01/2005 hướng dẫn chế độ phụ cấp lưu động trong các công ty nhà nước theo Nghị định số 205/2004/NĐ-CP do Bộ Lao
A5: động thương binh và xã hội ban hành
A6: - Nghị định 66/2013/NĐ-CP ngày 27/06/2012 của Chính phủ điều chỉnh mức lương tối thiểu chung từ 1050,000 đồng lên 1,150,000 đồng.
A7: * Lương tối thiểu | F7: 1700000
A8: * Lương tối thiểu chung | F8: 1150000 | G8: NĐ 66/2013/NĐ-CP
A9: * Các khoản phụ cấp
A10: - Phụ cấp tính theo lương tối thiểu | F10: =SUM(F11:F12) -> 0.2 | G10: (f1)
A11: + Phụ cấp khu vực
A12: + Phụ cấp lưu động | F12: 0.2 | G12: lương tối thiểu | P12: - Thông tư 05/2005/TT-BLĐTBXH ngày 05/01/2005 hướng dẫn
A13: - Phụ cấp tính theo lương cấp bậc | F13: =SUM(F14:F17) -> 0.26 | G13: (f2)
A14: + Phụ cấp không ổn định sản xuất | F14: 0.1 | G14: lương cơ bản
A15: + Phụ cấp thu hút
A16: + Lương phụ | F16: 0.12 | G16: lương cơ bản
A17: + Chi phí khoán cho người lao động | F17: 0.04 | G17: lương cơ bản
A18: * Ngày công một tháng | F18: 26
A19: * CÁCH TÍNH PHỤ CẤP :
A20: - Nhóm 1 : [4]= (f1 + (f2*[1]))*LTT
A21: - Nhóm 2 : [5]= (f1 + (f2*[2]))*LTT
A22: - Nhóm 3 : [6]= (f1 + (f2*[3]))*LTT
A23: BẢNG LƯƠNG A1 - NGÀNH 8 NGHỊ ĐỊNH 205/2004/NĐ-CP NGÀY 14/12/2004
A24: CẤP BẬC | C24: HỆ SỐ LƯƠNG TỐI THIỂU | F24: PHỤ CẤP | I24: LƯƠNG THÁNG | L24: LƯƠNG NGÀY
C25: Nhóm 1 | D25: Nhóm 2 | E25: Nhóm 3 | F25: Nhóm 1 | G25: Nhóm 2 | H25: Nhóm 3 | I25: Nhóm 1 | J25: Nhóm 2 | K25: Nhóm 3 | L25: Nhóm 1 (Chiếu sáng) | M25: Nhóm 2 (Phần tuyến) | N25: Nhóm 3 (Phần cầu)
C26: [1] | D26: [2] | E26: [3] | F26: [4] | G26: [5] | H26: [6] | I26: [7]=[1]* LTT + [4] | J26: [8]=[2]*LTT+[5] | K26: [9]=[3]*LTT+[6] | L26: [10] = [7]/26 | M26: [11] = [8]/26 | N26: [12] = [9]/26 | R26: 1
A27: - Nhân công | B27: 1 | C27: 1.55 | D27: 1.67 | E27: 1.85 | F27: =($F$10+$F$13*C27)*$F$7 -> 1025100 | G27: =($F$10+$F$13*D27)*$F$7 -> 1078140 | H27: =($F$10+$F$13*E27)*$F$7 -> 1157700 | I27: =C27*$F$7+F27 -> 3660100 | J27: =D27*$F$7+G27 -> 3917140 | K27: =E27*$F$7+H27 -> 4302700 | L27: =ROUND(I27/26,0) -> 140773 | M27: =ROUND(J27/26,0) -> 150659 | N27: =K27/26 -> 165488.46 | R27: 1 | T27: =+M27/L27 -> 1.0702265
A28: =A27 -> - Nhân công | B28: 2 | C28: 1.83 | D28: 1.96 | E28: 2.18 | F28: =($F$10+$F$13*C28)*$F$7 -> 1148860 | G28: =($F$10+$F$13*D28)*$F$7 -> 1206320 | H28: =($F$10+$F$13*E28)*$F$7 -> 1303560 | I28: =C28*$F$7+F28 -> 4259860 | J28: =D28*$F$7+G28 -> 4538320 | K28: =E28*$F$7+H28 -> 5009560 | L28: =ROUND(I28/26,0) -> 163841 | M28: =J28/26 -> 174550.77 | N28: =K28/26 -> 192675.38 | T28: =+M28/L28 -> 1.0653668
A29: =A28 -> - Nhân công | B29: 2.1 | C29: =($C$38-$C$28)/10+C28 -> 1.863 | D29: =($C$38-$C$28)/10+D28 -> 1.993 | E29: =($C$38-$C$28)/10+E28 -> 2.213 | F29: =($F$10+$F$13*C29)*$F$7 -> 1163446 | G29: =($F$10+$F$13*D29)*$F$7 -> 1220906 | H29: =($F$10+$F$13*E29)*$F$7 -> 1318146 | I29: =C29*$F$7+F29 -> 4330546 | J29: =D29*$F$7+G29 -> 4609006 | K29: =E29*$F$7+H29 -> 5080246 | L29: =ROUND(I29/26,0) -> 166559 | M29: =J29/26 -> 177269.46 | N29: =K29/26 -> 195394.08 | T29: =+M29/L29 -> 1.0643043
A30: =A29 -> - Nhân công | B30: 2.2 | C30: =($C$38-$C$28)/10+C29 -> 1.896 | D30: =($C$38-$C$28)/10+D29 -> 2.026 | E30: =($C$38-$C$28)/10+E29 -> 2.246 | F30: =($F$10+$F$13*C30)*$F$7 -> 1178032 | G30: =($F$10+$F$13*D30)*$F$7 -> 1235492 | H30: =($F$10+$F$13*E30)*$F$7 -> 1332732 | I30: =C30*$F$7+F30 -> 4401232 | J30: =D30*$F$7+G30 -> 4679692 | K30: =E30*$F$7+H30 -> 5150932 | L30: =ROUND(I30/26,0) -> 169278 | M30: =J30/26 -> 179988.15 | N30: =K30/26 -> 198112.77 | T30: =+M30/L30 -> 1.0632696
A31: =A30 -> - Nhân công | B31: 2.3 | C31: =($C$38-$C$28)/10+C30 -> 1.929 | D31: =($C$38-$C$28)/10+D30 -> 2.059 | E31: =($C$38-$C$28)/10+E30 -> 2.279 | F31: =($F$10+$F$13*C31)*$F$7 -> 1192618 | G31: =($F$10+$F$13*D31)*$F$7 -> 1250078 | H31: =($F$10+$F$13*E31)*$F$7 -> 1347318 | I31: =C31*$F$7+F31 -> 4471918 | J31: =D31*$F$7+G31 -> 4750378 | K31: =E31*$F$7+H31 -> 5221618 | L31: =ROUND(I31/26,0) -> 171997 | M31: =J31/26 -> 182706.85 | N31: =K31/26 -> 200831.46 | T31: =+M31/L31 -> 1.0622676
A32: =A31 -> - Nhân công | B32: 2.4 | C32: =($C$38-$C$28)/10+C31 -> 1.962 | D32: =($C$38-$C$28)/10+D31 -> 2.092 | E32: =($C$38-$C$28)/10+E31 -> 2.312 | F32: =($F$10+$F$13*C32)*$F$7 -> 1207204 | G32: =($F$10+$F$13*D32)*$F$7 -> 1264664 | H32: =($F$10+$F$13*E32)*$F$7 -> 1361904 | I32: =C32*$F$7+F32 -> 4542604 | J32: =D32*$F$7+G32 -> 4821064 | K32: =E32*$F$7+H32 -> 5292304 | L32: =ROUND(I32/26,0) -> 174716 | M32: =J32/26 -> 185425.54 | N32: =K32/26 -> 203550.15 | T32: =+M32/L32 -> 1.0612968
A33: =A32 -> - Nhân công | B33: 2.5 | C33: =($C$38-$C$28)/10+C32 -> 1.995 | D33: =($C$38-$C$28)/10+D32 -> 2.125 | E33: =($C$38-$C$28)/10+E32 -> 2.345 | F33: =$F$10*$F$8+$F$13*$F$7*C33 -> 1111790 | G33: =$F$10*$F$8+$F$13*$F$7*D33 -> 1169250 | H33: =$F$10*$F$8+$F$13*$F$7*E33 -> 1266490 | I33: =C33*$F$7+F33 -> 4503290 | J33: =D33*$F$7+G33 -> 4781750 | K33: =E33*$F$7+H33 -> 5252990 | L33: =ROUND(I33/26,0) -> 173203 | M33: =ROUND(J33/26,0) -> 183913 | N33: =ROUND(K33/26,0) -> 202038 | O33: 1 | T33: =+M33/L33 -> 1.061835
A34: =A33 -> - Nhân công | B34: 2.6 | C34: =($C$38-$C$28)/10+C33 -> 2.028 | D34: =($C$38-$C$28)/10+D33 -> 2.158 | E34: =($C$38-$C$28)/10+E33 -> 2.378 | F34: =$F$10*$F$8+$F$13*$F$7*C34 -> 1126376 | G34: =$F$10*$F$8+$F$13*$F$7*D34 -> 1183836 | H34: =$F$10*$F$8+$F$13*$F$7*E34 -> 1281076 | I34: =C34*$F$7+F34 -> 4573976 | J34: =D34*$F$7+G34 -> 4852436 | K34: =E34*$F$7+H34 -> 5323676 | L34: =ROUND(I34/26,0) -> 175922 | M34: =ROUND(J34/26,0) -> 186632 | N34: =ROUND(K34/26,0) -> 204757 | T34: =+M34/L34 -> 1.0608793
A35: =A34 -> - Nhân công | B35: 2.7 | C35: =($C$38-$C$28)/10+C34 -> 2.061 | D35: =($C$38-$C$28)/10+D34 -> 2.191 | E35: =($C$38-$C$28)/10+E34 -> 2.411 | F35: =$F$10*$F$8+$F$13*$F$7*C35 -> 1140962 | G35: =$F$10*$F$8+$F$13*$F$7*D35 -> 1198422 | H35: =$F$10*$F$8+$F$13*$F$7*E35 -> 1295662 | I35: =C35*$F$7+F35 -> 4644662 | J35: =D35*$F$7+G35 -> 4923122 | K35: =E35*$F$7+H35 -> 5394362 | L35: =ROUND(I35/26,0) -> 178641 | M35: =ROUND(J35/26,0) -> 189351 | N35: =ROUND(K35/26,0) -> 207475 | O35: 1 | T35: =+M35/L35 -> 1.0599526
A36: =A35 -> - Nhân công | B36: 2.8 | C36: =($C$38-$C$28)/10+C35 -> 2.094 | D36: =($C$38-$C$28)/10+D35 -> 2.224 | E36: =($C$38-$C$28)/10+E35 -> 2.444 | F36: =$F$10*$F$8+$F$13*$F$7*C36 -> 1155548 | G36: =$F$10*$F$8+$F$13*$F$7*D36 -> 1213008 | H36: =$F$10*$F$8+$F$13*$F$7*E36 -> 1310248 | I36: =C36*$F$7+F36 -> 4715348 | J36: =D36*$F$7+G36 -> 4993808 | K36: =E36*$F$7+H36 -> 5465048 | L36: =ROUND(I36/26,0) -> 181360 | M36: =ROUND(J36/26,0) -> 192070 | N36: =ROUND(K36/26,0) -> 210194 | T36: =+M36/L36 -> 1.0590538
A37: =A36 -> - Nhân công | B37: 2.9 | C37: =($C$38-$C$28)/10+C36 -> 2.127 | D37: =($C$38-$C$28)/10+D36 -> 2.257 | E37: =($C$38-$C$28)/10+E36 -> 2.477 | F37: =$F$10*$F$8+$F$13*$F$7*C37 -> 1170134 | G37: =$F$10*$F$8+$F$13*$F$7*D37 -> 1227594 | H37: =$F$10*$F$8+$F$13*$F$7*E37 -> 1324834 | I37: =C37*$F$7+F37 -> 4786034 | J37: =D37*$F$7+G37 -> 5064494 | K37: =E37*$F$7+H37 -> 5535734 | L37: =ROUND(I37/26,0) -> 184078 | M37: =ROUND(J37/26,0) -> 194788 | N37: =ROUND(K37/26,0) -> 212913 | T37: =+M37/L37 -> 1.0581819
A38: =A37 -> - Nhân công | B38: 3 | C38: 2.16 | D38: 2.31 | E38: 2.56 | F38: =$F$10*$F$8+$F$13*$F$7*C38 -> 1184720 | G38: =$F$10*$F$8+$F$13*$F$7*D38 -> 1251020 | H38: =$F$10*$F$8+$F$13*$F$7*E38 -> 1361520 | I38: =C38*$F$7+F38 -> 4856720 | J38: =D38*$F$7+G38 -> 5178020 | K38: =E38*$F$7+H38 -> 5713520 | L38: =ROUND(I38/26,0) -> 186797 | M38: =ROUND(J38/26,0) -> 199155 | N38: =ROUND(K38/26,0) -> 219751 | O38: 1 | T38: =+M38/L38 -> 1.0661574
A39: =A38 -> - Nhân công | B39: 3.1 | C39: =($C$48-$C$38)/10+C38 -> 2.199 | D39: =($C$48-$C$38)/10+D38 -> 2.349 | E39: =($C$48-$C$38)/10+E38 -> 2.599 | F39: =$F$10*$F$8+$F$13*$F$7*C39 -> 1201958 | G39: =$F$10*$F$8+$F$13*$F$7*D39 -> 1268258 | H39: =$F$10*$F$8+$F$13*$F$7*E39 -> 1378758 | I39: =C39*$F$7+F39 -> 4940258 | J39: =D39*$F$7+G39 -> 5261558 | K39: =E39*$F$7+H39 -> 5797058 | L39: =ROUND(I39/26,0) -> 190010 | M39: =ROUND(J39/26,0) -> 202368 | N39: =ROUND(K39/26,0) -> 222964 | T39: =+M39/L39 -> 1.0650387
A40: =A39 -> - Nhân công | B40: 3.2 | C40: =($C$48-$C$38)/10+C39 -> 2.238 | D40: =($C$48-$C$38)/10+D39 -> 2.388 | E40: =($C$48-$C$38)/10+E39 -> 2.638 | F40: =$F$10*$F$8+$F$13*$F$7*C40 -> 1219196 | G40: =$F$10*$F$8+$F$13*$F$7*D40 -> 1285496 | H40: =$F$10*$F$8+$F$13*$F$7*E40 -> 1395996 | I40: =C40*$F$7+F40 -> 5023796 | J40: =D40*$F$7+G40 -> 5345096 | K40: =E40*$F$7+H40 -> 5880596 | L40: =ROUND(I40/26,0) -> 193223 | M40: =ROUND(J40/26,0) -> 205581 | N40: =ROUND(K40/26,0) -> 226177 | O40: 1 | T40: =+M40/L40 -> 1.0639572
A41: =A40 -> - Nhân công | B41: 3.3 | C41: =($C$48-$C$38)/10+C40 -> 2.277 | D41: =($C$48-$C$38)/10+D40 -> 2.427 | E41: =($C$48-$C$38)/10+E40 -> 2.677 | F41: =$F$10*$F$8+$F$13*$F$7*C41 -> 1236434 | G41: =$F$10*$F$8+$F$13*$F$7*D41 -> 1302734 | H41: =$F$10*$F$8+$F$13*$F$7*E41 -> 1413234 | I41: =C41*$F$7+F41 -> 5107334 | J41: =D41*$F$7+G41 -> 5428634 | K41: =E41*$F$7+H41 -> 5964134 | L41: =ROUND(I41/26,0) -> 196436 | M41: =ROUND(J41/26,0) -> 208794 | N41: =ROUND(K41/26,0) -> 229390 | O41: 1 | P41: =$C$38+($C$48-$C$38)/10*3 -> 2.277 | T41: =+M41/L41 -> 1.0629111
A42: =A41 -> - Nhân công | B42: 3.4 | C42: =($C$48-$C$38)/10+C41 -> 2.316 | D42: =($C$48-$C$38)/10+D41 -> 2.466 | E42: =($C$48-$C$38)/10+E41 -> 2.716 | F42: =$F$10*$F$8+$F$13*$F$7*C42 -> 1253672 | G42: =$F$10*$F$8+$F$13*$F$7*D42 -> 1319972 | H42: =$F$10*$F$8+$F$13*$F$7*E42 -> 1430472 | I42: =C42*$F$7+F42 -> 5190872 | J42: =D42*$F$7+G42 -> 5512172 | K42: =E42*$F$7+H42 -> 6047672 | L42: =ROUND(I42/26,0) -> 199649 | M42: =ROUND(J42/26,0) -> 212007 | N42: =ROUND(K42/26,0) -> 232603 | P42: =$C$38+($C$48-$C$38)/10*4 -> 2.316 | T42: =+M42/L42 -> 1.0618986
A43: =A42 -> - Nhân công | B43: 3.5 | C43: =($C$48-$C$38)/10+C42 -> 2.355 | D43: =($C$48-$C$38)/10+D42 -> 2.505 | E43: =($C$48-$C$38)/10+E42 -> 2.755 | F43: =$F$10*$F$8+$F$13*$F$7*C43 -> 1270910 | G43: =$F$10*$F$8+$F$13*$F$7*D43 -> 1337210 | H43: =$F$10*$F$8+$F$13*$F$7*E43 -> 1447710 | I43: =C43*$F$7+F43 -> 5274410 | J43: =D43*$F$7+G43 -> 5595710 | K43: =E43*$F$7+H43 -> 6131210 | L43: =ROUND(I43/26,0) -> 202862 | M43: =ROUND(J43/26,0) -> 215220 | N43: =ROUND(K43/26,0) -> 235816 | O43: 1 | P43: =$C$38+($C$48-$C$38)/10*5 -> 2.355 | T43: =+M43/L43 -> 1.0609183
A44: =A43 -> - Nhân công | B44: 3.6 | C44: =($C$48-$C$38)/10+C43 -> 2.394 | D44: =($C$48-$C$38)/10+D43 -> 2.544 | E44: =($C$48-$C$38)/10+E43 -> 2.794 | F44: =$F$10*$F$8+$F$13*$F$7*C44 -> 1288148 | G44: =$F$10*$F$8+$F$13*$F$7*D44 -> 1354448 | H44: =$F$10*$F$8+$F$13*$F$7*E44 -> 1464948 | I44: =C44*$F$7+F44 -> 5357948 | J44: =D44*$F$7+G44 -> 5679248 | K44: =E44*$F$7+H44 -> 6214748 | L44: =ROUND(I44/26,0) -> 206075 | M44: =ROUND(J44/26,0) -> 218433 | N44: =ROUND(K44/26,0) -> 239029 | P44: =$C$38+($C$48-$C$38)/10*6 -> 2.394 | T44: =+M44/L44 -> 1.0599685
A45: =A44 -> - Nhân công | B45: 3.7 | C45: =($C$48-$C$38)/10+C44 -> 2.433 | D45: =($C$48-$C$38)/10+D44 -> 2.583 | E45: =($C$48-$C$38)/10+E44 -> 2.833 | F45: =$F$10*$F$8+$F$13*$F$7*C45 -> 1305386 | G45: =$F$10*$F$8+$F$13*$F$7*D45 -> 1371686 | H45: =$F$10*$F$8+$F$13*$F$7*E45 -> 1482186 | I45: =C45*$F$7+F45 -> 5441486 | J45: =D45*$F$7+G45 -> 5762786 | K45: =E45*$F$7+H45 -> 6298286 | L45: =ROUND(I45/26,0) -> 209288 | M45: =ROUND(J45/26,0) -> 221646 | N45: =ROUND(K45/26,0) -> 242242 | O45: 1 | P45: =$C$38+($C$48-$C$38)/10*7 -> 2.433 | T45: =+M45/L45 -> 1.0590478
A46: =A45 -> - Nhân công | B46: 3.8 | C46: =($C$48-$C$38)/10+C45 -> 2.472 | D46: =($C$48-$C$38)/10+D45 -> 2.622 | E46: =($C$48-$C$38)/10+E45 -> 2.872 | F46: =$F$10*$F$8+$F$13*$F$7*C46 -> 1322624 | G46: =$F$10*$F$8+$F$13*$F$7*D46 -> 1388924 | H46: =$F$10*$F$8+$F$13*$F$7*E46 -> 1499424 | I46: =C46*$F$7+F46 -> 5525024 | J46: =D46*$F$7+G46 -> 5846324 | K46: =E46*$F$7+H46 -> 6381824 | L46: =ROUND(I46/26,0) -> 212501 | M46: =ROUND(J46/26,0) -> 224859 | N46: =ROUND(K46/26,0) -> 245455 | P46: =$C$38+($C$48-$C$38)/10*8 -> 2.472 | T46: =+M46/L46 -> 1.058155
A47: =A46 -> - Nhân công | B47: 3.9 | C47: =($C$48-$C$38)/10+C46 -> 2.511 | D47: =($C$48-$C$38)/10+D46 -> 2.661 | E47: =($C$48-$C$38)/10+E46 -> 2.911 | F47: =$F$10*$F$8+$F$13*$F$7*C47 -> 1339862 | G47: =$F$10*$F$8+$F$13*$F$7*D47 -> 1406162 | H47: =$F$10*$F$8+$F$13*$F$7*E47 -> 1516662 | I47: =C47*$F$7+F47 -> 5608562 | J47: =D47*$F$7+G47 -> 5929862 | K47: =E47*$F$7+H47 -> 6465362 | L47: =ROUND(I47/26,0) -> 215714 | M47: =ROUND(J47/26,0) -> 228072 | N47: =ROUND(K47/26,0) -> 248668 | T47: =+M47/L47 -> 1.0572888
A48: =A47 -> - Nhân công | B48: 4 | C48: 2.55 | D48: 2.71 | E48: 3.01 | F48: =$F$10*$F$8+$F$13*$F$7*C48 -> 1357100 | G48: =$F$10*$F$8+$F$13*$F$7*D48 -> 1427820 | H48: =$F$10*$F$8+$F$13*$F$7*E48 -> 1560420 | I48: =C48*$F$7+F48 -> 5692100 | J48: =D48*$F$7+G48 -> 6034820 | K48: =E48*$F$7+H48 -> 6677420 | L48: =ROUND(I48/26,0) -> 218927 | M48: =ROUND(J48/26,0) -> 232108 | N48: =ROUND(K48/26,0) -> 256824 | O48: 1 | P48: =$C$48+($C$58-$C$48)/10*1 -> 2.596 | T48: =+M48/L48 -> 1.0602073
A49: =A48 -> - Nhân công | B49: 4.1 | C49: =($C$58-$C$48)/10+C48 -> 2.596 | D49: =($C$58-$C$48)/10+D48 -> 2.756 | E49: =($C$58-$C$48)/10+E48 -> 3.056 | F49: =$F$10*$F$8+$F$13*$F$7*C49 -> 1377432 | G49: =$F$10*$F$8+$F$13*$F$7*D49 -> 1448152 | H49: =$F$10*$F$8+$F$13*$F$7*E49 -> 1580752 | I49: =C49*$F$7+F49 -> 5790632 | J49: =D49*$F$7+G49 -> 6133352 | K49: =E49*$F$7+H49 -> 6775952 | L49: =ROUND(I49/26,0) -> 222717 | M49: =ROUND(J49/26,0) -> 235898 | N49: =ROUND(K49/26,0) -> 260614 | P49: =$C$48+($C$58-$C$48)/10*3 -> 2.688 | T49: =+M49/L49 -> 1.0591827
A50: =A49 -> - Nhân công | B50: 4.2 | C50: =($C$58-$C$48)/10+C49 -> 2.642 | D50: =($C$58-$C$48)/10+D49 -> 2.802 | E50: =($C$58-$C$48)/10+E49 -> 3.102 | F50: =$F$10*$F$8+$F$13*$F$7*C50 -> 1397764 | G50: =$F$10*$F$8+$F$13*$F$7*D50 -> 1468484 | H50: =$F$10*$F$8+$F$13*$F$7*E50 -> 1601084 | I50: =C50*$F$7+F50 -> 5889164 | J50: =D50*$F$7+G50 -> 6231884 | K50: =E50*$F$7+H50 -> 6874484 | L50: =ROUND(I50/26,0) -> 226506 | M50: =ROUND(J50/26,0) -> 239688 | N50: =ROUND(K50/26,0) -> 264403 | P50: =$C$48+($C$58-$C$48)/10*2 -> 2.642 | T50: =+M50/L50 -> 1.0581971
A51: =A50 -> - Nhân công | B51: 4.3 | C51: =($C$58-$C$48)/10+C50 -> 2.688 | D51: =($C$58-$C$48)/10+D50 -> 2.848 | E51: =($C$58-$C$48)/10+E50 -> 3.148 | F51: =$F$10*$F$8+$F$13*$F$7*C51 -> 1418096 | G51: =$F$10*$F$8+$F$13*$F$7*D51 -> 1488816 | H51: =$F$10*$F$8+$F$13*$F$7*E51 -> 1621416 | I51: =C51*$F$7+F51 -> 5987696 | J51: =D51*$F$7+G51 -> 6330416 | K51: =E51*$F$7+H51 -> 6973016 | L51: =ROUND(I51/26,0) -> 230296 | M51: =ROUND(J51/26,0) -> 243478 | N51: =ROUND(K51/26,0) -> 268193 | O51: 1 | P51: =$C$48+($C$58-$C$48)/10*4 -> 2.734 | T51: =+M51/L51 -> 1.0572394
A52: =A51 -> - Nhân công | B52: 4.4 | C52: =($C$58-$C$48)/10+C51 -> 2.734 | D52: =($C$58-$C$48)/10+D51 -> 2.894 | E52: =($C$58-$C$48)/10+E51 -> 3.194 | F52: =$F$10*$F$8+$F$13*$F$7*C52 -> 1438428 | G52: =$F$10*$F$8+$F$13*$F$7*D52 -> 1509148 | H52: =$F$10*$F$8+$F$13*$F$7*E52 -> 1641748 | I52: =C52*$F$7+F52 -> 6086228 | J52: =D52*$F$7+G52 -> 6428948 | K52: =E52*$F$7+H52 -> 7071548 | L52: =ROUND(I52/26,0) -> 234086 | M52: =ROUND(J52/26,0) -> 247267 | N52: =ROUND(K52/26,0) -> 271983 | P52: =$C$48+($C$58-$C$48)/10*5 -> 2.78 | T52: =+M52/L52 -> 1.0563084
A53: =A52 -> - Nhân công | B53: 4.5 | C53: =($C$58-$C$48)/10+C52 -> 2.78 | D53: =($C$58-$C$48)/10+D52 -> 2.94 | E53: =($C$58-$C$48)/10+E52 -> 3.24 | F53: =$F$10*$F$8+$F$13*$F$7*C53 -> 1458760 | G53: =$F$10*$F$8+$F$13*$F$7*D53 -> 1529480 | H53: =$F$10*$F$8+$F$13*$F$7*E53 -> 1662080 | I53: =C53*$F$7+F53 -> 6184760 | J53: =D53*$F$7+G53 -> 6527480 | K53: =E53*$F$7+H53 -> 7170080 | L53: =ROUND(I53/26,0) -> 237875 | M53: =ROUND(J53/26,0) -> 251057 | N53: =ROUND(K53/26,0) -> 275772 | O53: 1 | T53: =+M53/L53 -> 1.0554157
A54: =A53 -> - Nhân công | B54: 4.6 | C54: =($C$58-$C$48)/10+C53 -> 2.826 | D54: =($C$58-$C$48)/10+D53 -> 2.986 | E54: =($C$58-$C$48)/10+E53 -> 3.286 | F54: =$F$10*$F$8+$F$13*$F$7*C54 -> 1479092 | G54: =$F$10*$F$8+$F$13*$F$7*D54 -> 1549812 | H54: =$F$10*$F$8+$F$13*$F$7*E54 -> 1682412 | I54: =C54*$F$7+F54 -> 6283292 | J54: =D54*$F$7+G54 -> 6626012 | K54: =E54*$F$7+H54 -> 7268612 | L54: =ROUND(I54/26,0) -> 241665 | M54: =ROUND(J54/26,0) -> 254847 | N54: =ROUND(K54/26,0) -> 279562 | T54: =+M54/L54 -> 1.0545466
A55: =A54 -> - Nhân công | B55: 4.7 | C55: =($C$58-$C$48)/10+C54 -> 2.872 | D55: =($C$58-$C$48)/10+D54 -> 3.032 | E55: =($C$58-$C$48)/10+E54 -> 3.332 | F55: =$F$10*$F$8+$F$13*$F$7*C55 -> 1499424 | G55: =$F$10*$F$8+$F$13*$F$7*D55 -> 1570144 | H55: =$F$10*$F$8+$F$13*$F$7*E55 -> 1702744 | I55: =C55*$F$7+F55 -> 6381824 | J55: =D55*$F$7+G55 -> 6724544 | K55: =E55*$F$7+H55 -> 7367144 | L55: =ROUND(I55/26,0) -> 245455 | M55: =ROUND(J55/26,0) -> 258636 | N55: =ROUND(K55/26,0) -> 283352 | T55: =+M55/L55 -> 1.0537003
A56: =A55 -> - Nhân công | B56: 4.8 | C56: =($C$58-$C$48)/10+C55 -> 2.918 | D56: =($C$58-$C$48)/10+D55 -> 3.078 | E56: =($C$58-$C$48)/10+E55 -> 3.378 | F56: =$F$10*$F$8+$F$13*$F$7*C56 -> 1519756 | G56: =$F$10*$F$8+$F$13*$F$7*D56 -> 1590476 | H56: =$F$10*$F$8+$F$13*$F$7*E56 -> 1723076 | I56: =C56*$F$7+F56 -> 6480356 | J56: =D56*$F$7+G56 -> 6823076 | K56: =E56*$F$7+H56 -> 7465676 | L56: =ROUND(I56/26,0) -> 249244 | M56: =ROUND(J56/26,0) -> 262426 | N56: =ROUND(K56/26,0) -> 287141 | T56: =+M56/L56 -> 1.0528879
A57: =A56 -> - Nhân công | B57: 4.9 | C57: =($C$58-$C$48)/10+C56 -> 2.964 | D57: =($C$58-$C$48)/10+D56 -> 3.124 | E57: =($C$58-$C$48)/10+E56 -> 3.424 | F57: =$F$10*$F$8+$F$13*$F$7*C57 -> 1540088 | G57: =$F$10*$F$8+$F$13*$F$7*D57 -> 1610808 | H57: =$F$10*$F$8+$F$13*$F$7*E57 -> 1743408 | I57: =C57*$F$7+F57 -> 6578888 | J57: =D57*$F$7+G57 -> 6921608 | K57: =E57*$F$7+H57 -> 7564208 | L57: =ROUND(I57/26,0) -> 253034 | M57: =ROUND(J57/26,0) -> 266216 | N57: =ROUND(K57/26,0) -> 290931 | T57: =+M57/L57 -> 1.0520958
A58: =A57 -> - Nhân công | B58: 5 | C58: 3.01 | D58: 3.19 | E58: 3.54 | F58: =$F$10*$F$8+$F$13*$F$7*C58 -> 1560420 | G58: =$F$10*$F$8+$F$13*$F$7*D58 -> 1639980 | H58: =$F$10*$F$8+$F$13*$F$7*E58 -> 1794680 | I58: =C58*$F$7+F58 -> 6677420 | J58: =D58*$F$7+G58 -> 7062980 | K58: =E58*$F$7+H58 -> 7812680 | L58: =ROUND(I58/26,0) -> 256824 | M58: =ROUND(J58/26,0) -> 271653 | N58: =ROUND(K58/26,0) -> 300488 | O58: 1 | T58: =+M58/L58 -> 1.0577399
A59: =A58 -> - Nhân công | B59: 5.1 | C59: =($C$68-$C$58)/10+C58 -> 3.065 | D59: =($C$68-$C$58)/10+D58 -> 3.245 | E59: =($C$68-$C$58)/10+E58 -> 3.595 | F59: =($F$10+$F$13*C59)*$F$7 -> 1694730 | G59: =($F$10+$F$13*D59)*$F$7 -> 1774290 | H59: =($F$10+$F$13*E59)*$F$7 -> 1928990 | I59: =C59*$F$7+F59 -> 6905230 | J59: =D59*$F$7+G59 -> 7290790 | K59: =E59*$F$7+H59 -> 8040490 | L59: =ROUND(I59/26,0) -> 265586 | M59: =ROUND(J59/26,0) -> 280415 | N59: =ROUND(K59/26,0) -> 309250 | T59: =+M59/L59 -> 1.055835
A60: =A59 -> - Nhân công | B60: 5.2 | C60: =($C$68-$C$58)/10+C59 -> 3.12 | D60: =($C$68-$C$58)/10+D59 -> 3.3 | E60: =($C$68-$C$58)/10+E59 -> 3.65 | F60: =($F$10+$F$13*C60)*$F$7 -> 1719040 | G60: =($F$10+$F$13*D60)*$F$7 -> 1798600 | H60: =($F$10+$F$13*E60)*$F$7 -> 1953300 | I60: =C60*$F$7+F60 -> 7023040 | J60: =D60*$F$7+G60 -> 7408600 | K60: =E60*$F$7+H60 -> 8158300 | L60: =ROUND(I60/26,0) -> 270117 | M60: =ROUND(J60/26,0) -> 284946 | N60: =ROUND(K60/26,0) -> 313781 | T60: =+M60/L60 -> 1.0548984
A61: =A60 -> - Nhân công | B61: 5.3 | C61: =($C$68-$C$58)/10+C60 -> 3.175 | D61: =($C$68-$C$58)/10+D60 -> 3.355 | E61: =($C$68-$C$58)/10+E60 -> 3.705 | F61: =($F$10+$F$13*C61)*$F$7 -> 1743350 | G61: =($F$10+$F$13*D61)*$F$7 -> 1822910 | H61: =($F$10+$F$13*E61)*$F$7 -> 1977610 | I61: =C61*$F$7+F61 -> 7140850 | J61: =D61*$F$7+G61 -> 7526410 | K61: =E61*$F$7+H61 -> 8276110 | L61: =ROUND(I61/26,0) -> 274648 | M61: =ROUND(J61/26,0) -> 289477 | N61: =ROUND(K61/26,0) -> 318312 | T61: =+M61/L61 -> 1.0539927
A62: =A61 -> - Nhân công | B62: 5.4 | C62: =($C$68-$C$58)/10+C61 -> 3.23 | D62: =($C$68-$C$58)/10+D61 -> 3.41 | E62: =($C$68-$C$58)/10+E61 -> 3.76 | F62: =($F$10+$F$13*C62)*$F$7 -> 1767660 | G62: =($F$10+$F$13*D62)*$F$7 -> 1847220 | H62: =($F$10+$F$13*E62)*$F$7 -> 2001920 | I62: =C62*$F$7+F62 -> 7258660 | J62: =D62*$F$7+G62 -> 7644220 | K62: =E62*$F$7+H62 -> 8393920 | L62: =ROUND(I62/26,0) -> 279179 | M62: =ROUND(J62/26,0) -> 294008 | N62: =ROUND(K62/26,0) -> 322843 | T62: =+M62/L62 -> 1.0531165
A63: =A62 -> - Nhân công | B63: 5.5 | C63: =($C$68-$C$58)/10+C62 -> 3.285 | D63: =($C$68-$C$58)/10+D62 -> 3.465 | E63: =($C$68-$C$58)/10+E62 -> 3.815 | F63: =($F$10+$F$13*C63)*$F$7 -> 1791970 | G63: =($F$10+$F$13*D63)*$F$7 -> 1871530 | H63: =($F$10+$F$13*E63)*$F$7 -> 2026230 | I63: =C63*$F$7+F63 -> 7376470 | J63: =D63*$F$7+G63 -> 7762030 | K63: =E63*$F$7+H63 -> 8511730 | L63: =ROUND(I63/26,0) -> 283710 | M63: =ROUND(J63/26,0) -> 298540 | N63: =ROUND(K63/26,0) -> 327374 | T63: =+M63/L63 -> 1.0522717
A64: =A63 -> - Nhân công | B64: 5.6 | C64: =($C$68-$C$58)/10+C63 -> 3.34 | D64: =($C$68-$C$58)/10+D63 -> 3.52 | E64: =($C$68-$C$58)/10+E63 -> 3.87 | F64: =($F$10+$F$13*C64)*$F$7 -> 1816280 | G64: =($F$10+$F$13*D64)*$F$7 -> 1895840 | H64: =($F$10+$F$13*E64)*$F$7 -> 2050540 | I64: =C64*$F$7+F64 -> 7494280 | J64: =D64*$F$7+G64 -> 7879840 | K64: =E64*$F$7+H64 -> 8629540 | L64: =ROUND(I64/26,0) -> 288242 | M64: =ROUND(J64/26,0) -> 303071 | N64: =ROUND(K64/26,0) -> 331905 | T64: =+M64/L64 -> 1.0514464
A65: =A64 -> - Nhân công | B65: 5.7 | C65: =($C$68-$C$58)/10+C64 -> 3.395 | D65: =($C$68-$C$58)/10+D64 -> 3.575 | E65: =($C$68-$C$58)/10+E64 -> 3.925 | F65: =($F$10+$F$13*C65)*$F$7 -> 1840590 | G65: =($F$10+$F$13*D65)*$F$7 -> 1920150 | H65: =($F$10+$F$13*E65)*$F$7 -> 2074850 | I65: =C65*$F$7+F65 -> 7612090 | J65: =D65*$F$7+G65 -> 7997650 | K65: =E65*$F$7+H65 -> 8747350 | L65: =ROUND(I65/26,0) -> 292773 | M65: =ROUND(J65/26,0) -> 307602 | N65: =ROUND(K65/26,0) -> 336437 | T65: =+M65/L65 -> 1.0506502
A66: =A65 -> - Nhân công | B66: 5.8 | C66: =($C$68-$C$58)/10+C65 -> 3.45 | D66: =($C$68-$C$58)/10+D65 -> 3.63 | E66: =($C$68-$C$58)/10+E65 -> 3.98 | F66: =($F$10+$F$13*C66)*$F$7 -> 1864900 | G66: =($F$10+$F$13*D66)*$F$7 -> 1944460 | H66: =($F$10+$F$13*E66)*$F$7 -> 2099160 | I66: =C66*$F$7+F66 -> 7729900 | J66: =D66*$F$7+G66 -> 8115460 | K66: =E66*$F$7+H66 -> 8865160 | L66: =ROUND(I66/26,0) -> 297304 | M66: =ROUND(J66/26,0) -> 312133 | N66: =ROUND(K66/26,0) -> 340968 | T66: =+M66/L66 -> 1.0498782
A67: =A66 -> - Nhân công | B67: 5.9 | C67: =($C$68-$C$58)/10+C66 -> 3.505 | D67: =($C$68-$C$58)/10+D66 -> 3.685 | E67: =($C$68-$C$58)/10+E66 -> 4.035 | F67: =($F$10+$F$13*C67)*$F$7 -> 1889210 | G67: =($F$10+$F$13*D67)*$F$7 -> 1968770 | H67: =($F$10+$F$13*E67)*$F$7 -> 2123470 | I67: =C67*$F$7+F67 -> 7847710 | J67: =D67*$F$7+G67 -> 8233270 | K67: =E67*$F$7+H67 -> 8982970 | L67: =ROUND(I67/26,0) -> 301835 | M67: =ROUND(J67/26,0) -> 316664 | N67: =ROUND(K67/26,0) -> 345499 | T67: =+M67/L67 -> 1.0491295
A68: =A67 -> - Nhân công | B68: 6 | C68: 3.56 | D68: 3.74 | E68: 4.17 | F68: =($F$10+$F$13*C68)*$F$7 -> 1913520 | G68: =($F$10+$F$13*D68)*$F$7 -> 1993080 | H68: =($F$10+$F$13*E68)*$F$7 -> 2183140 | I68: =C68*$F$7+F68 -> 7965520 | J68: =D68*$F$7+G68 -> 8351080 | K68: =E68*$F$7+H68 -> 9272140 | L68: =ROUND(I68/26,0) -> 306366 | M68: =ROUND(J68/26,0) -> 321195 | N68: =ROUND(K68/26,0) -> 356621 | T68: =+M68/L68 -> 1.0484029
A69: =A68 -> - Nhân công | B69: 6.1 | C69: =($C$78-$C$68)/10+C68 -> 3.624 | D69: =($C$78-$C$68)/10+D68 -> 3.804 | E69: =($C$78-$C$68)/10+E68 -> 4.234 | F69: =($F$10+$F$13*C69)*$F$7 -> 1941808 | G69: =($F$10+$F$13*D69)*$F$7 -> 2021368 | H69: =($F$10+$F$13*E69)*$F$7 -> 2211428 | I69: =C69*$F$7+F69 -> 8102608 | J69: =D69*$F$7+G69 -> 8488168 | K69: =E69*$F$7+H69 -> 9409228 | L69: =ROUND(I69/26,0) -> 311639 | M69: =J69/26 -> 326468 | N69: =K69/26 -> 361893.38 | T69: =+M69/L69 -> 1.0475839
A70: =A69 -> - Nhân công | B70: 6.2 | C70: =($C$78-$C$68)/10+C69 -> 3.688 | D70: =($C$78-$C$68)/10+D69 -> 3.868 | E70: =($C$78-$C$68)/10+E69 -> 4.298 | F70: =($F$10+$F$13*C70)*$F$7 -> 1970096 | G70: =($F$10+$F$13*D70)*$F$7 -> 2049656 | H70: =($F$10+$F$13*E70)*$F$7 -> 2239716 | I70: =C70*$F$7+F70 -> 8239696 | J70: =D70*$F$7+G70 -> 8625256 | K70: =E70*$F$7+H70 -> 9546316 | L70: =ROUND(I70/26,0) -> 316911 | M70: =J70/26 -> 331740.62 | N70: =K70/26 -> 367166 | T70: =+M70/L70 -> 1.0467943
A71: =A70 -> - Nhân công | B71: 6.3 | C71: =($C$78-$C$68)/10+C70 -> 3.752 | D71: =($C$78-$C$68)/10+D70 -> 3.932 | E71: =($C$78-$C$68)/10+E70 -> 4.362 | F71: =($F$10+$F$13*C71)*$F$7 -> 1998384 | G71: =($F$10+$F$13*D71)*$F$7 -> 2077944 | H71: =($F$10+$F$13*E71)*$F$7 -> 2268004 | I71: =C71*$F$7+F71 -> 8376784 | J71: =D71*$F$7+G71 -> 8762344 | K71: =E71*$F$7+H71 -> 9683404 | L71: =ROUND(I71/26,0) -> 322184 | M71: =J71/26 -> 337013.23 | N71: =K71/26 -> 372438.62 | T71: =+M71/L71 -> 1.0460272
A72: =A71 -> - Nhân công | B72: 6.4 | C72: =($C$78-$C$68)/10+C71 -> 3.816 | D72: =($C$78-$C$68)/10+D71 -> 3.996 | E72: =($C$78-$C$68)/10+E71 -> 4.426 | F72: =($F$10+$F$13*C72)*$F$7 -> 2026672 | G72: =($F$10+$F$13*D72)*$F$7 -> 2106232 | H72: =($F$10+$F$13*E72)*$F$7 -> 2296292 | I72: =C72*$F$7+F72 -> 8513872 | J72: =D72*$F$7+G72 -> 8899432 | K72: =E72*$F$7+H72 -> 9820492 | L72: =ROUND(I72/26,0) -> 327457 | M72: =J72/26 -> 342285.85 | N72: =K72/26 -> 377711.23 | T72: =+M72/L72 -> 1.0452849
A73: =A72 -> - Nhân công | B73: 6.5 | C73: =($C$78-$C$68)/10+C72 -> 3.88 | D73: =($C$78-$C$68)/10+D72 -> 4.06 | E73: =($C$78-$C$68)/10+E72 -> 4.49 | F73: =($F$10+$F$13*C73)*$F$7 -> 2054960 | G73: =($F$10+$F$13*D73)*$F$7 -> 2134520 | H73: =($F$10+$F$13*E73)*$F$7 -> 2324580 | I73: =C73*$F$7+F73 -> 8650960 | J73: =D73*$F$7+G73 -> 9036520 | K73: =E73*$F$7+H73 -> 9957580 | L73: =ROUND(I73/26,0) -> 332729 | M73: =J73/26 -> 347558.46 | N73: =K73/26 -> 382983.85 | T73: =+M73/L73 -> 1.0445692
A74: =A73 -> - Nhân công | B74: 6.6 | C74: =($C$78-$C$68)/10+C73 -> 3.944 | D74: =($C$78-$C$68)/10+D73 -> 4.124 | E74: =($C$78-$C$68)/10+E73 -> 4.554 | F74: =($F$10+$F$13*C74)*$F$7 -> 2083248 | G74: =($F$10+$F$13*D74)*$F$7 -> 2162808 | H74: =($F$10+$F$13*E74)*$F$7 -> 2352868 | I74: =C74*$F$7+F74 -> 8788048 | J74: =D74*$F$7+G74 -> 9173608 | K74: =E74*$F$7+H74 -> 10094668 | L74: =ROUND(I74/26,0) -> 338002 | M74: =J74/26 -> 352831.08 | N74: =K74/26 -> 388256.46 | T74: =+M74/L74 -> 1.0438727
A75: =A74 -> - Nhân công | B75: 6.7 | C75: =($C$78-$C$68)/10+C74 -> 4.008 | D75: =($C$78-$C$68)/10+D74 -> 4.188 | E75: =($C$78-$C$68)/10+E74 -> 4.618 | F75: =($F$10+$F$13*C75)*$F$7 -> 2111536 | G75: =($F$10+$F$13*D75)*$F$7 -> 2191096 | H75: =($F$10+$F$13*E75)*$F$7 -> 2381156 | I75: =C75*$F$7+F75 -> 8925136 | J75: =D75*$F$7+G75 -> 9310696 | K75: =E75*$F$7+H75 -> 10231756 | L75: =ROUND(I75/26,0) -> 343274 | M75: =J75/26 -> 358103.69 | N75: =K75/26 -> 393529.08 | T75: =+M75/L75 -> 1.0432007
A76: =A75 -> - Nhân công | B76: 6.8 | C76: =($C$78-$C$68)/10+C75 -> 4.072 | D76: =($C$78-$C$68)/10+D75 -> 4.252 | E76: =($C$78-$C$68)/10+E75 -> 4.682 | F76: =($F$10+$F$13*C76)*$F$7 -> 2139824 | G76: =($F$10+$F$13*D76)*$F$7 -> 2219384 | H76: =($F$10+$F$13*E76)*$F$7 -> 2409444 | I76: =C76*$F$7+F76 -> 9062224 | J76: =D76*$F$7+G76 -> 9447784 | K76: =E76*$F$7+H76 -> 10368844 | L76: =ROUND(I76/26,0) -> 348547 | M76: =J76/26 -> 363376.31 | N76: =K76/26 -> 398801.69 | T76: =+M76/L76 -> 1.0425461
A77: =A76 -> - Nhân công | B77: 6.9 | C77: =($C$78-$C$68)/10+C76 -> 4.136 | D77: =($C$78-$C$68)/10+D76 -> 4.316 | E77: =($C$78-$C$68)/10+E76 -> 4.746 | F77: =($F$10+$F$13*C77)*$F$7 -> 2168112 | G77: =($F$10+$F$13*D77)*$F$7 -> 2247672 | H77: =($F$10+$F$13*E77)*$F$7 -> 2437732 | I77: =C77*$F$7+F77 -> 9199312 | J77: =D77*$F$7+G77 -> 9584872 | K77: =E77*$F$7+H77 -> 10505932 | L77: =ROUND(I77/26,0) -> 353820 | M77: =J77/26 -> 368648.92 | N77: =K77/26 -> 404074.31 | T77: =+M77/L77 -> 1.0419109
A78: =A77 -> - Nhân công | B78: 7 | C78: 4.2 | D78: 4.4 | E78: 4.9 | F78: =($F$10+$F$13*C78)*$F$7 -> 2196400 | G78: =($F$10+$F$13*D78)*$F$7 -> 2284800 | H78: =($F$10+$F$13*E78)*$F$7 -> 2505800 | I78: =C78*$F$7+F78 -> 9336400 | J78: =D78*$F$7+G78 -> 9764800 | K78: =E78*$F$7+H78 -> 10835800 | L78: =ROUND(I78/26,0) -> 359092 | M78: =ROUND(J78/26,0) -> 375569 | N78: =ROUND(K78/26,0) -> 416762 | T78: =+M78/L78 -> 1.0458852
A79: BẢNG LƯƠNG VIÊN CHỨC CHUYÊN MÔN, NGHIỆP VỤ Ở CÁC CÔNG TY NHÀ NƯỚC | L79: =ROUND(I79/26,0) -> 0
B80: CẤP BẬC | C80: HỆ SỐ LƯƠNG TỐI THIỂU | F80: PHỤ CẤP | I80: LƯƠNG THÁNG | L80: =ROUND(I80/26,0) -> #VALUE!
C81: Nhóm 1 | D81: Nhóm 2 | E81: Nhóm 3 | F81: Nhóm 1 | G81: Nhóm 2 | H81: Nhóm 3 | I81: Nhóm 1 | J81: Nhóm 2 | K81: Nhóm 3 | L81: =ROUND(I81/26,0) -> #VALUE! | M81: Nhóm 2 | N81: Nhóm 3
C82: [1] | D82: [2] | E82: [3] | F82: [4] | G82: [5] | H82: [6] | I82: [7]=[1]* LTT + [4] | J82: [8]=[2]*LTT+[5] | K82: [9]=[3]*LTT+[6] | L82: =ROUND(I82/26,0) -> #VALUE! | M82: [11] = [8]/26 | N82: [12] = [9]/26
A83: - Nhân công | B83: 1 | C83: 2.34 | F83: =($F$10+$F$13*C83)*$F$7 -> 1374280 | I83: =C83*$F$7+F83 -> 5352280 | J83: =D83*$F$7+G83 -> 0 | K83: =E83*$F$7+H83 -> 0 | L83: =ROUND(I83/26,0) -> 205857 | M83: =J83/26 -> 0 | N83: =K83/26 -> 0
A84: =A83 -> - Nhân công | B84: 2 | C84: 2.65 | F84: =($F$10+$F$13*C84)*$F$7 -> 1511300 | I84: =C84*$F$7+F84 -> 6016300 | J84: =D84*$F$7+G84 -> 0 | K84: =E84*$F$7+H84 -> 0 | L84: =ROUND(I84/26,0) -> 231396 | M84: =J84/26 -> 0 | N84: =K84/26 -> 0
A85: =A84 -> - Nhân công | B85: 2.1 | C85: =(C94-C84)/10*R26+$C$84 -> 2.681 | F85: =($F$10+$F$13*C85)*$F$7 -> 1525002 | I85: =C85*$F$7+F85 -> 6082702 | J85: =D85*$F$7+G85 -> 0 | K85: =E85*$F$7+H85 -> 0 | L85: =ROUND(I85/26,0) -> 233950 | M85: =J85/26 -> 0 | N85: =K85/26 -> 0
A86: =A85 -> - Nhân công | B86: 2.2 | C86: =(C95-C85)/10*R27+$C$84 -> 2.681 | F86: =($F$10+$F$13*C86)*$F$7 -> 1525002 | I86: =C86*$F$7+F86 -> 6082702 | J86: =D86*$F$7+G86 -> 0 | K86: =E86*$F$7+H86 -> 0 | L86: =ROUND(I86/26,0) -> 233950 | M86: =J86/26 -> 0 | N86: =K86/26 -> 0
A87: =A86 -> - Nhân công | B87: 2.3 | C87: =(C96-C86)/10*R28+$C$84 -> 2.65 | F87: =($F$10+$F$13*C87)*$F$7 -> 1511300 | I87: =C87*$F$7+F87 -> 6016300 | J87: =D87*$F$7+G87 -> 0 | K87: =E87*$F$7+H87 -> 0 | L87: =ROUND(I87/26,0) -> 231396 | M87: =J87/26 -> 0 | N87: =K87/26 -> 0
A88: =A87 -> - Nhân công | B88: 2.4 | C88: =(C97-C87)/10*R29+$C$84 -> 2.65 | F88: =($F$10+$F$13*C88)*$F$7 -> 1511300 | I88: =C88*$F$7+F88 -> 6016300 | J88: =D88*$F$7+G88 -> 0 | K88: =E88*$F$7+H88 -> 0 | L88: =ROUND(I88/26,0) -> 231396 | M88: =J88/26 -> 0 | N88: =K88/26 -> 0
A89: =A88 -> - Nhân công | B89: 2.5 | C89: =(C98-C88)/10*R30+$C$84 -> 2.65 | F89: =($F$10+$F$13*C89)*$F$7 -> 1511300 | I89: =C89*$F$7+F89 -> 6016300 | J89: =D89*$F$7+G89 -> 0 | K89: =E89*$F$7+H89 -> 0 | L89: =ROUND(I89/26,0) -> 231396 | M89: =J89/26 -> 0 | N89: =K89/26 -> 0
A90: =A89 -> - Nhân công | B90: 2.6 | C90: =(C99-C89)/10*R31+$C$84 -> 2.65 | F90: =($F$10+$F$13*C90)*$F$7 -> 1511300 | I90: =C90*$F$7+F90 -> 6016300 | J90: =D90*$F$7+G90 -> 0 | K90: =E90*$F$7+H90 -> 0 | L90: =ROUND(I90/26,0) -> 231396 | M90: =J90/26 -> 0 | N90: =K90/26 -> 0
A91: =A90 -> - Nhân công | B91: 2.7 | C91: =(C100-C90)/10*R32+$C$84 -> 2.65 | F91: =($F$10+$F$13*C91)*$F$7 -> 1511300 | I91: =C91*$F$7+F91 -> 6016300 | J91: =D91*$F$7+G91 -> 0 | K91: =E91*$F$7+H91 -> 0 | L91: =ROUND(I91/26,0) -> 231396 | M91: =J91/26 -> 0 | N91: =K91/26 -> 0
A92: =A91 -> - Nhân công | B92: 2.8 | C92: =(C101-C91)/10*R33+$C$84 -> 2.65 | F92: =($F$10+$F$13*C92)*$F$7 -> 1511300 | I92: =C92*$F$7+F92 -> 6016300 | J92: =D92*$F$7+G92 -> 0 | K92: =E92*$F$7+H92 -> 0 | L92: =ROUND(I92/26,0) -> 231396 | M92: =J92/26 -> 0 | N92: =K92/26 -> 0
A93: =A92 -> - Nhân công | B93: 2.9 | C93: =(C102-C92)/10*R34+$C$84 -> 2.65 | F93: =($F$10+$F$13*C93)*$F$7 -> 1511300 | I93: =C93*$F$7+F93 -> 6016300 | J93: =D93*$F$7+G93 -> 0 | K93: =E93*$F$7+H93 -> 0 | L93: =ROUND(I93/26,0) -> 231396 | M93: =J93/26 -> 0 | N93: =K93/26 -> 0
A94: =A93 -> - Nhân công | B94: 3 | C94: 2.96 | F94: =($F$10+$F$13*C94)*$F$7 -> 1648320 | I94: =C94*$F$7+F94 -> 6680320 | J94: =D94*$F$7+G94 -> 0 | K94: =E94*$F$7+H94 -> 0 | L94: =ROUND(I94/26,0) -> 256935 | M94: =J94/26 -> 0 | N94: =K94/26 -> 0
A95: =A94 -> - Nhân công | B95: 3.1 | C95: =($C$104-$C$94)/10*R26+$C$94 -> 2.991 | F95: =($F$10+$F$13*C95)*$F$7 -> 1662022 | I95: =C95*$F$7+F95 -> 6746722 | J95: =D95*$F$7+G95 -> 0 | K95: =E95*$F$7+H95 -> 0 | L95: =ROUND(I95/26,0) -> 259489 | M95: =J95/26 -> 0 | N95: =K95/26 -> 0
A96: =A95 -> - Nhân công | B96: 3.2 | C96: =($C$104-$C$94)/10*R27+$C$94 -> 2.991 | F96: =($F$10+$F$13*C96)*$F$7 -> 1662022 | I96: =C96*$F$7+F96 -> 6746722 | J96: =D96*$F$7+G96 -> 0 | K96: =E96*$F$7+H96 -> 0 | L96: =ROUND(I96/26,0) -> 259489 | M96: =J96/26 -> 0 | N96: =K96/26 -> 0
A97: =A96 -> - Nhân công | B97: 3.3 | C97: =($C$104-$C$94)/10*R28+$C$94 -> 2.96 | F97: =($F$10+$F$13*C97)*$F$7 -> 1648320 | I97: =C97*$F$7+F97 -> 6680320 | J97: =D97*$F$7+G97 -> 0 | K97: =E97*$F$7+H97 -> 0 | L97: =ROUND(I97/26,0) -> 256935 | M97: =J97/26 -> 0 | N97: =K97/26 -> 0
A98: =A97 -> - Nhân công | B98: 3.4 | C98: =($C$104-$C$94)/10*R29+$C$94 -> 2.96 | F98: =($F$10+$F$13*C98)*$F$7 -> 1648320 | I98: =C98*$F$7+F98 -> 6680320 | J98: =D98*$F$7+G98 -> 0 | K98: =E98*$F$7+H98 -> 0 | L98: =ROUND(I98/26,0) -> 256935 | M98: =J98/26 -> 0 | N98: =K98/26 -> 0
A99: =A98 -> - Nhân công | B99: 3.5 | C99: =($C$104-$C$94)/10*R30+$C$94 -> 2.96 | F99: =($F$10+$F$13*C99)*$F$7 -> 1648320 | I99: =C99*$F$7+F99 -> 6680320 | J99: =D99*$F$7+G99 -> 0 | K99: =E99*$F$7+H99 -> 0 | L99: =ROUND(I99/26,0) -> 256935 | M99: =J99/26 -> 0 | N99: =K99/26 -> 0
A100: =A99 -> - Nhân công | B100: 3.6 | C100: =($C$104-$C$94)/10*R31+$C$94 -> 2.96 | F100: =($F$10+$F$13*C100)*$F$7 -> 1648320 | I100: =C100*$F$7+F100 -> 6680320 | J100: =D100*$F$7+G100 -> 0 | K100: =E100*$F$7+H100 -> 0 | L100: =ROUND(I100/26,0) -> 256935 | M100: =J100/26 -> 0 | N100: =K100/26 -> 0
...

Sheet 9.may
B1: =+'8.Dgia'!B1 -> #REF!
B2: =+'8.Dgia'!B2 -> #REF!
B3: =+'8.Dgia'!B3 -> #REF!
B4: =+'8.Dgia'!B4 -> #REF!
B5: BẢNG TÍNH ĐƠN GIÁ MÁY THI CÔNG
G8: Diesel (lít) | H8: Điện Electric (kWh) | I8: Xăng Petro (lít) | J8: Mazut (lít)
C9: Hệ số chi phí nhiên liệu phụ (ip) | E9: Hệ số chi phí nhiên liệu phụ (ip) | F9: Coeffiicent of auxiliary fuel (ip) | G9: 1.05 | H9: 1.07 | I9: 1.03 | J9: 1
C10: Giá nhiên liệu theo QĐ | E10: Giá nhiên liệu theo QĐ | F10: Cost of fuel according to Decision | G10: 6818 | H10: 895 | I10: 8455 | J10: 5744
C11: Giá nhiên liệu hiện tại | E11: Giá nhiên liệu hiện tại | F11: Cost of fuel at present | G11: =+'11.gia '!I144*0.87 -> 22290.909 | H11: 1490 | I11: ='11.gia '!I143*0.74 -> 22954.545 | J11: ='11.gia '!I145*0.87 -> 15960.545
C12: Chênh lệch (cl) | E12: Chênh lệch (cl) | F12: Different (cl) | G12: =G11-G10 -> 15472.909 | H12: =H11-H10 -> 595 | I12: =I11-I10 -> 14499.545 | J12: =J11-J10 -> 10216.545
C13: Hệ số đchỉnh chi phí máy thi công (HS) | E13: Hệ số đchỉnh giá ca máy theo VB 3833/UBND-ĐTXD (HS) | F13: Coeffiicent of machine (HS) | G13: 1.29 | H13: theo văn bản 3833/UBND-DTXD ngày 22/11/2011 của UBND tỉnh An Giang | T13: Hệ số đchỉnh giá ca máy theo VB 3833/UBND-ĐTXD (HS)
P14: Đơn vị tính: Đồng
P15: Đơn vị tính: Đồng / Unit cost: VND | U15: An Giang
B16: TT | C16: Loại máy và thiết bị | E16: Loại máy và thiết bị | F16: Name of machine | G16: Định mức tiêu hao nhiên liệu, năng lượng 1 ca (CNL) | K16: Chi phí | L16: Giá ca máy/Machine price | M16: Giá ca máy 2006 | N16: Chênh lệch nhiên liệu | O16: Chênh lệch tiền lương Difference of labour | P16: Giá ca máy hiện tại | Q16: Khối lượng | R16: Thành tiền bù nhiên liệu | S16: Chênh lệch nhân công C2 (HS=730/350) | T16: Giá ca máy hiện tại C2 | U16: Chi phí | W16: Giá ca máy
G17: Diesel (lít) | H17: Điện Electric (kWh) | I17: Xăng (lít) Petro | J17: Mazut (lít) | K17: CP nhiên liệu (CNL) | L17: CP tiền lương Cost of lab (CTL) | R17: bù nhiên liệu | U17: CP nhiên liệu (CNL) | V17: CP tiền lương (CTL) | W17: (CCM)
B18: 1 | C18: 2 | E18: =B18+1 -> 2 | F18: 4 | G18: =E18+1 -> 3 | H18: =G18+1 -> 4 | I18: =H18+1 -> 5 | J18: =I18+1 -> 6 | K18: =J18+1 -> 7 | L18: =J18+1 -> 7 | M18: =L18+1 -> 8 | N18: (9)=(2)*ip*cl | O18: (10)=(7)*(nc-1) | P18: (10)=(9)+(8)*HS | Q18: 13 | U18: 7 | V18: 8 | W18: 9
B19: =IF(A19<>0,COUNTA(A$19:$A19),"") | C19: Máy đào một gầu, bánh xích -dung tích gầu:
B20: =IF(A20<>0,COUNTA(A$19:$A20),"") | C20: 0,22 m3 | G20: 32.4 | K20: 1 | L20: =+V20 -> 48658 | M20: =+W20 -> 419927 | N20: =SUMPRODUCT(G20:J20,$G$12:$J$12,$G$9:$J$9) -> 526388.37 | P20: =+N20+M20*$G$13 -> 1068094.2 | Q20: =SUMIF('8.Dgia'!E:E,'9.may'!E20,'8.Dgia'!P:P) -> 0 | R20: =N20*Q20 -> 0 | S20: =L20*($G$13-1) -> 14110.82 | T20: =S20+N20+M20 -> 960426.19 | U20: 231948 | V20: 48658 | W20: 419927 | Y20: =W20-T20 -> -540499.19 | Z20: =W20-M20 -> 0 | AC20: =+P20*Q20 -> 0
B21: =IF(A21<>0,COUNTA(A$19:$A21),"") | C21: 0,30 m3 | G21: 35.1 | K21: 1 | L21: =+V21 -> 48658 | M21: =+W21 -> 477568 | N21: =SUMPRODUCT(G21:J21,$G$12:$J$12,$G$9:$J$9) -> 570254.06 | P21: =+N21+M21*$G$13 -> 1186316.8 | Q21: =SUMIF('8.Dgia'!E:E,'9.may'!E21,'8.Dgia'!P:P) -> 0 | R21: =N21*Q21 -> 0 | S21: =L21*($G$13-1) -> 14110.82 | T21: =S21+N21+M21 -> 1061932.9 | U21: 251277 | V21: 48658 | W21: 477568 | Y21: =W21-T21 -> -584364.88 | Z21: =W21-M21 -> 0 | AC21: =+P21*Q21 -> 0
A22: 1 | B22: =IF(A22<>0,COUNTA(A$19:$A22),"") -> 1 | C22: 0,40 m3 | D22: Máy đào một gầu, bánh xích - dung tích gầu 0,4m3 | E22: Máy đào 0.4m3 | F22: avulsion excavator 0.4m3 | G22: 42.66 | K22: 1 | L22: =+V22 -> 48658 | M22: =+W22 -> 550969 | N22: =SUMPRODUCT(G22:J22,$G$12:$J$12,$G$9:$J$9) -> 693078.02 | P22: =+N22+M22*$G$13 -> 1403828 | Q22: =SUMIF('8.Dgia'!E:E,'9.may'!E22,'8.Dgia'!P:P) -> 0 | R22: =N22*Q22 -> 0 | S22: =L22*($G$13-1) -> 14110.82 | T22: =S22+N22+M22 -> 1258157.8 | U22: 305399 | V22: 48658 | W22: 550969 | Y22: =W22-T22 -> -707188.84 | Z22: =W22-M22 -> 0 | AC22: =+P22*Q22 -> 0
A23: 1 | B23: =IF(A23<>0,COUNTA(A$19:$A23),"") -> 2 | C23: 0,50 m3 | D23: Máy đào một gầu, bánh xích - dung tích gầu 0,5m3 | E23: Máy đào 0.5m3 | F23: avulsion excavator 0.5m3 | G23: 51.3 | K23: 1 | L23: =+V23 -> 48658 | M23: =+W23 -> 788852 | N23: =SUMPRODUCT(G23:J23,$G$12:$J$12,$G$9:$J$9) -> 833448.25 | P23: =+N23+M23*$G$13 -> 1851067.3 | Q23: =SUMIF('8.Dgia'!E:E,'9.may'!E23,'8.Dgia'!P:P) -> 0 | R23: =N23*Q23 -> 0 | S23: =L23*($G$13-1) -> 14110.82 | T23: =S23+N23+M23 -> 1636411.1 | U23: 367252 | V23: 48658 | W23: 788852 | Y23: =W23-T23 -> -847559.07 | Z23: =W23-M23 -> 0 | AC23: =+P23*Q23 -> 0
A24: 1 | B24: =IF(A24<>0,COUNTA(A$19:$A24),"") -> 3 | C24: 0,65 m3 | D24: Máy đào một gầu, bánh xích - dung tích gầu 0,6m3 | E24: Máy đào 0.65m3 | F24: avulsion excavator 0.6m3 | G24: 59.4 | K24: 1 | L24: =+V24 -> 98673 | M24: =+W24 -> 988189 | N24: =SUMPRODUCT(G24:J24,$G$12:$J$12,$G$9:$J$9) -> 965045.34 | P24: =+N24+M24*$G$13 -> 2239809.1 | Q24: =SUMIF('8.Dgia'!E:E,'9.may'!E24,'8.Dgia'!P:P) -> 0 | R24: =N24*Q24 -> 0 | S24: =L24*($G$13-1) -> 28615.17 | T24: =S24+N24+M24 -> 1981849.5 | U24: 425239 | V24: 98673 | W24: 988189 | Y24: =W24-T24 -> -993660.51 | Z24: =W24-M24 -> 0 | AC24: =+P24*Q24 -> 0
A25: 1 | B25: =IF(A25<>0,COUNTA(A$19:$A25),"") -> 4 | C25: 0,80 m3 | D25: Máy đào một gầu, bánh xích - dung tích gầu 0,8m3 | E25: Máy đào 0.8m3 | F25: avulsion excavator 0.8m3 | G25: 64.8 | K25: 1 | L25: =+V25 -> 98673 | M25: =+W25 -> 1172540 | N25: =SUMPRODUCT(G25:J25,$G$12:$J$12,$G$9:$J$9) -> 1052776.7 | P25: =+N25+M25*$G$13 -> 2565353.3 | Q25: =SUMIF('8.Dgia'!E:E,'9.may'!E25,'8.Dgia'!P:P) -> #REF! | R25: =N25*Q25 -> #REF! | S25: =L25*($G$13-1) -> 28615.17 | T25: =S25+N25+M25 -> 2253931.9 | U25: 463897 | V25: 98673 | W25: 1172540 | Y25: =W25-T25 -> -1081391.9 | Z25: =W25-M25 -> 0 | AC25: =+P25*Q25 -> #REF!
B26: =IF(A26<>0,COUNTA(A$19:$A26),"") | C26: 1,00 m3 | G26: 74.52 | K26: 1 | L26: =+V26 -> 114786 | M26: =+W26 -> 1416535 | N26: =SUMPRODUCT(G26:J26,$G$12:$J$12,$G$9:$J$9) -> 1210693.2 | P26: =+N26+M26*$G$13 -> 3038023.4 | Q26: =SUMIF('8.Dgia'!E:E,'9.may'!E26,'8.Dgia'!P:P) -> 0 | R26: =N26*Q26 -> 0 | S26: =L26*($G$13-1) -> 33287.94 | T26: =S26+N26+M26 -> 2660516.2 | U26: 533481 | V26: 114786 | W26: 1416535 | Y26: =W26-T26 -> -1243981.2 | Z26: =W26-M26 -> 0 | AC26: =+P26*Q26 -> 0
B27: =IF(A27<>0,COUNTA(A$19:$A27),"") | C27: 1,20 m3 | G27: 78.3 | K27: 1 | L27: =+V27 -> 114786 | M27: =+W27 -> 1694841 | N27: =SUMPRODUCT(G27:J27,$G$12:$J$12,$G$9:$J$9) -> 1272105.2 | P27: =+N27+M27*$G$13 -> 3458450.1 | Q27: =SUMIF('8.Dgia'!E:E,'9.may'!E27,'8.Dgia'!P:P) -> 0 | R27: =N27*Q27 -> 0 | S27: =L27*($G$13-1) -> 33287.94 | T27: =S27+N27+M27 -> 3000234.2 | U27: 560542 | V27: 114786 | W27: 1694841 | Y27: =W27-T27 -> -1305393.2 | Z27: =W27-M27 -> 0 | AC27: =+P27*Q27 -> 0
A28: 1 | B28: =IF(A28<>0,COUNTA(A$19:$A28),"") -> 5 | C28: 1,25 m3 | D28: Máy đào một gầu, bánh xích - dung tích gầu 1,25m3 | E28: Máy đào 1.25m3 | F28: avulsion excavator 1.25m3 | G28: 82.62 | K28: 1 | L28: =+V28 -> 114786 | M28: =+W28 -> 1734502 | N28: =SUMPRODUCT(G28:J28,$G$12:$J$12,$G$9:$J$9) -> 1342290.3 | P28: =+N28+M28*$G$13 -> 3579797.9 | Q28: =SUMIF('8.Dgia'!E:E,'9.may'!E28,'8.Dgia'!P:P) -> #REF! | R28: =N28*Q28 -> #REF! | S28: =L28*($G$13-1) -> 33287.94 | T28: =S28+N28+M28 -> 3110080.3 | U28: 591468 | V28: 114786 | W28: 1734502 | Y28: =W28-T28 -> -1375578.3 | Z28: =W28-M28 -> 0 | AC28: =+P28*Q28 -> #REF!
A29: 1 | B29: =IF(A29<>0,COUNTA(A$19:$A29),"") -> 6 | C29: 1,60 m3 | D29: Máy đào một gầu, bánh xích - dung tích gầu 1,6m3 | E29: Máy đào 1 gàu 1.6m3 | F29: avulsion excavator 1.6m3 | G29: 113.22 | K29: 1 | L29: =+V29 -> 114786 | M29: =+W29 -> 1929626 | N29: =SUMPRODUCT(G29:J29,$G$12:$J$12,$G$9:$J$9) -> 1839434.9 | P29: =+N29+M29*$G$13 -> 4328652.4 | Q29: =SUMIF('8.Dgia'!E:E,'9.may'!E29,'8.Dgia'!P:P) -> #REF! | R29: =N29*Q29 -> #REF! | S29: =L29*($G$13-1) -> 33287.94 | T29: =S29+N29+M29 -> 3802348.8 | U29: 810531 | V29: 114786 | W29: 1929626 | Y29: =W29-T29 -> -1872722.8 | Z29: =W29-M29 -> 0 | AC29: =+P29*Q29 -> #REF!
B30: =IF(A30<>0,COUNTA(A$19:$A30),"") | C30: 2,00 m3 | G30: 127.5 | K30: 1 | L30: =+V30 -> 125981 | M30: =+W30 -> 2309418 | N30: =SUMPRODUCT(G30:J30,$G$12:$J$12,$G$9:$J$9) -> 2071435.7 | P30: =+N30+M30*$G$13 -> 5050584.9 | Q30: =SUMIF('8.Dgia'!E:E,'9.may'!E30,'8.Dgia'!P:P) -> 0 | R30: =N30*Q30 -> 0 | S30: =L30*($G$13-1) -> 36534.49 | T30: =S30+N30+M30 -> 4417388.2 | U30: 912760 | V30: 125981 | W30: 2309418 | Y30: =W30-T30 -> -2107970.2 | Z30: =W30-M30 -> 0 | AC30: =+P30*Q30 -> 0
A31: 1 | B31: =IF(A31<>0,COUNTA(A$19:$A31),"") -> 7 | C31: 2,30 m3 | D31: Máy đào một gầu, bánh xích - dung tích gầu 2,3m3 | E31: Máy đào 1 gàu 2.3m3 | F31: avulsion excavator 2.3m3 | G31: 137.7 | K31: 1 | L31: =+V31 -> 125981 | M31: =+W31 -> 2629427 | N31: =SUMPRODUCT(G31:J31,$G$12:$J$12,$G$9:$J$9) -> 2237150.6 | P31: =+N31+M31*$G$13 -> 5629111.4 | Q31: =SUMIF('8.Dgia'!E:E,'9.may'!E31,'8.Dgia'!P:P) -> #REF! | R31: =N31*Q31 -> #REF! | S31: =L31*($G$13-1) -> 36534.49 | T31: =S31+N31+M31 -> 4903112.1 | U31: 985781 | V31: 125981 | W31: 2629427 | Y31: =W31-T31 -> -2273685.1 | Z31: =W31-M31 -> 0 | AC31: =+P31*Q31 -> #REF!
B32: =IF(A32<>0,COUNTA(A$19:$A32),"") | C32: 2,50 m3 | G32: 163.71 | K32: 1 | L32: =+V32 -> 125981 | M32: =+W32 -> 2842767 | N32: =SUMPRODUCT(G32:J32,$G$12:$J$12,$G$9:$J$9) -> 2659723.4 | P32: =+N32+M32*$G$13 -> 6326892.9 | Q32: =SUMIF('8.Dgia'!E:E,'9.may'!E32,'8.Dgia'!P:P) -> 0 | R32: =N32*Q32 -> 0 | S32: =L32*($G$13-1) -> 36534.49 | T32: =S32+N32+M32 -> 5539024.9 | U32: 1171984 | V32: 125981 | W32: 2842767 | Y32: =W32-T32 -> -2696257.9 | Z32: =W32-M32 -> 0 | AC32: =+P32*Q32 -> 0
B33: =IF(A33<>0,COUNTA(A$19:$A33),"") | C33: 3,50 m3 | G33: 196.35 | K33: 1 | L33: =+V33 -> 125981 | M33: =+W33 -> 3814342 | N33: =SUMPRODUCT(G33:J33,$G$12:$J$12,$G$9:$J$9) -> 3190011 | P33: =+N33+M33*$G$13 -> 8110512.2 | Q33: =SUMIF('8.Dgia'!E:E,'9.may'!E33,'8.Dgia'!P:P) -> 0 | R33: =N33*Q33 -> 0 | S33: =L33*($G$13-1) -> 36534.49 | T33: =S33+N33+M33 -> 7040887.5 | U33: 1405650 | V33: 125981 | W33: 3814342 | Y33: =W33-T33 -> -3226545.5 | Z33: =W33-M33 -> 0 | AC33: =+P33*Q33 -> 0
A34: 1 | B34: =IF(A34<>0,COUNTA(A$19:$A34),"") -> 8 | C34: 3,60 m3 | D34: Máy đào một gầu, bánh xích - dung tích gầu 3,6m3 | E34: Máy đào 1 gàu 3.6m3 | F34: avulsion excavator 3.6m3 | G34: 198.9 | K34: 1 | L34: =+V34 -> 125981 | M34: =+W34 -> 3961412 | N34: =SUMPRODUCT(G34:J34,$G$12:$J$12,$G$9:$J$9) -> 3231439.7 | P34: =+N34+M34*$G$13 -> 8341661.2 | Q34: =SUMIF('8.Dgia'!E:E,'9.may'!E34,'8.Dgia'!P:P) -> 0 | R34: =N34*Q34 -> 0 | S34: =L34*($G$13-1) -> 36534.49 | T34: =S34+N34+M34 -> 7229386.2 | U34: 1423905 | V34: 125981 | W34: 3961412 | Y34: =W34-T34 -> -3267974.2 | Z34: =W34-M34 -> 0 | AC34: =+P34*Q34 -> 0
B35: =IF(A35<>0,COUNTA(A$19:$A35),"") | C35: 5,40 m3 | G35: 218.28 | K35: 1 | L35: =+V35 -> 125981 | M35: =+W35 -> 4588826 | N35: =SUMPRODUCT(G35:J35,$G$12:$J$12,$G$9:$J$9) -> 3546297.9 | P35: =+N35+M35*$G$13 -> 9465883.5 | Q35: =SUMIF('8.Dgia'!E:E,'9.may'!E35,'8.Dgia'!P:P) -> 0 | R35: =N35*Q35 -> 0 | S35: =L35*($G$13-1) -> 36534.49 | T35: =S35+N35+M35 -> 8171658.4 | U35: 1562645 | V35: 125981 | W35: 4588826 | Y35: =W35-T35 -> -3582832.4 | Z35: =W35-M35 -> 0 | AC35: =+P35*Q35 -> 0
B36: =IF(A36<>0,COUNTA(A$19:$A36),"") | C36: 6,50 m3 | G36: 332.01 | K36: 1 | L36: =+V36 -> 125981 | M36: =+W36 -> 6337827 | N36: =SUMPRODUCT(G36:J36,$G$12:$J$12,$G$9:$J$9) -> 5394018.6 | P36: =+N36+M36*$G$13 -> 13569815 | Q36: =SUMIF('8.Dgia'!E:E,'9.may'!E36,'8.Dgia'!P:P) -> 0 | R36: =N36*Q36 -> 0 | S36: =L36*($G$13-1) -> 36534.49 | T36: =S36+N36+M36 -> 11768380 | U36: 2376826 | V36: 125981 | W36: 6337827 | Y36: =W36-T36 -> -5430553.1 | Z36: =W36-M36 -> 0 | AC36: =+P36*Q36 -> 0
B37: =IF(A37<>0,COUNTA(A$19:$A37),"") | C37: 9,50 m3 | G37: 397.8 | K37: 1 | L37: =+V37 -> 125981 | M37: =+W37 -> 8770459 | N37: =SUMPRODUCT(G37:J37,$G$12:$J$12,$G$9:$J$9) -> 6462879.4 | P37: =+N37+M37*$G$13 -> 17776772 | Q37: =SUMIF('8.Dgia'!E:E,'9.may'!E37,'8.Dgia'!P:P) -> 0 | R37: =N37*Q37 -> 0 | S37: =L37*($G$13-1) -> 36534.49 | T37: =S37+N37+M37 -> 15269873 | U37: 2847810 | V37: 125981 | W37: 8770459 | Y37: =W37-T37 -> -6499413.9 | Z37: =W37-M37 -> 0 | AC37: =+P37*Q37 -> 0
B38: =IF(A38<>0,COUNTA(A$19:$A38),"") | C38: 10,40 m3 | G38: 408 | K38: 1 | L38: =+V38 -> 125981 | M38: =+W38 -> 9552950 | N38: =SUMPRODUCT(G38:J38,$G$12:$J$12,$G$9:$J$9) -> 6628594.3 | P38: =+N38+M38*$G$13 -> 18951900 | Q38: =SUMIF('8.Dgia'!E:E,'9.may'!E38,'8.Dgia'!P:P) -> 0 | R38: =N38*Q38 -> 0 | S38: =L38*($G$13-1) -> 36534.49 | T38: =S38+N38+M38 -> 16218079 | U38: 2920831 | V38: 125981 | W38: 9552950 | Y38: =W38-T38 -> -6665128.7 | Z38: =W38-M38 -> 0 | AC38: =+P38*Q38 -> 0
B39: =IF(A39<>0,COUNTA(A$19:$A39),"") | C39: Máy đào một gầu, bánh xích, động cơ điện - dung tích gầu: | L39: =+V39 -> 0 | M39: =+W39 -> 0 | P39: =+N39+M39*$G$13 -> 0 | Q39: =SUMIF('8.Dgia'!E:E,'9.may'!E39,'8.Dgia'!P:P) -> 0 | R39: =N39*Q39 -> 0 | S39: =L39*($G$13-1) -> 0 | T39: =S39+N39+M39 -> 0 | Y39: =W39-T39 -> 0 | Z39: =W39-M39 -> 0 | AC39: =+P39*Q39 -> 0
B40: =IF(A40<>0,COUNTA(A$19:$A40),"") | C40: 2,50 m3 | H40: 672 | K40: 1 | L40: =+V40 -> 125981 | M40: =+W40 -> 2180218 | N40: =SUMPRODUCT(G40:J40,$G$12:$J$12,$G$9:$J$9) -> 427828.8 | P40: =+N40+M40*$G$13 -> 3240310 | Q40: =SUMIF('8.Dgia'!E:E,'9.may'!E40,'8.Dgia'!P:P) -> 0 | R40: =N40*Q40 -> 0 | S40: =L40*($G$13-1) -> 36534.49 | T40: =S40+N40+M40 -> 2644581.3 | U40: 643541 | V40: 125981 | W40: 2180218 | Y40: =W40-T40 -> -464363.29 | Z40: =W40-M40 -> 0 | AC40: =+P40*Q40 -> 0
B41: =IF(A41<>0,COUNTA(A$19:$A41),"") | C41: 4,00 m3 | H41: 924 | K41: 1 | L41: =+V41 -> 125981 | M41: =+W41 -> 2941696 | N41: =SUMPRODUCT(G41:J41,$G$12:$J$12,$G$9:$J$9) -> 588264.6 | P41: =+N41+M41*$G$13 -> 4383052.4 | Q41: =SUMIF('8.Dgia'!E:E,'9.may'!E41,'8.Dgia'!P:P) -> 0 | R41: =N41*Q41 -> 0 | S41: =L41*($G$13-1) -> 36534.49 | T41: =S41+N41+M41 -> 3566495.1 | U41: 884869 | V41: 125981 | W41: 2941696 | Y41: =W41-T41 -> -624799.09 | Z41: =W41-M41 -> 0 | AC41: =+P41*Q41 -> 0
B42: =IF(A42<>0,COUNTA(A$19:$A42),"") | C42: 4,60 m3 | H42: 1050 | K42: 1 | L42: =+V42 -> 125981 | M42: =+W42 -> 3827050 | N42: =SUMPRODUCT(G42:J42,$G$12:$J$12,$G$9:$J$9) -> 668482.5 | P42: =+N42+M42*$G$13 -> 5605377 | Q42: =SUMIF('8.Dgia'!E:E,'9.may'!E42,'8.Dgia'!P:P) -> 0 | R42: =N42*Q42 -> 0 | S42: =L42*($G$13-1) -> 36534.49 | T42: =S42+N42+M42 -> 4532067 | U42: 1005533 | V42: 125981 | W42: 3827050 | Y42: =W42-T42 -> -705016.99 | Z42: =W42-M42 -> 0 | AC42: =+P42*Q42 -> 0
B43: =IF(A43<>0,COUNTA(A$19:$A43),"") | C43: 5,00 m3 | H43: 1134 | K43: 1 | L43: =+V43 -> 125981 | M43: =+W43 -> 3954666 | N43: =SUMPRODUCT(G43:J43,$G$12:$J$12,$G$9:$J$9) -> 721961.1 | P43: =+N43+M43*$G$13 -> 5823480.2 | Q43: =SUMIF('8.Dgia'!E:E,'9.may'!E43,'8.Dgia'!P:P) -> 0 | R43: =N43*Q43 -> 0 | S43: =L43*($G$13-1) -> 36534.49 | T43: =S43+N43+M43 -> 4713161.6 | U43: 1085975 | V43: 125981 | W43: 3954666 | Y43: =W43-T43 -> -758495.59 | Z43: =W43-M43 -> 0 | AC43: =+P43*Q43 -> 0
B44: =IF(A44<>0,COUNTA(A$19:$A44),"") | C44: 8,00 m3 | H44: 2079 | K44: 1 | L44: =+V44 -> 125981 | M44: =+W44 -> 6899557 | N44: =SUMPRODUCT(G44:J44,$G$12:$J$12,$G$9:$J$9) -> 1323595.4 | P44: =+N44+M44*$G$13 -> 10224024 | Q44: =SUMIF('8.Dgia'!E:E,'9.may'!E44,'8.Dgia'!P:P) -> 0 | R44: =N44*Q44 -> 0 | S44: =L44*($G$13-1) -> 36534.49 | T44: =S44+N44+M44 -> 8259686.8 | U44: 1990954 | V44: 125981 | W44: 6899557 | Y44: =W44-T44 -> -1360129.8 | Z44: =W44-M44 -> 0 | AC44: =+P44*Q44 -> 0
B45: =IF(A45<>0,COUNTA(A$19:$A45),"") | C45: Máy đào một gầu, bánh hơi - dung tích gầu: | L45: =+V45 -> 0 | M45: =+W45 -> 0 | P45: =+N45+M45*$G$13 -> 0 | Q45: =SUMIF('8.Dgia'!E:E,'9.may'!E45,'8.Dgia'!P:P) -> 0 | R45: =N45*Q45 -> 0 | S45: =L45*($G$13-1) -> 0 | T45: =S45+N45+M45 -> 0 | Y45: =W45-T45 -> 0 | Z45: =W45-M45 -> 0 | AC45: =+P45*Q45 -> 0
B46: =IF(A46<>0,COUNTA(A$19:$A46),"") | C46: 0,15 m3 | G46: 29.7 | K46: 1 | L46: =+V46 -> 48658 | M46: =+W46 -> 357815 | N46: =SUMPRODUCT(G46:J46,$G$12:$J$12,$G$9:$J$9) -> 482522.67 | P46: =+N46+M46*$G$13 -> 944104.02 | Q46: =SUMIF('8.Dgia'!E:E,'9.may'!E46,'8.Dgia'!P:P) -> 0 | R46: =N46*Q46 -> 0 | S46: =L46*($G$13-1) -> 14110.82 | T46: =S46+N46+M46 -> 854448.49 | U46: 212619 | V46: 48658 | W46: 357815 | Y46: =W46-T46 -> -496633.49 | Z46: =W46-M46 -> 0 | AC46: =+P46*Q46 -> 0
B47: =IF(A47<>0,COUNTA(A$19:$A47),"") | C47: 0,30 m3 | G47: 33.48 | K47: 1 | L47: =+V47 -> 48658 | M47: =+W47 -> 472816 | N47: =SUMPRODUCT(G47:J47,$G$12:$J$12,$G$9:$J$9) -> 543934.65 | P47: =+N47+M47*$G$13 -> 1153867.3 | Q47: =SUMIF('8.Dgia'!E:E,'9.may'!E47,'8.Dgia'!P:P) -> 0 | R47: =N47*Q47 -> 0 | S47: =L47*($G$13-1) -> 14110.82 | T47: =S47+N47+M47 -> 1030861.5 | U47: 239680 | V47: 48658 | W47: 472816 | Y47: =W47-T47 -> -558045.47 | Z47: =W47-M47 -> 0 | AC47: =+P47*Q47 -> 0
B48: =IF(A48<>0,COUNTA(A$19:$A48),"") | C48: 0,75 m3 | G48: 56.7 | K48: 1 | L48: =+V48 -> 98673 | M48: =+W48 -> 956154 | N48: =SUMPRODUCT(G48:J48,$G$12:$J$12,$G$9:$J$9) -> 921179.64 | P48: =+N48+M48*$G$13 -> 2154618.3 | Q48: =SUMIF('8.Dgia'!E:E,'9.may'!E48,'8.Dgia'!P:P) -> 0 | R48: =N48*Q48 -> 0 | S48: =L48*($G$13-1) -> 28615.17 | T48: =S48+N48+M48 -> 1905948.8 | U48: 405910 | V48: 98673 | W48: 956154 | Y48: =W48-T48 -> -949794.81 | Z48: =W48-M48 -> 0 | AC48: =+P48*Q48 -> 0
B49: =IF(A49<>0,COUNTA(A$19:$A49),"") | C49: 1,25 m3 | G49: 73.44 | K49: 1 | L49: =+V49 -> 114786 | M49: =+W49 -> 1709098 | N49: =SUMPRODUCT(G49:J49,$G$12:$J$12,$G$9:$J$9) -> 1193147 | P49: =+N49+M49*$G$13 -> 3397883.4 | Q49: =SUMIF('8.Dgia'!E:E,'9.may'!E49,'8.Dgia'!P:P) -> 0 | R49: =N49*Q49 -> 0 | S49: =L49*($G$13-1) -> 33287.94 | T49: =S49+N49+M49 -> 2935532.9 | U49: 525750 | V49: 114786 | W49: 1709098 | Y49: =W49-T49 -> -1226434.9 | Z49: =W49-M49 -> 0 | AC49: =+P49*Q49 -> 0
B50: =IF(A50<>0,COUNTA(A$19:$A50),"") | C50: Máy xúc lật - dung tích gầu: | F50: avulsion excavator | L50: =+V50 -> 0 | M50: =+W50 -> 0 | P50: =+N50+M50*$G$13 -> 0 | Q50: =SUMIF('8.Dgia'!E:E,'9.may'!E50,'8.Dgia'!P:P) -> 0 | R50: =N50*Q50 -> 0 | S50: =L50*($G$13-1) -> 0 | T50: =S50+N50+M50 -> 0 | Y50: =W50-T50 -> 0 | Z50: =W50-M50 -> 0 | AC50: =+P50*Q50 -> 0
B51: =IF(A51<>0,COUNTA(A$19:$A51),"") | C51: 1,00 m3 | F51: avulsion excavator 1m3 | G51: 38.76 | K51: 1 | L51: =+V51 -> 48658 | M51: =+W51 -> 657941 | N51: =SUMPRODUCT(G51:J51,$G$12:$J$12,$G$9:$J$9) -> 629716.45 | P51: =+N51+M51*$G$13 -> 1478460.3 | Q51: =SUMIF('8.Dgia'!E:E,'9.may'!E51,'8.Dgia'!P:P) -> 0 | R51: =N51*Q51 -> 0 | S51: =L51*($G$13-1) -> 14110.82 | T51: =S51+N51+M51 -> 1301768.3 | U51: 277479 | V51: 48658 | W51: 657941 | Y51: =W51-T51 -> -643827.27 | Z51: =W51-M51 -> 0 | AC51: =+P51*Q51 -> 0
A52: 1 | B52: =IF(A52<>0,COUNTA(A$19:$A52),"") -> 9 | C52: 1,65 m3 | D52: Máy xúc lật - dung tích gầu 1,65 m3 | E52: Máy xúc lật 1.6m3 | F52: avulsion excavator 1.6m3 | G52: 75.24 | K52: 1 | L52: =+V52 -> 98673 | M52: =+W52 -> 998561 | N52: =SUMPRODUCT(G52:J52,$G$12:$J$12,$G$9:$J$9) -> 1222390.8 | P52: =+N52+M52*$G$13 -> 2510534.5 | Q52: =SUMIF('8.Dgia'!E:E,'9.may'!E52,'8.Dgia'!P:P) -> 0 | R52: =N52*Q52 -> 0 | S52: =L52*($G$13-1) -> 28615.17 | T52: =S52+N52+M52 -> 2249566.9 | U52: 538636 | V52: 98673 | W52: 998561 | Y52: =W52-T52 -> -1251005.9 | Z52: =W52-M52 -> 0 | AC52: =+P52*Q52 -> 0
B53: =IF(A53<>0,COUNTA(A$19:$A53),"") | C53: 2,00 m3 | G53: 86.64 | K53: 1 | L53: =+V53 -> 98673 | M53: =+W53 -> 1065250 | N53: =SUMPRODUCT(G53:J53,$G$12:$J$12,$G$9:$J$9) -> 1407601.5 | P53: =+N53+M53*$G$13 -> 2781774 | Q53: =SUMIF('8.Dgia'!E:E,'9.may'!E53,'8.Dgia'!P:P) -> 0 | R53: =N53*Q53 -> 0 | S53: =L53*($G$13-1) -> 28615.17 | T53: =S53+N53+M53 -> 2501466.7 | U53: 620247 | V53: 98673 | W53: 1065250 | Y53: =W53-T53 -> -1436216.7 | Z53: =W53-M53 -> 0 | AC53: =+P53*Q53 -> 0
B54: =IF(A54<>0,COUNTA(A$19:$A54),"") | C54: 2,80 m3 | G54: 100.8 | K54: 1 | L54: =+V54 -> 114786 | M54: =+W54 -> 1468362 | N54: =SUMPRODUCT(G54:J54,$G$12:$J$12,$G$9:$J$9) -> 1637652.7 | P54: =+N54+M54*$G$13 -> 3531839.7 | Q54: =SUMIF('8.Dgia'!E:E,'9.may'!E54,'8.Dgia'!P:P) -> 0 | R54: =N54*Q54 -> 0 | S54: =L54*($G$13-1) -> 33287.94 | T54: =S54+N54+M54 -> 3139302.6 | U54: 721617 | V54: 114786 | W54: 1468362 | Y54: =W54-T54 -> -1670940.6 | Z54: =W54-M54 -> 0 | AC54: =+P54*Q54 -> 0
B55: =IF(A55<>0,COUNTA(A$19:$A55),"") | C55: 3,20 m3 | G55: 134.4 | K55: 1 | L55: =+V55 -> 114786 | M55: =+W55 -> 1986245 | N55: =SUMPRODUCT(G55:J55,$G$12:$J$12,$G$9:$J$9) -> 2183536.9 | P55: =+N55+M55*$G$13 -> 4745793 | Q55: =SUMIF('8.Dgia'!E:E,'9.may'!E55,'8.Dgia'!P:P) -> 0 | R55: =N55*Q55 -> 0 | S55: =L55*($G$13-1) -> 33287.94 | T55: =S55+N55+M55 -> 4203069.9 | U55: 962156 | V55: 114786 | W55: 1986245 | Y55: =W55-T55 -> -2216824.9 | Z55: =W55-M55 -> 0 | AC55: =+P55*Q55 -> 0
B56: =IF(A56<>0,COUNTA(A$19:$A56),"") | C56: 4,20 m3 | G56: 159.6 | K56: 1 | L56: =+V56 -> 114786 | M56: =+W56 -> 2462213 | N56: =SUMPRODUCT(G56:J56,$G$12:$J$12,$G$9:$J$9) -> 2592950.1 | P56: =+N56+M56*$G$13 -> 5769204.9 | Q56: =SUMIF('8.Dgia'!E:E,'9.may'!E56,'8.Dgia'!P:P) -> 0 | R56: =N56*Q56 -> 0 | S56: =L56*($G$13-1) -> 33287.94 | T56: =S56+N56+M56 -> 5088451 | U56: 1142560 | V56: 114786 | W56: 2462213 | Y56: =W56-T56 -> -2626238 | Z56: =W56-M56 -> 0 | AC56: =+P56*Q56 -> 0
B57: =IF(A57<>0,COUNTA(A$19:$A57),"") | C57: Máy xúc chuyên dùng trong hầm - dung tích gầu: | L57: =+V57 -> 0 | M57: =+W57 -> 0 | P57: =+N57+M57*$G$13 -> 0 | Q57: =SUMIF('8.Dgia'!E:E,'9.may'!E57,'8.Dgia'!P:P) -> 0 | R57: =N57*Q57 -> 0 | S57: =L57*($G$13-1) -> 0 | T57: =S57+N57+M57 -> 0 | Y57: =W57-T57 -> 0 | Z57: =W57-M57 -> 0 | AC57: =+P57*Q57 -> 0
B58: =IF(A58<>0,COUNTA(A$19:$A58),"") | C58: 0,90 m3 | G58: 51.84 | K58: 1 | L58: =+V58 -> 98673 | M58: =+W58 -> 1400462 | N58: =SUMPRODUCT(G58:J58,$G$12:$J$12,$G$9:$J$9) -> 842221.39 | P58: =+N58+M58*$G$13 -> 2648817.4 | Q58: =SUMIF('8.Dgia'!E:E,'9.may'!E58,'8.Dgia'!P:P) -> 0 | R58: =N58*Q58 -> 0 | S58: =L58*($G$13-1) -> 28615.17 | T58: =S58+N58+M58 -> 2271298.6 | U58: 371117 | V58: 98673 | W58: 1400462 | Y58: =W58-T58 -> -870836.56 | Z58: =W58-M58 -> 0 | AC58: =+P58*Q58 -> 0
B59: =IF(A59<>0,COUNTA(A$19:$A59),"") | C59: 1,65 m3 | G59: 65.25 | K59: 1 | L59: =+V59 -> 98673 | M59: =+W59 -> 1613793 | N59: =SUMPRODUCT(G59:J59,$G$12:$J$12,$G$9:$J$9) -> 1060087.7 | P59: =+N59+M59*$G$13 -> 3141880.7 | Q59: =SUMIF('8.Dgia'!E:E,'9.may'!E59,'8.Dgia'!P:P) -> 0 | R59: =N59*Q59 -> 0 | S59: =L59*($G$13-1) -> 28615.17 | T59: =S59+N59+M59 -> 2702495.9 | U59: 467118 | V59: 98673 | W59: 1613793 | Y59: =W59-T59 -> -1088702.9 | Z59: =W59-M59 -> 0 | AC59: =+P59*Q59 -> 0
B60: =IF(A60<>0,COUNTA(A$19:$A60),"") | C60: 4,20 m3 | G60: 89.04 | K60: 1 | L60: =+V60 -> 114786 | M60: =+W60 -> 2802148 | N60: =SUMPRODUCT(G60:J60,$G$12:$J$12,$G$9:$J$9) -> 1446593.2 | P60: =+N60+M60*$G$13 -> 5061364.1 | Q60: =SUMIF('8.Dgia'!E:E,'9.may'!E60,'8.Dgia'!P:P) -> 0 | R60: =N60*Q60 -> 0 | S60: =L60*($G$13-1) -> 33287.94 | T60: =S60+N60+M60 -> 4282029.2 | U60: 637428 | V60: 114786 | W60: 2802148 | Y60: =W60-T60 -> -1479881.2 | Z60: =W60-M60 -> 0 | AC60: =+P60*Q60 -> 0
B61: =IF(A61<>0,COUNTA(A$19:$A61),"") | C61: Máy cào đá, động cơ điện - năng suất: | L61: =+V61 -> 0 | M61: =+W61 -> 0 | P61: =+N61+M61*$G$13 -> 0 | Q61: =SUMIF('8.Dgia'!E:E,'9.may'!E61,'8.Dgia'!P:P) -> 0 | R61: =N61*Q61 -> 0 | S61: =L61*($G$13-1) -> 0 | T61: =S61+N61+M61 -> 0 | Y61: =W61-T61 -> 0 | Z61: =W61-M61 -> 0 | AC61: =+P61*Q61 -> 0
B62: =IF(A62<>0,COUNTA(A$19:$A62),"") | C62: 2 m3/ph | D62: Máy cào đá, dộng cơ điện - năng suất 2m3/ph | H62: 132 | K62: 1 | L62: =+V62 -> 105458 | M62: =+W62 -> 400594 | N62: =SUMPRODUCT(G62:J62,$G$12:$J$12,$G$9:$J$9) -> 84037.8 | P62: =+N62+M62*$G$13 -> 600804.06 | Q62: =SUMIF('8.Dgia'!E:E,'9.may'!E62,'8.Dgia'!P:P) -> 0 | R62: =N62*Q62 -> 0 | S62: =L62*($G$13-1) -> 30582.82 | T62: =S62+N62+M62 -> 515214.62 | U62: 126410 | V62: 105458 | W62: 400594 | Y62: =W62-T62 -> -114620.62 | Z62: =W62-M62 -> 0 | AC62: =+P62*Q62 -> 0
B63: =IF(A63<>0,COUNTA(A$19:$A63),"") | C63: 3 m3/ph | H63: 247.5 | K63: 1 | L63: =+V63 -> 105458 | M63: =+W63 -> 639602 | N63: =SUMPRODUCT(G63:J63,$G$12:$J$12,$G$9:$J$9) -> 157570.88 | P63: =+N63+M63*$G$13 -> 982657.46 | Q63: =SUMIF('8.Dgia'!E:E,'9.may'!E63,'8.Dgia'!P:P) -> 0 | R63: =N63*Q63 -> 0 | S63: =L63*($G$13-1) -> 30582.82 | T63: =S63+N63+M63 -> 827755.7 | U63: 237018 | V63: 105458 | W63: 639602 | Y63: =W63-T63 -> -188153.7 | Z63: =W63-M63 -> 0 | AC63: =+P63*Q63 -> 0
B64: =IF(A64<>0,COUNTA(A$19:$A64),"") | C64: 8 m3/ph | H64: 673.2 | K64: 1 | L64: =+V64 -> 114786 | M64: =+W64 -> 1398593 | N64: =SUMPRODUCT(G64:J64,$G$12:$J$12,$G$9:$J$9) -> 428592.78 | P64: =+N64+M64*$G$13 -> 2232777.8 | Q64: =SUMIF('8.Dgia'!E:E,'9.may'!E64,'8.Dgia'!P:P) -> 0 | R64: =N64*Q64 -> 0 | S64: =L64*($G$13-1) -> 33287.94 | T64: =S64+N64+M64 -> 1860473.7 | U64: 644690 | V64: 114786 | W64: 1398593 | Y64: =W64-T64 -> -461880.72 | Z64: =W64-M64 -> 0 | AC64: =+P64*Q64 -> 0
B65: =IF(A65<>0,COUNTA(A$19:$A65),"") | C65: Máy ủi - công suất: | L65: =+V65 -> 0 | M65: =+W65 -> 0 | P65: =+N65+M65*$G$13 -> 0 | Q65: =SUMIF('8.Dgia'!E:E,'9.may'!E65,'8.Dgia'!P:P) -> 0 | R65: =N65*Q65 -> 0 | S65: =L65*($G$13-1) -> 0 | T65: =S65+N65+M65 -> 0 | Y65: =W65-T65 -> 0 | Z65: =W65-M65 -> 0 | AC65: =+P65*Q65 -> 0
B66: =IF(A66<>0,COUNTA(A$19:$A66),"") | C66: 45,0 CV | G66: 22.95 | K66: 1 | L66: =+V66 -> 48658 | M66: =+W66 -> 454483 | N66: =SUMPRODUCT(G66:J66,$G$12:$J$12,$G$9:$J$9) -> 372858.43 | P66: =+N66+M66*$G$13 -> 959141.5 | Q66: =SUMIF('8.Dgia'!E:E,'9.may'!E66,'8.Dgia'!P:P) -> 0 | R66: =N66*Q66 -> 0 | S66: =L66*($G$13-1) -> 14110.82 | T66: =S66+N66+M66 -> 841452.25 | U66: 164297 | V66: 48658 | W66: 454483 | Y66: =W66-T66 -> -386969.25 | Z66: =W66-M66 -> 0 | AC66: =+P66*Q66 -> 0
B67: =IF(A67<>0,COUNTA(A$19:$A67),"") | C67: 54,0 CV | G67: 27.54 | K67: 1 | L67: =+V67 -> 48658 | M67: =+W67 -> 497190 | N67: =SUMPRODUCT(G67:J67,$G$12:$J$12,$G$9:$J$9) -> 447430.11 | P67: =+N67+M67*$G$13 -> 1088805.2 | Q67: =SUMIF('8.Dgia'!E:E,'9.may'!E67,'8.Dgia'!P:P) -> 0 | R67: =N67*Q67 -> 0 | S67: =L67*($G$13-1) -> 14110.82 | T67: =S67+N67+M67 -> 958730.93 | U67: 197156 | V67: 48658 | W67: 497190 | Y67: =W67-T67 -> -461540.93 | Z67: =W67-M67 -> 0 | AC67: =+P67*Q67 -> 0
A68: 1 | B68: =IF(A68<>0,COUNTA(A$19:$A68),"") -> 10 | C68: 75,0 CV | D68: Máy ủi - công suất 75CV | E68: Máy ủi 75cv | F68: bulldozer 75CV | G68: 38.25 | K68: 1 | L68: =+V68 -> 48658 | M68: =+W68 -> 674846 | N68: =SUMPRODUCT(G68:J68,$G$12:$J$12,$G$9:$J$9) -> 621430.71 | P68: =+N68+M68*$G$13 -> 1491982.1 | Q68: =SUMIF('8.Dgia'!E:E,'9.may'!E68,'8.Dgia'!P:P) -> 0 | R68: =N68*Q68 -> 0 | S68: =L68*($G$13-1) -> 14110.82 | T68: =S68+N68+M68 -> 1310387.5 | U68: 273828 | V68: 48658 | W68: 674846 | Y68: =W68-T68 -> -635541.53 | Z68: =W68-M68 -> 0 | AC68: =+P68*Q68 -> 0
B69: =IF(A69<>0,COUNTA(A$19:$A69),"") | C69: 105,0 CV | D69: Máy ủi - công suất 105CV | G69: 44.1 | K69: 1 | L69: =+V69 -> 98673 | M69: =+W69 -> 928137 | N69: =SUMPRODUCT(G69:J69,$G$12:$J$12,$G$9:$J$9) -> 716473.06 | P69: =+N69+M69*$G$13 -> 1913769.8 | Q69: =SUMIF('8.Dgia'!E:E,'9.may'!E69,'8.Dgia'!P:P) -> 0 | R69: =N69*Q69 -> 0 | S69: =L69*($G$13-1) -> 28615.17 | T69: =S69+N69+M69 -> 1673225.2 | U69: 315707 | V69: 98673 | W69: 928137 | Y69: =W69-T69 -> -745088.23 | Z69: =W69-M69 -> 0 | AC69: =+P69*Q69 -> 0
A70: 1 | B70: =IF(A70<>0,COUNTA(A$19:$A70),"") -> 11 | C70: 108,0 CV | D70: Máy ủi - công suất 108CV | E70: Máy ủi 110cv | F70: bulldozer 108CV | G70: 46.2 | K70: 1 | L70: =+V70 -> 98673 | M70: =+W70 -> 937087 | N70: =SUMPRODUCT(G70:J70,$G$12:$J$12,$G$9:$J$9) -> 750590.82 | P70: =+N70+M70*$G$13 -> 1959433 | Q70: =SUMIF('8.Dgia'!E:E,'9.may'!E70,'8.Dgia'!P:P) -> #REF! | R70: =N70*Q70 -> #REF! | S70: =L70*($G$13-1) -> 28615.17 | T70: =S70+N70+M70 -> 1716293 | U70: 330741 | V70: 98673 | W70: 937087 | Y70: =W70-T70 -> -779205.99 | Z70: =W70-M70 -> 0 | AC70: =+P70*Q70 -> #REF!
B71: =IF(A71<>0,COUNTA(A$19:$A71),"") | C71: 130,0 CV | G71: 54.6 | K71: 1 | L71: =+V71 -> 98673 | M71: =+W71 -> 1129856 | N71: =SUMPRODUCT(G71:J71,$G$12:$J$12,$G$9:$J$9) -> 887061.88 | P71: =+N71+M71*$G$13 -> 2344576.1 | Q71: =SUMIF('8.Dgia'!E:E,'9.may'!E71,'8.Dgia'!P:P) -> 0 | R71: =N71*Q71 -> 0 | S71: =L71*($G$13-1) -> 28615.17 | T71: =S71+N71+M71 -> 2045533 | U71: 390876 | V71: 98673 | W71: 1129856 | Y71: =W71-T71 -> -915677.05 | Z71: =W71-M71 -> 0 | AC71: =+P71*Q71 -> 0
A72: 1 | B72: =IF(A72<>0,COUNTA(A$19:$A72),"") -> 12 | C72: 140,0 CV | D72: Máy ủi - công suất 140CV | E72: Máy ủi 140cv | F72: bulldozer 140CV | G72: 58.8 | K72: 1 | L72: =+V72 -> 98673 | M72: =+W72 -> 1212215 | N72: =SUMPRODUCT(G72:J72,$G$12:$J$12,$G$9:$J$9) -> 955297.41 | P72: =+N72+M72*$G$13 -> 2519054.8 | Q72: =SUMIF('8.Dgia'!E:E,'9.may'!E72,'8.Dgia'!P:P) -> #REF! | R72: =N72*Q72 -> #REF! | S72: =L72*($G$13-1) -> 28615.17 | T72: =S72+N72+M72 -> 2196127.6 | U72: 420943 | V72: 98673 | W72: 1212215 | Y72: =W72-T72 -> -983912.58 | Z72: =W72-M72 -> 0 | AC72: =+P72*Q72 -> #REF!
B73: =IF(A73<>0,COUNTA(A$19:$A73),"") | C73: 160,0 CV | G73: 67.2 | K73: 1 | L73: =+V73 -> 98673 | M73: =+W73 -> 1327005 | N73: =SUMPRODUCT(G73:J73,$G$12:$J$12,$G$9:$J$9) -> 1091768.5 | P73: =+N73+M73*$G$13 -> 2803604.9 | Q73: =SUMIF('8.Dgia'!E:E,'9.may'!E73,'8.Dgia'!P:P) -> 0 | R73: =N73*Q73 -> 0 | S73: =L73*($G$13-1) -> 28615.17 | T73: =S73+N73+M73 -> 2447388.6 | U73: 481078 | V73: 98673 | W73: 1327005 | Y73: =W73-T73 -> -1120383.6 | Z73: =W73-M73 -> 0 | AC73: =+P73*Q73 -> 0
A74: 1 | B74: =IF(A74<>0,COUNTA(A$19:$A74),"") -> 13 | C74: 180,0 CV | D74: Máy ủi - công suất 180CV | E74: Máy ủi 180cv | F74: bulldozer 180CV | G74: 75.6 | K74: 1 | L74: =+V74 -> 98673 | M74: =+W74 -> 1366077 | N74: =SUMPRODUCT(G74:J74,$G$12:$J$12,$G$9:$J$9) -> 1228239.5 | P74: =+N74+M74*$G$13 -> 2990478.9 | Q74: =SUMIF('8.Dgia'!E:E,'9.may'!E74,'8.Dgia'!P:P) -> 0 | R74: =N74*Q74 -> 0 | S74: =L74*($G$13-1) -> 28615.17 | T74: =S74+N74+M74 -> 2622931.7 | U74: 541213 | V74: 98673 | W74: 1366077 | Y74: =W74-T74 -> -1256854.7 | Z74: =W74-M74 -> 0 | AC74: =+P74*Q74 -> 0
A75: 1 | B75: =IF(A75<>0,COUNTA(A$19:$A75),"") -> 14 | C75: 250,0 CV | D75: Máy ủi - công suất 240CV | E75: Máy ủi 240cv | F75: bulldozer 240CV | G75: 93.6 | K75: 1 | L75: =+V75 -> 108001 | M75: =+W75 -> 1640400 | N75: =SUMPRODUCT(G75:J75,$G$12:$J$12,$G$9:$J$9) -> 1520677.5 | P75: =+N75+M75*$G$13 -> 3636793.5 | Q75: =SUMIF('8.Dgia'!E:E,'9.may'!E75,'8.Dgia'!P:P) -> 0 | R75: =N75*Q75 -> 0 | S75: =L75*($G$13-1) -> 31320.29 | T75: =S75+N75+M75 -> 3192397.8 | U75: 670073 | V75: 108001 | W75: 1640400 | Y75: =W75-T75 -> -1551997.8 | Z75: =W75-M75 -> 0 | AC75: =+P75*Q75 -> 0
B76: =IF(A76<>0,COUNTA(A$19:$A76),"") | C76: 271,0 CV | G76: 105.69 | K76: 1 | L76: =+V76 -> 108001 | M76: =+W76 -> 1752355 | N76: =SUMPRODUCT(G76:J76,$G$12:$J$12,$G$9:$J$9) -> 1717098.3 | P76: =+N76+M76*$G$13 -> 3977636.3 | Q76: =SUMIF('8.Dgia'!E:E,'9.may'!E76,'8.Dgia'!P:P) -> 0 | R76: =N76*Q76 -> 0 | S76: =L76*($G$13-1) -> 31320.29 | T76: =S76+N76+M76 -> 3500773.6 | U76: 756624 | V76: 108001 | W76: 1752355 | Y76: =W76-T76 -> -1748418.6 | Z76: =W76-M76 -> 0 | AC76: =+P76*Q76 -> 0
A77: 1 | B77: =IF(A77<>0,COUNTA(A$19:$A77),"") -> 15 | C77: 320,0 CV | D77: Máy ủi - công suất 320CV | E77: Máy ủi 320cv | F77: bulldozer 320CV | G77: 124.8 | K77: 1 | L77: =+V77 -> 119196 | M77: =+W77 -> 2260096 | N77: =SUMPRODUCT(G77:J77,$G$12:$J$12,$G$9:$J$9) -> 2027570 | P77: =+N77+M77*$G$13 -> 4943093.8 | Q77: =SUMIF('8.Dgia'!E:E,'9.may'!E77,'8.Dgia'!P:P) -> 0 | R77: =N77*Q77 -> 0 | S77: =L77*($G$13-1) -> 34566.84 | T77: =S77+N77+M77 -> 4322232.8 | U77: 893431 | V77: 119196 | W77: 2260096 | Y77: =W77-T77 -> -2062136.8 | Z77: =W77-M77 -> 0 | AC77: =+P77*Q77 -> 0
B78: =IF(A78<>0,COUNTA(A$19:$A78),"") | C78: Thùng cạp + đầu kéo bánh xích - dung tích thùng: | L78: =+V78 -> 0 | M78: =+W78 -> 0 | P78: =+N78+M78*$G$13 -> 0 | Q78: =SUMIF('8.Dgia'!E:E,'9.may'!E78,'8.Dgia'!P:P) -> 0 | R78: =N78*Q78 -> 0 | S78: =L78*($G$13-1) -> 0 | T78: =S78+N78+M78 -> 0 | Y78: =W78-T78 -> 0 | Z78: =W78-M78 -> 0 | AC78: =+P78*Q78 -> 0
B79: =IF(A79<>0,COUNTA(A$19:$A79),"") | C79: 2,50 m3 | G79: 37.665 | K79: 1 | L79: =+V79 -> 48658 | M79: =+W79 -> 601397 | N79: =SUMPRODUCT(G79:J79,$G$12:$J$12,$G$9:$J$9) -> 611926.48 | P79: =+N79+M79*$G$13 -> 1387728.6 | Q79: =SUMIF('8.Dgia'!E:E,'9.may'!E79,'8.Dgia'!P:P) -> 0 | R79: =N79*Q79 -> 0 | S79: =L79*($G$13-1) -> 14110.82 | T79: =S79+N79+M79 -> 1227434.3 | U79: 269676 | V79: 48658 | W79: 601397 | Y79: =W79-T79 -> -626037.3 | Z79: =W79-M79 -> 0 | AC79: =+P79*Q79 -> 0
B80: =IF(A80<>0,COUNTA(A$19:$A80),"") | C80: 2,75 m3 | G80: 38.475 | K80: 1 | L80: =+V80 -> 48658 | M80: =+W80 -> 641633 | N80: =SUMPRODUCT(G80:J80,$G$12:$J$12,$G$9:$J$9) -> 625086.19 | P80: =+N80+M80*$G$13 -> 1452792.8 | Q80: =SUMIF('8.Dgia'!E:E,'9.may'!E80,'8.Dgia'!P:P) -> 0 | R80: =N80*Q80 -> 0 | S80: =L80*($G$13-1) -> 14110.82 | T80: =S80+N80+M80 -> 1280830 | U80: 275474 | V80: 48658 | W80: 641633 | Y80: =W80-T80 -> -639197.01 | Z80: =W80-M80 -> 0 | AC80: =+P80*Q80 -> 0
B81: =IF(A81<>0,COUNTA(A$19:$A81),"") | C81: 3,00 m3 | G81: 40.5 | K81: 1 | L81: =+V81 -> 48658 | M81: =+W81 -> 682311 | N81: =SUMPRODUCT(G81:J81,$G$12:$J$12,$G$9:$J$9) -> 657985.46 | P81: =+N81+M81*$G$13 -> 1538166.6 | Q81: =SUMIF('8.Dgia'!E:E,'9.may'!E81,'8.Dgia'!P:P) -> 0 | R81: =N81*Q81 -> 0 | S81: =L81*($G$13-1) -> 14110.82 | T81: =S81+N81+M81 -> 1354407.3 | U81: 289935 | V81: 48658 | W81: 682311 | Y81: =W81-T81 -> -672096.28 | Z81: =W81-M81 -> 0 | AC81: =+P81*Q81 -> 0
B82: =IF(A82<>0,COUNTA(A$19:$A82),"") | C82: 4,50 m3 | G82: 58.32 | K82: 1 | L82: =+V82 -> 48658 | M82: =+W82 -> 822928 | N82: =SUMPRODUCT(G82:J82,$G$12:$J$12,$G$9:$J$9) -> 947499.06 | P82: =+N82+M82*$G$13 -> 2009076.2 | Q82: =SUMIF('8.Dgia'!E:E,'9.may'!E82,'8.Dgia'!P:P) -> 0 | R82: =N82*Q82 -> 0 | S82: =L82*($G$13-1) -> 14110.82 | T82: =S82+N82+M82 -> 1784537.9 | U82: 417507 | V82: 48658 | W82: 822928 | Y82: =W82-T82 -> -961609.88 | Z82: =W82-M82 -> 0 | AC82: =+P82*Q82 -> 0
B83: =IF(A83<>0,COUNTA(A$19:$A83),"") | C83: 5,00 m3 | G83: 58.32 | K83: 1 | L83: =+V83 -> 98673 | M83: =+W83 -> 916203 | N83: =SUMPRODUCT(G83:J83,$G$12:$J$12,$G$9:$J$9) -> 947499.06 | P83: =+N83+M83*$G$13 -> 2129400.9 | Q83: =SUMIF('8.Dgia'!E:E,'9.may'!E83,'8.Dgia'!P:P) -> 0 | R83: =N83*Q83 -> 0 | S83: =L83*($G$13-1) -> 28615.17 | T83: =S83+N83+M83 -> 1892317.2 | U83: 417507 | V83: 98673 | W83: 916203 | Y83: =W83-T83 -> -976114.23 | Z83: =W83-M83 -> 0 | AC83: =+P83*Q83 -> 0
B84: =IF(A84<>0,COUNTA(A$19:$A84),"") | C84: 8,00 m3 | G84: 71.4 | K84: 1 | L84: =+V84 -> 98673 | M84: =+W84 -> 1055169 | N84: =SUMPRODUCT(G84:J84,$G$12:$J$12,$G$9:$J$9) -> 1160004 | P84: =+N84+M84*$G$13 -> 2521172 | Q84: =SUMIF('8.Dgia'!E:E,'9.may'!E84,'8.Dgia'!P:P) -> 0 | R84: =N84*Q84 -> 0 | S84: =L84*($G$13-1) -> 28615.17 | T84: =S84+N84+M84 -> 2243788.2 | U84: 511145 | V84: 98673 | W84: 1055169 | Y84: =W84-T84 -> -1188619.2 | Z84: =W84-M84 -> 0 | AC84: =+P84*Q84 -> 0
B85: =IF(A85<>0,COUNTA(A$19:$A85),"") | C85: 9,00 m3 | G85: 76.5 | K85: 1 | L85: =+V85 -> 108001 | M85: =+W85 -> 1151612 | N85: =SUMPRODUCT(G85:J85,$G$12:$J$12,$G$9:$J$9) -> 1242861.4 | P85: =+N85+M85*$G$13 -> 2728440.9 | Q85: =SUMIF('8.Dgia'!E:E,'9.may'!E85,'8.Dgia'!P:P) -> 0 | R85: =N85*Q85 -> 0 | S85: =L85*($G$13-1) -> 31320.29 | T85: =S85+N85+M85 -> 2425793.7 | U85: 547656 | V85: 108001 | W85: 1151612 | Y85: =W85-T85 -> -1274181.7 | Z85: =W85-M85 -> 0 | AC85: =+P85*Q85 -> 0
B86: =IF(A86<>0,COUNTA(A$19:$A86),"") | C86: Máy cạp tự hành - dung tích thùng: | L86: =+V86 -> 0 | M86: =+W86 -> 0 | P86: =+N86+M86*$G$13 -> 0 | Q86: =SUMIF('8.Dgia'!E:E,'9.may'!E86,'8.Dgia'!P:P) -> 0 | R86: =N86*Q86 -> 0 | S86: =L86*($G$13-1) -> 0 | T86: =S86+N86+M86 -> 0 | Y86: =W86-T86 -> 0 | Z86: =W86-M86 -> 0 | AC86: =+P86*Q86 -> 0
A87: 1 | B87: =IF(A87<>0,COUNTA(A$19:$A87),"") -> 16 | C87: 9,0 m3 | D87: Máy cạp tự hành - dung tích thùng 9m3 | E87: Máy cạp 9m3 | F87: scraper 9m3 | G87: 132 | K87: 1 | L87: =+V87 -> 108001 | M87: =+W87 -> 1521663 | N87: =SUMPRODUCT(G87:J87,$G$12:$J$12,$G$9:$J$9) -> 2144545.2 | P87: =+N87+M87*$G$13 -> 4107490.5 | Q87: =SUMIF('8.Dgia'!E:E,'9.may'!E87,'8.Dgia'!P:P) -> 0 | R87: =N87*Q87 -> 0 | S87: =L87*($G$13-1) -> 31320.29 | T87: =S87+N87+M87 -> 3697528.5 | U87: 944975 | V87: 108001 | W87: 1521663 | Y87: =W87-T87 -> -2175865.5 | Z87: =W87-M87 -> 0 | AC87: =+P87*Q87 -> 0
B88: =IF(A88<>0,COUNTA(A$19:$A88),"") | C88: 10,0 m3 | G88: 138 | K88: 1 | L88: =+V88 -> 108001 | M88: =+W88 -> 1682281 | N88: =SUMPRODUCT(G88:J88,$G$12:$J$12,$G$9:$J$9) -> 2242024.5 | P88: =+N88+M88*$G$13 -> 4412167 | Q88: =SUMIF('8.Dgia'!E:E,'9.may'!E88,'8.Dgia'!P:P) -> 0 | R88: =N88*Q88 -> 0 | S88: =L88*($G$13-1) -> 31320.29 | T88: =S88+N88+M88 -> 3955625.8 | U88: 987928 | V88: 108001 | W88: 1682281 | Y88: =W88-T88 -> -2273344.8 | Z88: =W88-M88 -> 0 | AC88: =+P88*Q88 -> 0
A89: 1 | B89: =IF(A89<>0,COUNTA(A$19:$A89),"") -> 17 | C89: 16,0 m3 | D89: Máy cạp tự hành - dung tích thùng 16m3 | E89: Máy cạp 16m3 | F89: scraper 16m3 | G89: 153.9 | K89: 1 | L89: =+V89 -> 119196 | M89: =+W89 -> 2165815 | N89: =SUMPRODUCT(G89:J89,$G$12:$J$12,$G$9:$J$9) -> 2500344.7 | P89: =+N89+M89*$G$13 -> 5294246.1 | Q89: =SUMIF('8.Dgia'!E:E,'9.may'!E89,'8.Dgia'!P:P) -> 0 | R89: =N89*Q89 -> 0 | S89: =L89*($G$13-1) -> 34566.84 | T89: =S89+N89+M89 -> 4700726.6 | U89: 1101755 | V89: 119196 | W89: 2165815 | Y89: =W89-T89 -> -2534911.6 | Z89: =W89-M89 -> 0 | AC89: =+P89*Q89 -> 0
B90: =IF(A90<>0,COUNTA(A$19:$A90),"") | C90: 25,0 m3 | G90: 182.4 | K90: 1 | L90: =+V90 -> 119196 | M90: =+W90 -> 2791845 | N90: =SUMPRODUCT(G90:J90,$G$12:$J$12,$G$9:$J$9) -> 2963371.5 | P90: =+N90+M90*$G$13 -> 6564851.6 | Q90: =SUMIF('8.Dgia'!E:E,'9.may'!E90,'8.Dgia'!P:P) -> 0 | R90: =N90*Q90 -> 0 | S90: =L90*($G$13-1) -> 34566.84 | T90: =S90+N90+M90 -> 5789783.4 | U90: 1305783 | V90: 119196 | W90: 2791845 | Y90: =W90-T90 -> -2997938.4 | Z90: =W90-M90 -> 0 | AC90: =+P90*Q90 -> 0
B91: =IF(A91<>0,COUNTA(A$19:$A91),"") | C91: Máy san tự hành - công suất: | L91: =+V91 -> 0 | M91: =+W91 -> 0 | P91: =+N91+M91*$G$13 -> 0 | Q91: =SUMIF('8.Dgia'!E:E,'9.may'!E91,'8.Dgia'!P:P) -> 0 | R91: =N91*Q91 -> 0 | S91: =L91*($G$13-1) -> 0 | T91: =S91+N91+M91 -> 0 | Y91: =W91-T91 -> 0 | Z91: =W91-M91 -> 0 | AC91: =+P91*Q91 -> 0
B92: =IF(A92<>0,COUNTA(A$19:$A92),"") | C92: 54,00 CV | G92: 19.44 | K92: 1 | L92: =+V92 -> 48658 | M92: =+W92 -> 558344 | N92: =SUMPRODUCT(G92:J92,$G$12:$J$12,$G$9:$J$9) -> 315833.02 | P92: =+N92+M92*$G$13 -> 1036096.8 | Q92: =SUMIF('8.Dgia'!E:E,'9.may'!E92,'8.Dgia'!P:P) -> 0 | R92: =N92*Q92 -> 0 | S92: =L92*($G$13-1) -> 14110.82 | T92: =S92+N92+M92 -> 888287.84 | U92: 139169 | V92: 48658 | W92: 558344 | Y92: =W92-T92 -> -329943.84 | Z92: =W92-M92 -> 0 | AC92: =+P92*Q92 -> 0
B93: =IF(A93<>0,COUNTA(A$19:$A93),"") | C93: 90,00 CV | G93: 32.4 | K93: 1 | L93: =+V93 -> 48658 | M93: =+W93 -> 701715 | N93: =SUMPRODUCT(G93:J93,$G$12:$J$12,$G$9:$J$9) -> 526388.37 | P93: =+N93+M93*$G$13 -> 1431600.7 | Q93: =SUMIF('8.Dgia'!E:E,'9.may'!E93,'8.Dgia'!P:P) -> 0 | R93: =N93*Q93 -> 0 | S93: =L93*($G$13-1) -> 14110.82 | T93: =S93+N93+M93 -> 1242214.2 | U93: 231948 | V93: 48658 | W93: 701715 | Y93: =W93-T93 -> -540499.19 | Z93: =W93-M93 -> 0 | AC93: =+P93*Q93 -> 0
A94: 1 | B94: =IF(A94<>0,COUNTA(A$19:$A94),"") -> 18 | C94: 108,0 CV | D94: Máy san tự hành - công suất 108CV | E94: Máy san 108CV | F94: Motor grader 180CV | G94: 38.88 | K94: 1 | L94: =+V94 -> 98673 | M94: =+W94 -> 817979 | N94: =SUMPRODUCT(G94:J94,$G$12:$J$12,$G$9:$J$9) -> 631666.04 | P94: =+N94+M94*$G$13 -> 1686859 | Q94: =SUMIF('8.Dgia'!E:E,'9.may'!E94,'8.Dgia'!P:P) -> #REF! | R94: =N94*Q94 -> #REF! | S94: =L94*($G$13-1) -> 28615.17 | T94: =S94+N94+M94 -> 1478260.2 | U94: 278338 | V94: 98673 | W94: 817979 | Y94: =W94-T94 -> -660281.21 | Z94: =W94-M94 -> 0 | AC94: =+P94*Q94 -> #REF!
B95: =IF(A95<>0,COUNTA(A$19:$A95),"") | C95: 180,0 CV | G95: 54 | K95: 1 | L95: =+V95 -> 98673 | M95: =+W95 -> 1205625 | N95: =SUMPRODUCT(G95:J95,$G$12:$J$12,$G$9:$J$9) -> 877313.95 | P95: =+N95+M95*$G$13 -> 2432570.2 | Q95: =SUMIF('8.Dgia'!E:E,'9.may'!E95,'8.Dgia'!P:P) -> 0 | R95: =N95*Q95 -> 0 | S95: =L95*($G$13-1) -> 28615.17 | T95: =S95+N95+M95 -> 2111554.1 | U95: 386581 | V95: 98673 | W95: 1205625 | Y95: =W95-T95 -> -905929.12 | Z95: =W95-M95 -> 0 | AC95: =+P95*Q95 -> 0
B96: =IF(A96<>0,COUNTA(A$19:$A96),"") | C96: 250,0 CV | G96: 75 | K96: 1 | L96: =+V96 -> 108001 | M96: =+W96 -> 1419149 | N96: =SUMPRODUCT(G96:J96,$G$12:$J$12,$G$9:$J$9) -> 1218491.6 | P96: =+N96+M96*$G$13 -> 3049193.8 | Q96: =SUMIF('8.Dgia'!E:E,'9.may'!E96,'8.Dgia'!P:P) -> 0 | R96: =N96*Q96 -> 0 | S96: =L96*($G$13-1) -> 31320.29 | T96: =S96+N96+M96 -> 2668960.9 | U96: 536918 | V96: 108001 | W96: 1419149 | Y96: =W96-T96 -> -1249811.9 | Z96: =W96-M96 -> 0 | AC96: =+P96*Q96 -> 0
B97: =IF(A97<>0,COUNTA(A$19:$A97),"") | C97: Máy đầm đất cầm tay - trọng lượng: | L97: =+V97 -> 0 | M97: =+W97 -> 0 | P97: =+N97+M97*$G$13 -> 0 | Q97: =SUMIF('8.Dgia'!E:E,'9.may'!E97,'8.Dgia'!P:P) -> 0 | R97: =N97*Q97 -> 0 | S97: =L97*($G$13-1) -> 0 | T97: =S97+N97+M97 -> 0 | Y97: =W97-T97 -> 0 | Z97: =W97-M97 -> 0 | AC97: =+P97*Q97 -> 0
A98: 1 | B98: =IF(A98<>0,COUNTA(A$19:$A98),"") -> 19 | C98: 50 kg | D98: Đầm cóc | E98: Đầm cóc | F98: tamping rammer | I98: 3.06 | K98: 1 | L98: =+V98 -> 41873 | M98: =+W98 -> 50799 | N98: =SUMPRODUCT(G98:J98,$G$12:$J$12,$G$9:$J$9) -> 45699.667 | P98: =+N98+M98*$G$13 -> 111230.38 | Q98: =SUMIF('8.Dgia'!E:E,'9.may'!E98,'8.Dgia'!P:P) -> #REF! | R98: =N98*Q98 -> #REF! | S98: =L98*($G$13-1) -> 12143.17 | T98: =S98+N98+M98 -> 108641.84 | U98: 26648 | V98: 41873 | W98: 50799 | Y98: =W98-T98 -> -57842.837 | Z98: =W98-M98 -> 0 | AC98: =+P98*Q98 -> #REF!
B99: =IF(A99<>0,COUNTA(A$19:$A99),"") | C99: 60 kg | I99: 3.57 | K99: 1 | L99: =+V99 -> 41873 | M99: =+W99 -> 84732 | N99: =SUMPRODUCT(G99:J99,$G$12:$J$12,$G$9:$J$9) -> 53316.279 | P99: =+N99+M99*$G$13 -> 162620.56 | Q99: =SUMIF('8.Dgia'!E:E,'9.may'!E99,'8.Dgia'!P:P) -> 0 | R99: =N99*Q99 -> 0 | S99: =L99*($G$13-1) -> 12143.17 | T99: =S99+N99+M99 -> 150191.45 | U99: 31090 | V99: 41873 | W99: 84732 | Y99: =W99-T99 -> -65459.449 | Z99: =W99-M99 -> 0 | AC99: =+P99*Q99 -> 0
B100: =IF(A100<>0,COUNTA(A$19:$A100),"") | C100: 70 kg | I100: 4.08 | K100: 1 | L100: =+V100 -> 41873 | M100: =+W100 -> 90127 | N100: =SUMPRODUCT(G100:J100,$G$12:$J$12,$G$9:$J$9) -> 60932.89 | P100: =+N100+M100*$G$13 -> 177196.72 | Q100: =SUMIF('8.Dgia'!E:E,'9.may'!E100,'8.Dgia'!P:P) -> 0 | R100: =N100*Q100 -> 0 | S100: =L100*($G$13-1) -> 12143.17 | T100: =S100+N100+M100 -> 163203.06 | U100: 35531 | V100: 41873 | W100: 90127 | Y100: =W100-T100 -> -73076.06 | Z100: =W100-M100 -> 0 | AC100: =+P100*Q100 -> 0
B101: =IF(A101<>0,COUNTA(A$19:$A101),"") | C101: 80 kg | I101: 4.59 | K101: 1 | L101: =+V101 -> 41873 | M101: =+W101 -> 95205 | N101: =SUMPRODUCT(G101:J101,$G$12:$J$12,$G$9:$J$9) -> 68549.501 | P101: =+N101+M101*$G$13 -> 191363.95 | Q101: =SUMIF('8.Dgia'!E:E,'9.may'!E101,'8.Dgia'!P:P) -> 0 | R101: =N101*Q101 -> 0 | S101: =L101*($G$13-1) -> 12143.17 | T101: =S101+N101+M101 -> 175897.67 | U101: 39973 | V101: 41873 | W101: 95205 | Y101: =W101-T101 -> -80692.671 | Z101: =W101-M101 -> 0 | AC101: =+P101*Q101 -> 0
B102: =IF(A102<>0,COUNTA(A$19:$A102),"") | C102: Đầm bánh hơi + đầu kéo bánh xích - trọng lượng: | L102: =+V102 -> 0 | M102: =+W102 -> 0 | P102: =+N102+M102*$G$13 -> 0 | Q102: =SUMIF('8.Dgia'!E:E,'9.may'!E102,'8.Dgia'!P:P) -> 0 | R102: =N102*Q102 -> 0 | S102: =L102*($G$13-1) -> 0 | T102: =S102+N102+M102 -> 0 | Y102: =W102-T102 -> 0 | Z102: =W102-M102 -> 0 | AC102: =+P102*Q102 -> 0
...

Sheet 16.NC
A1: DỰ ÁN ĐẦU TƯ XÂY DỰNG CẦU LONG BÌNH – CHREY THOM
A2: NỐI HAI TỈNH AN GIANG (VIỆT NAM) VÀ TỈNH KANDAL (CAMPUCHIA)
A3: BẢNG ĐƠN GIÁ NHÂN CÔNG/ KỸ SƯ
A4: COST OF LABOUR
B7: TT | C7: BẬC LƯƠNG | D7: ĐƠN VỊ | E7: Lương tối thiểu | F7: Lương tối thiểu | I7: GHI CHÚ
B8: No. | C8: Type of labour | D8: Unit | E8: 350,000 đ/tháng | F8: 1,400,000 đ/tháng | I8: Notes
E9: Minimum of salary is 350,000 VND/month | F9: Minimum of salary is 1,400,000 VND/month
B11: 1 | C11: B - Nhân công 2.5/7 | D11: công/labour | E11: 36531 | F11: =NC!L33 -> 173203 | G11: =NC!M33 -> 183913 | H11: =NC!N33 -> 202038
B12: 2 | C12: B - Nhân công 2.7/7 | D12: công/labour | E12: 37650 | F12: =NC!L35 -> 178641 | G12: =NC!M35 -> 189351 | H12: =NC!N35 -> 207475
B13: 3 | C13: B - Nhân công 3.0/7 | D13: công/labour | E13: 39329 | F13: =NC!L38 -> 186797 | G13: =NC!M38 -> 199155 | H13: =NC!N38 -> 219751
B14: 4 | C14: B - Nhân công 3.2/7 | D14: công/labour | E14: 40652 | F14: =NC!L40 -> 193223 | G14: =NC!M40 -> 205581 | H14: =NC!N40 -> 226177
B15: 5 | C15: B - Nhân công 3.3/7 | D15: công/labour | E15: 41314 | F15: =NC!L41 -> 196436 | G15: =NC!M41 -> 208794 | H15: =NC!N41 -> 229390
B16: 6 | C16: B - Nhân công 3.5/7 | D16: công/labour | E16: 42637 | F16: =NC!L43 -> 202862 | G16: =NC!M43 -> 215220 | H16: =NC!N43 -> 235816
B17: 7 | C17: B - Nhân công 3.7/7 | D17: công/labour | E17: 43960 | F17: =NC!L45 -> 209288 | G17: =NC!M45 -> 221646 | H17: =NC!N45 -> 242242
B18: 8 | C18: B - Nhân công 4.0/7 | D18: công/labour | E18: 45944 | F18: =NC!L48 -> 218927 | G18: =NC!M48 -> 232108 | H18: =NC!N48 -> 256824
B19: 9 | C19: B - Nhân công 4.3/7 | D19: công/labour | E19: 48285 | F19: =NC!L51 -> 230296 | G19: =NC!M51 -> 243478 | H19: =NC!N51 -> 268193
B20: 10 | C20: B - Nhân công 4.5/7 | D20: công/labour | E20: 49845 | F20: =NC!L53 -> 237875 | G20: =NC!M53 -> 251057 | H20: =NC!N53 -> 275772
B21: 11 | C21: B - Nhân công 5.0/7 | D21: công/labour | E21: 53747 | F21: =NC!L58 -> 256824 | G21: =NC!M58 -> 271653 | H21: =NC!N58 -> 300488
B22: 12 | C22: 5 | D22: công/labour | E22: 63415 | F22: =NC!L114 -> 303783 | G22: =NC!M114 -> 271653 | H22: =NC!N114 -> 300488 | I22: Kỹ sư/Engineer
A25: 1. Hệ số bậc lương theo Nghị định 205/2004/NĐ-CP ngày 14/12/2004 của Chính phủ về việc quy định hệ thống thang lương,
A26: bảng lương và chế độ phụ cấp lương trong các Công ty Nhà Nước. Bảng lương A.1.8.
A27: Labor prices is estimated acording Table of salary A.1.8 which is defined on the Decree No.205/2004/NĐ-CP dated December 14th 2004 from Government.
A28: 2. Lương tối thiểu = 350,000 đ/tháng theo Nghị định 118/2005/NĐ-CP ngày 15/9/2005 của Chính phủ về việc điều chỉnh mức lương
A29: tối thiểu chung
A30: Minimum salary 350,000VND/month, is estimated acording to the Decree No.118/2005/NĐ-CP dated September 15th 2005 of Government.
B31: Áp dụng tại tỉnh An Giang:
C32: Phụ cấp lưu động | D32: 0.2 | E32: LTT
C33: Phụ cấp không ổn định sản xuất | D33: 0.1 | E33: LTT
C34: Lương phụ | D34: 0.12 | E34: LCB
C35: Lương khoán cho công nhân | D35: 0.04 | E35: LCB
A36: 3. Lương tối thiểu = 1,400,000 đ/tháng theo Nghị định 103/2012/NĐ-CP ngày 4/12/2012 của Chính phủ.
A37: Minimum salary 1,400,000VND/month, is estimated acording to the Decree No.103/2012/NĐ-CP dated December 4th 2012 of Government.
B38: Hệ số điều chỉnh từ mức lương 350,000 đ/tháng lên 1,400,000 đ/tháng là | F38: =1400/350 -> 4
B39: ="Adjustment factor for minimum salary from 350,000 VND/month to1,400,000 VND/month is "&ROUND(F38,3) -> Adjustment factor for minimum salary from 350,000 VND/month to1,400,000 VND/month is 4

Sheet 8.Dgia
B1: =#REF! -> #REF!
B2: =#REF! -> #REF!
B3: =#REF! -> #REF!
B4: =#REF! -> #REF!
B5: BẢNG PHÂN TÍCH ĐƠN GIÁ CHI TIẾT
B6: TABLE OF DETAIL DIRECT COST
J7: Đơn vị tính: Đồng / Unit cost: VND
B8: STT | C8: ĐM | D8: MHĐM | E8: Thành phần chi phí | F8: ITEMS | G8: Đơn vị | H8: Định mức | I8: Đơn giá | J8: Thành tiền | N8: Khối lượng | O8: % KHÁC | P8: Nhu cầu
B9: No. | C9: Code No. | D9: Norm code | G9: Unit | H9: Norm | I9: Unit price | J9: Unit cost
A10: =B10 -> 1 | B10: =IF(C10="","",COUNTA($C$10:C11)) -> 1 | C10: =IF(D10="","",1776) -> 1776 | D10: AF.33110 | E10: Bê tông C35 mố/trụ trên cạn | F10: =VLOOKUP(E10,DICH!B:C,2,FALSE) -> Concrete C35 of abutment-pier on land | G10: m3 | K10: =+J11 -> 1198945.7 | L10: =+J14 -> 417895.72 | M10: =+J15 -> 213150.56 | N10: =SUMIF(#REF!,'8.Dgia'!A10,#REF!)+SUMIF(#REF!,'8.Dgia'!A10,#REF!)+SUMIF(#REF!,'8.Dgia'!A10,#REF!)+SUMIF(#REF!,'8.Dgia'!A10,#REF!) -> #REF!
A11: =IF(B11="",MAX($A$8:A10)+0,MAX($A$8:A10)+1) -> 1 | B11: =IF(C11="","",COUNTA($C$10:C12)) | E11: A - Vật liệu | F11: =VLOOKUP(E11,DICH!B:C,2,FALSE) -> A - Material | J11: =SUM(J12:J13) -> 1198945.7 | N11: =SUMIF(#REF!,'8.Dgia'!A11,#REF!)+SUMIF(#REF!,'8.Dgia'!A11,#REF!)+SUMIF(#REF!,'8.Dgia'!A11,#REF!)+SUMIF(#REF!,'8.Dgia'!A11,#REF!) -> #REF! | P11: =$H11*N11*(1+O11%) -> #REF!
A12: =IF(B12="",MAX($A$8:A11)+0,MAX($A$8:A11)+1) -> 1 | B12: =IF(C12="","",COUNTA($C$10:C13)) | D12: ='10.PLV'!$C$100 -> C3327 | E12: ='10.PLV'!$D$100 -> Vữa bê tông đá 1x2 C35 (độ sụt 14-17cm) | F12: =VLOOKUP(E12,DICH!B:C,2,FALSE) -> Concrete motar C35 stone 1x2 slump 14-17 | G12: m3 | H12: 1.015 | I12: =VLOOKUP(E12,'11.gia '!B:I,8,FALSE) -> 1167220.6 | J12: =+H12*I12 -> 1184728.9 | N12: =SUMIF(#REF!,'8.Dgia'!A12,#REF!)+SUMIF(#REF!,'8.Dgia'!A12,#REF!)+SUMIF(#REF!,'8.Dgia'!A12,#REF!)+SUMIF(#REF!,'8.Dgia'!A12,#REF!) -> #REF! | O12: =+$H$13 -> 1.2 | P12: =$H12*N12*(1+O12%) -> #REF!
A13: =IF(B13="",MAX($A$8:A12)+0,MAX($A$8:A12)+1) -> 1 | B13: =IF(C13="","",COUNTA($C$10:C14)) | E13: Vật liệu khác | F13: =VLOOKUP(E13,DICH!B:C,2,FALSE) -> Other material | G13: % | H13: 1.2 | I13: =J12 -> 1184728.9 | J13: =I13*H13% -> 14216.747 | N13: =SUMIF(#REF!,'8.Dgia'!A13,#REF!)+SUMIF(#REF!,'8.Dgia'!A13,#REF!)+SUMIF(#REF!,'8.Dgia'!A13,#REF!)+SUMIF(#REF!,'8.Dgia'!A13,#REF!) -> #REF! | P13: =$H13*N13*(1+O13%) -> #REF!
A14: =IF(B14="",MAX($A$8:A13)+0,MAX($A$8:A13)+1) -> 1 | B14: =IF(C14="","",COUNTA($C$10:C15)) | E14: B - Nhân công 3.5/7 | F14: =VLOOKUP(E14,DICH!B:C,2,FALSE) -> B - Labour 3.5/7 | G14: công/lab | H14: 2.06 | I14: =VLOOKUP(E14,'16.NC'!$C$11:$F$22,4,FALSE) -> 202862 | J14: =I14*H14 -> 417895.72 | N14: =SUMIF(#REF!,'8.Dgia'!A14,#REF!)+SUMIF(#REF!,'8.Dgia'!A14,#REF!)+SUMIF(#REF!,'8.Dgia'!A14,#REF!)+SUMIF(#REF!,'8.Dgia'!A14,#REF!) -> #REF! | P14: =$H14*N14*(1+O14%) -> #REF! | R14: 1
A15: =IF(B15="",MAX($A$8:A14)+0,MAX($A$8:A14)+1) -> 1 | B15: =IF(C15="","",COUNTA($C$10:C16)) | E15: C - Máy thi công | F15: =VLOOKUP(E15,DICH!B:C,2,FALSE) -> C - Machine | J15: =SUM(J16:J19) -> 213150.56 | N15: =SUMIF(#REF!,'8.Dgia'!A15,#REF!)+SUMIF(#REF!,'8.Dgia'!A15,#REF!)+SUMIF(#REF!,'8.Dgia'!A15,#REF!)+SUMIF(#REF!,'8.Dgia'!A15,#REF!) -> #REF! | P15: =$H15*N15*(1+O15%) -> #REF!
A16: =IF(B16="",MAX($A$8:A15)+0,MAX($A$8:A15)+1) -> 1 | B16: =IF(C16="","",COUNTA($C$10:C17)) | E16: Cần cẩu bánh xích 25T | F16: =VLOOKUP(E16,'9.may'!E:F,2,FALSE) -> caterpillar crane 25T | G16: ca/shift | H16: 0.033 | I16: =VLOOKUP(E16,'9.may'!E:W,12,FALSE) -> 2787996.7 | J16: =I16*H16 -> 92003.89 | N16: =SUMIF(#REF!,'8.Dgia'!A16,#REF!)+SUMIF(#REF!,'8.Dgia'!A16,#REF!)+SUMIF(#REF!,'8.Dgia'!A16,#REF!)+SUMIF(#REF!,'8.Dgia'!A16,#REF!) -> #REF! | O16: =+$H$19 -> 0.5 | P16: =$H16*N16*(1+O16%) -> #REF!
A17: =IF(B17="",MAX($A$8:A16)+0,MAX($A$8:A16)+1) -> 1 | B17: =IF(C17="","",COUNTA($C$10:C18)) | E17: Máy bơm BT 50m3/h | F17: =VLOOKUP(E17,'9.may'!E:F,2,FALSE) -> concrete pump truck 50m3/h | G17: ca/shift | H17: 0.033 | I17: =VLOOKUP(E17,'9.may'!E:W,12,FALSE) -> 3446390.1 | J17: =I17*H17 -> 113730.87 | N17: =SUMIF(#REF!,'8.Dgia'!A17,#REF!)+SUMIF(#REF!,'8.Dgia'!A17,#REF!)+SUMIF(#REF!,'8.Dgia'!A17,#REF!)+SUMIF(#REF!,'8.Dgia'!A17,#REF!) -> #REF! | O17: =+$H$19 -> 0.5 | P17: =$H17*N17*(1+O17%) -> #REF!
A18: =IF(B18="",MAX($A$8:A17)+0,MAX($A$8:A17)+1) -> 1 | B18: =IF(C18="","",COUNTA($C$10:C19)) | E18: Máy đầm dùi 1.5kw | F18: =VLOOKUP(E18,'9.may'!E:F,2,FALSE) -> concrete vibrating compactor 1.5Kw | G18: ca/shift | H18: 0.085 | I18: =VLOOKUP(E18,'9.may'!E:W,12,FALSE) -> 74768.798 | J18: =I18*H18 -> 6355.3478 | N18: =SUMIF(#REF!,'8.Dgia'!A18,#REF!)+SUMIF(#REF!,'8.Dgia'!A18,#REF!)+SUMIF(#REF!,'8.Dgia'!A18,#REF!)+SUMIF(#REF!,'8.Dgia'!A18,#REF!) -> #REF! | O18: =+$H$19 -> 0.5 | P18: =$H18*N18*(1+O18%) -> #REF!
A19: =IF(B19="",MAX($A$8:A18)+0,MAX($A$8:A18)+1) -> 1 | B19: =IF(C19="","",COUNTA($C$10:C20)) | E19: Máy khác | F19: =VLOOKUP(E19,DICH!B:C,2,FALSE) -> Other machine | G19: % | H19: 0.5 | I19: =SUM(J16:J18) -> 212090.11 | J19: =I19*H19% -> 1060.4506 | N19: =SUMIF(#REF!,'8.Dgia'!A19,#REF!)+SUMIF(#REF!,'8.Dgia'!A19,#REF!)+SUMIF(#REF!,'8.Dgia'!A19,#REF!)+SUMIF(#REF!,'8.Dgia'!A19,#REF!) -> #REF! | P19: =$H19*N19*(1+O19%) -> #REF!
A20: =IF(B20="",MAX($A$8:A19)+0,MAX($A$8:A19)+1) -> 2 | B20: =IF(C20="","",COUNTA($C$10:C21)) -> 2 | C20: =IF(D20="","",1776) -> 1776 | D20: AF.33110 | E20: Bê tông C40 mố/trụ | F20: =VLOOKUP(E20,DICH!B:C,2,FALSE) -> Concrete C40 of abutment-pier | G20: m3 | K20: =+J21 -> 1266628.4 | L20: =+J24 -> 417895.72 | M20: =+J25 -> 213150.56 | N20: =SUMIF(#REF!,'8.Dgia'!A20,#REF!)+SUMIF(#REF!,'8.Dgia'!A20,#REF!)+SUMIF(#REF!,'8.Dgia'!A20,#REF!)+SUMIF(#REF!,'8.Dgia'!A20,#REF!) -> #REF! | P20: =$H20*N20*(1+O20%) -> #REF!
A21: =IF(B21="",MAX($A$8:A20)+0,MAX($A$8:A20)+1) -> 2 | B21: =IF(C21="","",COUNTA($C$10:C22)) | E21: A - Vật liệu | F21: =VLOOKUP(E21,DICH!B:C,2,FALSE) -> A - Material | J21: =SUM(J22:J23) -> 1266628.4 | N21: =SUMIF(#REF!,'8.Dgia'!A21,#REF!)+SUMIF(#REF!,'8.Dgia'!A21,#REF!)+SUMIF(#REF!,'8.Dgia'!A21,#REF!)+SUMIF(#REF!,'8.Dgia'!A21,#REF!) -> #REF! | P21: =$H21*N21*(1+O21%) -> #REF!
A22: =IF(B22="",MAX($A$8:A21)+0,MAX($A$8:A21)+1) -> 2 | B22: =IF(C22="","",COUNTA($C$10:C23)) | D22: =+'10.PLV'!$C$60 -> ĐM | E22: =+'10.PLV'!$D$60 -> Vữa bê tông đá 1x2 C40 (M450, độ sụt 12-16cm) | F22: =VLOOKUP(E22,DICH!B:C,2,FALSE) -> Concrete motar C40 stone 1x2 slump 12-16 | G22: m3 | H22: 1.015 | I22: =VLOOKUP(E22,'11.gia '!B:I,8,FALSE) -> 1233112.4 | J22: =I22*H22 -> 1251609.1 | N22: =SUMIF(#REF!,'8.Dgia'!A22,#REF!)+SUMIF(#REF!,'8.Dgia'!A22,#REF!)+SUMIF(#REF!,'8.Dgia'!A22,#REF!)+SUMIF(#REF!,'8.Dgia'!A22,#REF!) -> #REF! | O22: =+$H$23 -> 1.2 | P22: =$H22*N22*(1+O22%) -> #REF!
A23: =IF(B23="",MAX($A$8:A22)+0,MAX($A$8:A22)+1) -> 2 | B23: =IF(C23="","",COUNTA($C$10:C24)) | E23: Vật liệu khác | F23: =VLOOKUP(E23,DICH!B:C,2,FALSE) -> Other material | G23: % | H23: 1.2 | I23: =J22 -> 1251609.1 | J23: =I23*H23% -> 15019.309 | N23: =SUMIF(#REF!,'8.Dgia'!A23,#REF!)+SUMIF(#REF!,'8.Dgia'!A23,#REF!)+SUMIF(#REF!,'8.Dgia'!A23,#REF!)+SUMIF(#REF!,'8.Dgia'!A23,#REF!) -> #REF! | P23: =$H23*N23*(1+O23%) -> #REF!
A24: =IF(B24="",MAX($A$8:A23)+0,MAX($A$8:A23)+1) -> 2 | B24: =IF(C24="","",COUNTA($C$10:C25)) | E24: B - Nhân công 3.5/7 | F24: =VLOOKUP(E24,DICH!B:C,2,FALSE) -> B - Labour 3.5/7 | G24: công/lab | H24: 2.06 | I24: =VLOOKUP(E24,'16.NC'!$C$11:$F$22,4,FALSE) -> 202862 | J24: =I24*H24 -> 417895.72 | N24: =SUMIF(#REF!,'8.Dgia'!A24,#REF!)+SUMIF(#REF!,'8.Dgia'!A24,#REF!)+SUMIF(#REF!,'8.Dgia'!A24,#REF!)+SUMIF(#REF!,'8.Dgia'!A24,#REF!) -> #REF! | P24: =$H24*N24*(1+O24%) -> #REF! | R24: 1
A25: =IF(B25="",MAX($A$8:A24)+0,MAX($A$8:A24)+1) -> 2 | B25: =IF(C25="","",COUNTA($C$10:C26)) | E25: C - Máy thi công | F25: =VLOOKUP(E25,DICH!B:C,2,FALSE) -> C - Machine | J25: =SUM(J26:J29) -> 213150.56 | N25: =SUMIF(#REF!,'8.Dgia'!A25,#REF!)+SUMIF(#REF!,'8.Dgia'!A25,#REF!)+SUMIF(#REF!,'8.Dgia'!A25,#REF!)+SUMIF(#REF!,'8.Dgia'!A25,#REF!) -> #REF! | P25: =$H25*N25*(1+O25%) -> #REF!
A26: =IF(B26="",MAX($A$8:A25)+0,MAX($A$8:A25)+1) -> 2 | B26: =IF(C26="","",COUNTA($C$10:C27)) | E26: Cần cẩu bánh xích 25T | F26: =VLOOKUP(E26,'9.may'!E:F,2,FALSE) -> caterpillar crane 25T | G26: ca/shift | H26: 0.033 | I26: =VLOOKUP(E26,'9.may'!E:W,12,FALSE) -> 2787996.7 | J26: =I26*H26 -> 92003.89 | N26: =SUMIF(#REF!,'8.Dgia'!A26,#REF!)+SUMIF(#REF!,'8.Dgia'!A26,#REF!)+SUMIF(#REF!,'8.Dgia'!A26,#REF!)+SUMIF(#REF!,'8.Dgia'!A26,#REF!) -> #REF! | O26: =+$H$29 -> 0.5 | P26: =$H26*N26*(1+O26%) -> #REF!
A27: =IF(B27="",MAX($A$8:A26)+0,MAX($A$8:A26)+1) -> 2 | B27: =IF(C27="","",COUNTA($C$10:C28)) | E27: Máy bơm BT 50m3/h | F27: =VLOOKUP(E27,'9.may'!E:F,2,FALSE) -> concrete pump truck 50m3/h | G27: ca/shift | H27: 0.033 | I27: =VLOOKUP(E27,'9.may'!E:W,12,FALSE) -> 3446390.1 | J27: =I27*H27 -> 113730.87 | N27: =SUMIF(#REF!,'8.Dgia'!A27,#REF!)+SUMIF(#REF!,'8.Dgia'!A27,#REF!)+SUMIF(#REF!,'8.Dgia'!A27,#REF!)+SUMIF(#REF!,'8.Dgia'!A27,#REF!) -> #REF! | O27: =+$H$29 -> 0.5 | P27: =$H27*N27*(1+O27%) -> #REF!
A28: =IF(B28="",MAX($A$8:A27)+0,MAX($A$8:A27)+1) -> 2 | B28: =IF(C28="","",COUNTA($C$10:C29)) | E28: Máy đầm dùi 1.5kw | F28: =VLOOKUP(E28,'9.may'!E:F,2,FALSE) -> concrete vibrating compactor 1.5Kw | G28: ca/shift | H28: 0.085 | I28: =VLOOKUP(E28,'9.may'!E:W,12,FALSE) -> 74768.798 | J28: =I28*H28 -> 6355.3478 | N28: =SUMIF(#REF!,'8.Dgia'!A28,#REF!)+SUMIF(#REF!,'8.Dgia'!A28,#REF!)+SUMIF(#REF!,'8.Dgia'!A28,#REF!)+SUMIF(#REF!,'8.Dgia'!A28,#REF!) -> #REF! | O28: =+$H$29 -> 0.5 | P28: =$H28*N28*(1+O28%) -> #REF!
A29: =IF(B29="",MAX($A$8:A28)+0,MAX($A$8:A28)+1) -> 2 | B29: =IF(C29="","",COUNTA($C$10:C30)) | E29: Máy khác | F29: =VLOOKUP(E29,DICH!B:C,2,FALSE) -> Other machine | G29: % | H29: 0.5 | I29: =SUM(J26:J28) -> 212090.11 | J29: =I29*H29% -> 1060.4506 | N29: =SUMIF(#REF!,'8.Dgia'!A29,#REF!)+SUMIF(#REF!,'8.Dgia'!A29,#REF!)+SUMIF(#REF!,'8.Dgia'!A29,#REF!)+SUMIF(#REF!,'8.Dgia'!A29,#REF!) -> #REF! | P29: =$H29*N29*(1+O29%) -> #REF!
A30: =IF(B30="",MAX($A$8:A29)+0,MAX($A$8:A29)+1) -> 3 | B30: =IF(C30="","",COUNTA($C$10:C31)) -> 3 | C30: =IF(D30="","",1776) -> 1776 | D30: AF.51140 | E30: Sản xuất và vận chuyển vữa bê tông 0,5Km | F30: =VLOOKUP(E30,DICH!B:C,2,FALSE) -> Producing and transporting concrete mortar 0.5km | G30: m3 | L30: =+J31 -> 13075.79 | M30: =+J32 -> 115513.38 | N30: =SUMIF(#REF!,'8.Dgia'!A30,#REF!)+SUMIF(#REF!,'8.Dgia'!A30,#REF!)+SUMIF(#REF!,'8.Dgia'!A30,#REF!)+SUMIF(#REF!,'8.Dgia'!A30,#REF!) -> #REF! | P30: =$H30*N30*(1+O30%) -> #REF! | Q30: x
A31: =IF(B31="",MAX($A$8:A30)+0,MAX($A$8:A30)+1) -> 3 | B31: =IF(C31="","",COUNTA($C$10:C32)) | D31: AF.51140 | E31: B - Nhân công 3.0/7 | F31: =VLOOKUP(E31,DICH!B:C,2,FALSE) -> B - Labour 3.0/7 | G31: công/lab | H31: 0.07 | I31: =VLOOKUP(E31,'16.NC'!$C$11:$F$22,4,FALSE) -> 186797 | J31: =I31*H31 -> 13075.79 | N31: =SUMIF(#REF!,'8.Dgia'!A31,#REF!)+SUMIF(#REF!,'8.Dgia'!A31,#REF!)+SUMIF(#REF!,'8.Dgia'!A31,#REF!)+SUMIF(#REF!,'8.Dgia'!A31,#REF!) -> #REF! | P31: =$H31*N31*(1+O31%) -> #REF! | Q31: x | R31: 1
A32: =IF(B32="",MAX($A$8:A31)+0,MAX($A$8:A31)+1) -> 3 | B32: =IF(C32="","",COUNTA($C$10:C33)) | E32: C - Máy thi công | F32: =VLOOKUP(E32,DICH!B:C,2,FALSE) -> C - Machine | J32: =SUM(J33:J38) -> 115513.38 | N32: =SUMIF(#REF!,'8.Dgia'!A32,#REF!)+SUMIF(#REF!,'8.Dgia'!A32,#REF!)+SUMIF(#REF!,'8.Dgia'!A32,#REF!)+SUMIF(#REF!,'8.Dgia'!A32,#REF!) -> #REF! | P32: =$H32*N32*(1+O32%) -> #REF! | Q32: x
A33: =IF(B33="",MAX($A$8:A32)+0,MAX($A$8:A32)+1) -> 3 | B33: =IF(C33="","",COUNTA($C$10:C34)) | E33: Trạm trộn bêtông 50m3/h | F33: =VLOOKUP(E33,'9.may'!E:F,2,FALSE) -> concrete batching plant 50m3/h | G33: ca/shift | H33: 0.007 | I33: =VLOOKUP(E33,'9.may'!E:W,12,FALSE) -> 2766761.5 | J33: =I33*H33 -> 19367.331 | N33: =SUMIF(#REF!,'8.Dgia'!A33,#REF!)+SUMIF(#REF!,'8.Dgia'!A33,#REF!)+SUMIF(#REF!,'8.Dgia'!A33,#REF!)+SUMIF(#REF!,'8.Dgia'!A33,#REF!) -> #REF! | O33: =+$H$36 -> 5 | P33: =$H33*N33*(1+O33%) -> #REF! | Q33: x
A34: =IF(B34="",MAX($A$8:A33)+0,MAX($A$8:A33)+1) -> 3 | B34: =IF(C34="","",COUNTA($C$10:C35)) | E34: Máy xúc 1.25m3 | F34: =VLOOKUP(E34,'9.may'!E:F,2,FALSE) -> avulsion excavator 1.25m3 | G34: ca/shift | H34: 0.007 | I34: =VLOOKUP(E34,'9.may'!E:W,12,FALSE) -> 1941040.6 | J34: =I34*H34 -> 13587.284 | N34: =SUMIF(#REF!,'8.Dgia'!A34,#REF!)+SUMIF(#REF!,'8.Dgia'!A34,#REF!)+SUMIF(#REF!,'8.Dgia'!A34,#REF!)+SUMIF(#REF!,'8.Dgia'!A34,#REF!) -> #REF! | O34: =+$H$36 -> 5 | P34: =$H34*N34*(1+O34%) -> #REF! | Q34: x
A35: =IF(B35="",MAX($A$8:A34)+0,MAX($A$8:A34)+1) -> 3 | B35: =IF(C35="","",COUNTA($C$10:C36)) | E35: Máy ủi 110cv | F35: =VLOOKUP(E35,'9.may'!E:F,2,FALSE) -> bulldozer 108CV | G35: ca/shift | H35: 0.0035 | I35: =VLOOKUP(E35,'9.may'!E:W,12,FALSE) -> 1959433 | J35: =I35*H35 -> 6858.0157 | N35: =SUMIF(#REF!,'8.Dgia'!A35,#REF!)+SUMIF(#REF!,'8.Dgia'!A35,#REF!)+SUMIF(#REF!,'8.Dgia'!A35,#REF!)+SUMIF(#REF!,'8.Dgia'!A35,#REF!) -> #REF! | O35: =+$H$36 -> 5 | P35: =$H35*N35*(1+O35%) -> #REF! | Q35: x
A36: =IF(B36="",MAX($A$8:A35)+0,MAX($A$8:A35)+1) -> 3 | B36: =IF(C36="","",COUNTA($C$10:C37)) | E36: Máy khác | F36: =VLOOKUP(E36,DICH!B:C,2,FALSE) -> Other machine | G36: % | H36: 5 | I36: =SUM(J33:J35) -> 39812.63 | J36: =I36*H36% -> 1990.6315 | N36: =SUMIF(#REF!,'8.Dgia'!A36,#REF!)+SUMIF(#REF!,'8.Dgia'!A36,#REF!)+SUMIF(#REF!,'8.Dgia'!A36,#REF!)+SUMIF(#REF!,'8.Dgia'!A36,#REF!) -> #REF! | P36: =$H36*N36*(1+O36%) -> #REF! | Q36: x
A37: =IF(B37="",MAX($A$8:A36)+0,MAX($A$8:A36)+1) -> 3 | B37: =IF(C37="","",COUNTA($C$10:C38)) | D37: AF.52112 | E37: Vận chuyển bê tông 0.5km | F37: =VLOOKUP(E37,DICH!B:C,2,FALSE) -> Transport concrete 0.5km | N37: =SUMIF(#REF!,'8.Dgia'!A37,#REF!)+SUMIF(#REF!,'8.Dgia'!A37,#REF!)+SUMIF(#REF!,'8.Dgia'!A37,#REF!)+SUMIF(#REF!,'8.Dgia'!A37,#REF!) -> #REF! | P37: =$H37*N37*(1+O37%) -> #REF! | Q37: x
A38: =IF(B38="",MAX($A$8:A37)+0,MAX($A$8:A37)+1) -> 3 | B38: =IF(C38="","",COUNTA($C$10:C39)) | E38: Ôtô chuyển trộn 10.7m3 | F38: =VLOOKUP(E38,'9.may'!E:F,2,FALSE) -> truck mixer 10.7m3 | G38: ca/shift | H38: 0.0245 | I38: =VLOOKUP(E38,'9.may'!E:W,12,FALSE) -> 3008576.2 | J38: =I38*H38 -> 73710.117 | N38: =SUMIF(#REF!,'8.Dgia'!A38,#REF!)+SUMIF(#REF!,'8.Dgia'!A38,#REF!)+SUMIF(#REF!,'8.Dgia'!A38,#REF!)+SUMIF(#REF!,'8.Dgia'!A38,#REF!) -> #REF! | P38: =$H38*N38*(1+O38%) -> #REF!
A39: =IF(B39="",MAX($A$8:A38)+0,MAX($A$8:A38)+1) -> 4 | B39: =IF(C39="","",COUNTA($C$10:C40)) -> 4 | C39: =IF(D39="","",1776) -> 1776 | D39: AF.51140 | E39: Sản xuất và vận chuyển vữa bê tông <=3Km | F39: =VLOOKUP(E39,DICH!B:C,2,FALSE) -> Producing and transporting concrete mortar <=3km | G39: m3 | L39: =+J40 -> 13075.79 | M39: =+J41 -> 148908.57 | N39: =SUMIF(#REF!,'8.Dgia'!A39,#REF!)+SUMIF(#REF!,'8.Dgia'!A39,#REF!)+SUMIF(#REF!,'8.Dgia'!A39,#REF!)+SUMIF(#REF!,'8.Dgia'!A39,#REF!) -> #REF! | P39: =$H39*N39*(1+O39%) -> #REF! | Q39: x
A40: =IF(B40="",MAX($A$8:A39)+0,MAX($A$8:A39)+1) -> 4 | B40: =IF(C40="","",COUNTA($C$10:C41)) | D40: AF.51140 | E40: B - Nhân công 3.0/7 | F40: =VLOOKUP(E40,DICH!B:C,2,FALSE) -> B - Labour 3.0/7 | G40: công/lab | H40: 0.07 | I40: =VLOOKUP(E40,'16.NC'!$C$11:$F$22,4,FALSE) -> 186797 | J40: =I40*H40 -> 13075.79 | N40: =SUMIF(#REF!,'8.Dgia'!A40,#REF!)+SUMIF(#REF!,'8.Dgia'!A40,#REF!)+SUMIF(#REF!,'8.Dgia'!A40,#REF!)+SUMIF(#REF!,'8.Dgia'!A40,#REF!) -> #REF! | P40: =$H40*N40*(1+O40%) -> #REF! | Q40: x | R40: 1
A41: =IF(B41="",MAX($A$8:A40)+0,MAX($A$8:A40)+1) -> 4 | B41: =IF(C41="","",COUNTA($C$10:C42)) | E41: C - Máy thi công | F41: =VLOOKUP(E41,DICH!B:C,2,FALSE) -> C - Machine | J41: =SUM(J42:J47) -> 148908.57 | N41: =SUMIF(#REF!,'8.Dgia'!A41,#REF!)+SUMIF(#REF!,'8.Dgia'!A41,#REF!)+SUMIF(#REF!,'8.Dgia'!A41,#REF!)+SUMIF(#REF!,'8.Dgia'!A41,#REF!) -> #REF! | P41: =$H41*N41*(1+O41%) -> #REF! | Q41: x
A42: =IF(B42="",MAX($A$8:A41)+0,MAX($A$8:A41)+1) -> 4 | B42: =IF(C42="","",COUNTA($C$10:C43)) | E42: Trạm trộn bêtông 50m3/h | F42: =VLOOKUP(E42,'9.may'!E:F,2,FALSE) -> concrete batching plant 50m3/h | G42: ca/shift | H42: 0.007 | I42: =VLOOKUP(E42,'9.may'!E:W,12,FALSE) -> 2766761.5 | J42: =I42*H42 -> 19367.331 | N42: =SUMIF(#REF!,'8.Dgia'!A42,#REF!)+SUMIF(#REF!,'8.Dgia'!A42,#REF!)+SUMIF(#REF!,'8.Dgia'!A42,#REF!)+SUMIF(#REF!,'8.Dgia'!A42,#REF!) -> #REF! | O42: =+$H$36 -> 5 | P42: =$H42*N42*(1+O42%) -> #REF! | Q42: x
A43: =IF(B43="",MAX($A$8:A42)+0,MAX($A$8:A42)+1) -> 4 | B43: =IF(C43="","",COUNTA($C$10:C44)) | E43: Máy xúc 1.25m3 | F43: =VLOOKUP(E43,'9.may'!E:F,2,FALSE) -> avulsion excavator 1.25m3 | G43: ca/shift | H43: 0.007 | I43: =VLOOKUP(E43,'9.may'!E:W,12,FALSE) -> 1941040.6 | J43: =I43*H43 -> 13587.284 | N43: =SUMIF(#REF!,'8.Dgia'!A43,#REF!)+SUMIF(#REF!,'8.Dgia'!A43,#REF!)+SUMIF(#REF!,'8.Dgia'!A43,#REF!)+SUMIF(#REF!,'8.Dgia'!A43,#REF!) -> #REF! | O43: =+$H$36 -> 5 | P43: =$H43*N43*(1+O43%) -> #REF! | Q43: x
A44: =IF(B44="",MAX($A$8:A43)+0,MAX($A$8:A43)+1) -> 4 | B44: =IF(C44="","",COUNTA($C$10:C45)) | E44: Máy ủi 110cv | F44: =VLOOKUP(E44,'9.may'!E:F,2,FALSE) -> bulldozer 108CV | G44: ca/shift | H44: 0.0035 | I44: =VLOOKUP(E44,'9.may'!E:W,12,FALSE) -> 1959433 | J44: =I44*H44 -> 6858.0157 | N44: =SUMIF(#REF!,'8.Dgia'!A44,#REF!)+SUMIF(#REF!,'8.Dgia'!A44,#REF!)+SUMIF(#REF!,'8.Dgia'!A44,#REF!)+SUMIF(#REF!,'8.Dgia'!A44,#REF!) -> #REF! | O44: =+$H$36 -> 5 | P44: =$H44*N44*(1+O44%) -> #REF! | Q44: x
A45: =IF(B45="",MAX($A$8:A44)+0,MAX($A$8:A44)+1) -> 4 | B45: =IF(C45="","",COUNTA($C$10:C46)) | E45: Máy khác | F45: =VLOOKUP(E45,DICH!B:C,2,FALSE) -> Other machine | G45: % | H45: 5 | I45: =SUM(J42:J44) -> 39812.63 | J45: =I45*H45% -> 1990.6315 | N45: =SUMIF(#REF!,'8.Dgia'!A45,#REF!)+SUMIF(#REF!,'8.Dgia'!A45,#REF!)+SUMIF(#REF!,'8.Dgia'!A45,#REF!)+SUMIF(#REF!,'8.Dgia'!A45,#REF!) -> #REF! | P45: =$H45*N45*(1+O45%) -> #REF! | Q45: x
A46: =IF(B46="",MAX($A$8:A45)+0,MAX($A$8:A45)+1) -> 4 | B46: =IF(C46="","",COUNTA($C$10:C47)) | D46: AF.52152 | E46: Vận chuyển bê tông <=3km | F46: =VLOOKUP(E46,DICH!B:C,2,FALSE) -> Transport concrete <=3km | N46: =SUMIF(#REF!,'8.Dgia'!A46,#REF!)+SUMIF(#REF!,'8.Dgia'!A46,#REF!)+SUMIF(#REF!,'8.Dgia'!A46,#REF!)+SUMIF(#REF!,'8.Dgia'!A46,#REF!) -> #REF! | P46: =$H46*N46*(1+O46%) -> #REF! | Q46: x
A47: =IF(B47="",MAX($A$8:A46)+0,MAX($A$8:A46)+1) -> 4 | B47: =IF(C47="","",COUNTA($C$10:C48)) | E47: Ôtô chuyển trộn 10.7m3 | F47: =VLOOKUP(E47,'9.may'!E:F,2,FALSE) -> truck mixer 10.7m3 | G47: ca/shift | H47: 0.0356 | I47: =VLOOKUP(E47,'9.may'!E:W,12,FALSE) -> 3008576.2 | J47: =I47*H47 -> 107105.31 | N47: =SUMIF(#REF!,'8.Dgia'!A47,#REF!)+SUMIF(#REF!,'8.Dgia'!A47,#REF!)+SUMIF(#REF!,'8.Dgia'!A47,#REF!)+SUMIF(#REF!,'8.Dgia'!A47,#REF!) -> #REF! | P47: =$H47*N47*(1+O47%) -> #REF!
A48: =IF(B48="",MAX($A$8:A47)+0,MAX($A$8:A47)+1) -> 5 | B48: =IF(C48="","",COUNTA($C$10:C49)) -> 5 | C48: =IF(D48="","",1776) -> 1776 | D48: AF.52111 | E48: Vận chuyển bê tông 0.5km | F48: =VLOOKUP(E48,DICH!B:C,2,FALSE) -> Transport concrete 0.5km | G48: 100m3 | M48: =+J49 -> 7162663.6 | N48: =SUMIF(#REF!,'8.Dgia'!A48,#REF!)+SUMIF(#REF!,'8.Dgia'!A48,#REF!)+SUMIF(#REF!,'8.Dgia'!A48,#REF!)+SUMIF(#REF!,'8.Dgia'!A48,#REF!) -> #REF! | P48: =$H48*N48*(1+O48%) -> #REF!
A49: =IF(B49="",MAX($A$8:A48)+0,MAX($A$8:A48)+1) -> 5 | B49: =IF(C49="","",COUNTA($C$10:C50)) | E49: C - Máy thi công | F49: =VLOOKUP(E49,DICH!B:C,2,FALSE) -> C - Machine | J49: =SUM(J50) -> 7162663.6 | N49: =SUMIF(#REF!,'8.Dgia'!A49,#REF!)+SUMIF(#REF!,'8.Dgia'!A49,#REF!)+SUMIF(#REF!,'8.Dgia'!A49,#REF!)+SUMIF(#REF!,'8.Dgia'!A49,#REF!) -> #REF! | P49: =$H49*N49*(1+O49%) -> #REF!
A50: =IF(B50="",MAX($A$8:A49)+0,MAX($A$8:A49)+1) -> 5 | B50: =IF(C50="","",COUNTA($C$10:C51)) | E50: Ôtô chuyển trộn 6m3 | F50: =VLOOKUP(E50,'9.may'!E:F,2,FALSE) -> truck mixer 6m3 | G50: ca/shift | H50: =3.7 -> 3.7 | I50: =VLOOKUP(E50,'9.may'!E:W,12,FALSE) -> 1935855 | J50: =I50*H50 -> 7162663.6 | N50: =SUMIF(#REF!,'8.Dgia'!A50,#REF!)+SUMIF(#REF!,'8.Dgia'!A50,#REF!)+SUMIF(#REF!,'8.Dgia'!A50,#REF!)+SUMIF(#REF!,'8.Dgia'!A50,#REF!) -> #REF! | P50: =$H50*N50*(1+O50%) -> #REF!
A51: =IF(B51="",MAX($A$8:A50)+0,MAX($A$8:A50)+1) -> 6 | B51: =IF(C51="","",COUNTA($C$10:C52)) -> 6 | C51: =IF(D51="","",1776) -> 1776 | D51: AF.65120 | E51: Cốt thép D<=18 móng, mũ mố trụ cầu trên cạn | F51: =VLOOKUP(E51,DICH!B:C,2,FALSE) -> Reinforcement D<=18 of foundation, head of abutment/pier on land | G51: tấn/ton | K51: =+J52 -> 17305050 | L51: =+J56 -> 2565824.4 | M51: =+J57 -> 492024.32 | N51: =SUMIF(#REF!,'8.Dgia'!A51,#REF!)+SUMIF(#REF!,'8.Dgia'!A51,#REF!)+SUMIF(#REF!,'8.Dgia'!A51,#REF!)+SUMIF(#REF!,'8.Dgia'!A51,#REF!) -> #REF! | P51: =$H51*N51*(1+O51%) -> #REF!
A52: =IF(B52="",MAX($A$8:A51)+0,MAX($A$8:A51)+1) -> 6 | B52: =IF(C52="","",COUNTA($C$10:C53)) | E52: A - Vật liệu | F52: =VLOOKUP(E52,DICH!B:C,2,FALSE) -> A - Material | J52: =SUM(J53:J55) -> 17305050 | N52: =SUMIF(#REF!,'8.Dgia'!A52,#REF!)+SUMIF(#REF!,'8.Dgia'!A52,#REF!)+SUMIF(#REF!,'8.Dgia'!A52,#REF!)+SUMIF(#REF!,'8.Dgia'!A52,#REF!) -> #REF! | P52: =$H52*N52*(1+O52%) -> #REF!
A53: =IF(B53="",MAX($A$8:A52)+0,MAX($A$8:A52)+1) -> 6 | B53: =IF(C53="","",COUNTA($C$10:C54)) | E53: Thép tròn D<=18 | F53: =VLOOKUP(E53,DICH!B:C,2,FALSE) -> steel bar D<=18 | G53: kg | H53: 1020 | I53: =VLOOKUP(E53,'11.gia '!$B:$I,8,FALSE) -> 16604.076 | J53: =I53*H53 -> 16936157 | N53: =SUMIF(#REF!,'8.Dgia'!A53,#REF!)+SUMIF(#REF!,'8.Dgia'!A53,#REF!)+SUMIF(#REF!,'8.Dgia'!A53,#REF!)+SUMIF(#REF!,'8.Dgia'!A53,#REF!) -> #REF! | P53: =$H53*N53*(1+O53%) -> #REF!
A54: =IF(B54="",MAX($A$8:A53)+0,MAX($A$8:A53)+1) -> 6 | B54: =IF(C54="","",COUNTA($C$10:C55)) | E54: Dây thép buộc | F54: =VLOOKUP(E54,DICH!B:C,2,FALSE) -> Steel ware | G54: kg | H54: 14.28 | I54: =VLOOKUP(E54,'11.gia '!$B:$I,8,FALSE) -> 17143 | J54: =I54*H54 -> 244802.04 | N54: =SUMIF(#REF!,'8.Dgia'!A54,#REF!)+SUMIF(#REF!,'8.Dgia'!A54,#REF!)+SUMIF(#REF!,'8.Dgia'!A54,#REF!)+SUMIF(#REF!,'8.Dgia'!A54,#REF!) -> #REF! | P54: =$H54*N54*(1+O54%) -> #REF!
A55: =IF(B55="",MAX($A$8:A54)+0,MAX($A$8:A54)+1) -> 6 | B55: =IF(C55="","",COUNTA($C$10:C56)) | E55: Que hàn | F55: =VLOOKUP(E55,DICH!B:C,2,FALSE) -> welding electrode | G55: kg | H55: 6.5 | I55: =VLOOKUP(E55,'11.gia '!$B:$I,8,FALSE) -> 19090.909 | J55: =I55*H55 -> 124090.91 | N55: =SUMIF(#REF!,'8.Dgia'!A55,#REF!)+SUMIF(#REF!,'8.Dgia'!A55,#REF!)+SUMIF(#REF!,'8.Dgia'!A55,#REF!)+SUMIF(#REF!,'8.Dgia'!A55,#REF!) -> #REF! | P55: =$H55*N55*(1+O55%) -> #REF!
A56: =IF(B56="",MAX($A$8:A55)+0,MAX($A$8:A55)+1) -> 6 | B56: =IF(C56="","",COUNTA($C$10:C57)) | E56: B - Nhân công 4.0/7 | F56: =VLOOKUP(E56,DICH!B:C,2,FALSE) -> B - Labour 4.0/7 | G56: công/lab | H56: 11.72 | I56: =VLOOKUP(E56,'16.NC'!$C$11:$F$22,4,FALSE) -> 218927 | J56: =I56*H56 -> 2565824.4 | N56: =SUMIF(#REF!,'8.Dgia'!A56,#REF!)+SUMIF(#REF!,'8.Dgia'!A56,#REF!)+SUMIF(#REF!,'8.Dgia'!A56,#REF!)+SUMIF(#REF!,'8.Dgia'!A56,#REF!) -> #REF! | P56: =$H56*N56*(1+O56%) -> #REF! | R56: 1
A57: =IF(B57="",MAX($A$8:A56)+0,MAX($A$8:A56)+1) -> 6 | B57: =IF(C57="","",COUNTA($C$10:C58)) | E57: C - Máy thi công | F57: =VLOOKUP(E57,DICH!B:C,2,FALSE) -> C - Machine | J57: =SUM(J58:J60) -> 492024.32 | N57: =SUMIF(#REF!,'8.Dgia'!A57,#REF!)+SUMIF(#REF!,'8.Dgia'!A57,#REF!)+SUMIF(#REF!,'8.Dgia'!A57,#REF!)+SUMIF(#REF!,'8.Dgia'!A57,#REF!) -> #REF! | P57: =$H57*N57*(1+O57%) -> #REF!
A58: =IF(B58="",MAX($A$8:A57)+0,MAX($A$8:A57)+1) -> 6 | B58: =IF(C58="","",COUNTA($C$10:C59)) | E58: Máy hàn 23kw | F58: =VLOOKUP(E58,'9.may'!E:F,2,FALSE) -> welding machine 23kW | G58: ca/shift | H58: 1.6 | I58: =VLOOKUP(E58,'9.may'!E:W,12,FALSE) -> 171649.15 | J58: =I58*H58 -> 274638.65 | N58: =SUMIF(#REF!,'8.Dgia'!A58,#REF!)+SUMIF(#REF!,'8.Dgia'!A58,#REF!)+SUMIF(#REF!,'8.Dgia'!A58,#REF!)+SUMIF(#REF!,'8.Dgia'!A58,#REF!) -> #REF! | P58: =$H58*N58*(1+O58%) -> #REF!
A59: =IF(B59="",MAX($A$8:A58)+0,MAX($A$8:A58)+1) -> 6 | B59: =IF(C59="","",COUNTA($C$10:C60)) | E59: Máy cắt uốn | F59: =VLOOKUP(E59,'9.may'!E:F,2,FALSE) -> bender cutter 5Kw | G59: ca/shift | H59: 0.32 | I59: =VLOOKUP(E59,'9.may'!E:W,12,FALSE) -> 80291.85 | J59: =I59*H59 -> 25693.392 | N59: =SUMIF(#REF!,'8.Dgia'!A59,#REF!)+SUMIF(#REF!,'8.Dgia'!A59,#REF!)+SUMIF(#REF!,'8.Dgia'!A59,#REF!)+SUMIF(#REF!,'8.Dgia'!A59,#REF!) -> #REF! | P59: =$H59*N59*(1+O59%) -> #REF!
A60: =IF(B60="",MAX($A$8:A59)+0,MAX($A$8:A59)+1) -> 6 | B60: =IF(C60="","",COUNTA($C$10:C61)) | E60: Cần cẩu bánh xích 16T | F60: =VLOOKUP(E60,'9.may'!E:F,2,FALSE) -> caterpillar crane 16T | G60: ca/shift | H60: 0.09 | I60: =VLOOKUP(E60,'9.may'!E:W,12,FALSE) -> 2129914.2 | J60: =I60*H60 -> 191692.28 | N60: =SUMIF(#REF!,'8.Dgia'!A60,#REF!)+SUMIF(#REF!,'8.Dgia'!A60,#REF!)+SUMIF(#REF!,'8.Dgia'!A60,#REF!)+SUMIF(#REF!,'8.Dgia'!A60,#REF!) -> #REF! | P60: =$H60*N60*(1+O60%) -> #REF!
A61: =IF(B61="",MAX($A$8:A60)+0,MAX($A$8:A60)+1) -> 7 | B61: =IF(C61="","",COUNTA($C$10:C62)) -> 7 | C61: =IF(D61="","",1776) -> 1776 | D61: AF.65130 | E61: Cốt thép D>18 móng, mũ mố trụ cầu trên cạn | F61: =VLOOKUP(E61,DICH!B:C,2,FALSE) -> Reinforcement D>18 of foundation, head of abutment/pier on land | G61: tấn/ton | K61: =+J62 -> 17313259 | L61: =+J66 -> 2134538.2 | M61: =+J67 -> 480192.87 | N61: =SUMIF(#REF!,'8.Dgia'!A61,#REF!)+SUMIF(#REF!,'8.Dgia'!A61,#REF!)+SUMIF(#REF!,'8.Dgia'!A61,#REF!)+SUMIF(#REF!,'8.Dgia'!A61,#REF!) -> #REF! | P61: =$H61*N61*(1+O61%) -> #REF!
A62: =IF(B62="",MAX($A$8:A61)+0,MAX($A$8:A61)+1) -> 7 | B62: =IF(C62="","",COUNTA($C$10:C63)) | E62: A - Vật liệu | F62: =VLOOKUP(E62,DICH!B:C,2,FALSE) -> A - Material | J62: =SUM(J63:J65) -> 17313259 | N62: =SUMIF(#REF!,'8.Dgia'!A62,#REF!)+SUMIF(#REF!,'8.Dgia'!A62,#REF!)+SUMIF(#REF!,'8.Dgia'!A62,#REF!)+SUMIF(#REF!,'8.Dgia'!A62,#REF!) -> #REF! | P62: =$H62*N62*(1+O62%) -> #REF!
A63: =IF(B63="",MAX($A$8:A62)+0,MAX($A$8:A62)+1) -> 7 | B63: =IF(C63="","",COUNTA($C$10:C64)) | E63: Thép tròn D<=18 | F63: =VLOOKUP(E63,DICH!B:C,2,FALSE) -> steel bar D<=18 | G63: kg | H63: 1020 | I63: =VLOOKUP(E63,'11.gia '!$B:$I,8,FALSE) -> 16604.076 | J63: =I63*H63 -> 16936157 | N63: =SUMIF(#REF!,'8.Dgia'!A63,#REF!)+SUMIF(#REF!,'8.Dgia'!A63,#REF!)+SUMIF(#REF!,'8.Dgia'!A63,#REF!)+SUMIF(#REF!,'8.Dgia'!A63,#REF!) -> #REF! | P63: =$H63*N63*(1+O63%) -> #REF!
A64: =IF(B64="",MAX($A$8:A63)+0,MAX($A$8:A63)+1) -> 7 | B64: =IF(C64="","",COUNTA($C$10:C65)) | E64: Dây thép buộc | F64: =VLOOKUP(E64,DICH!B:C,2,FALSE) -> Steel ware | G64: kg | H64: 14.28 | I64: =VLOOKUP(E64,'11.gia '!$B:$I,8,FALSE) -> 17143 | J64: =I64*H64 -> 244802.04 | N64: =SUMIF(#REF!,'8.Dgia'!A64,#REF!)+SUMIF(#REF!,'8.Dgia'!A64,#REF!)+SUMIF(#REF!,'8.Dgia'!A64,#REF!)+SUMIF(#REF!,'8.Dgia'!A64,#REF!) -> #REF! | P64: =$H64*N64*(1+O64%) -> #REF!
A65: =IF(B65="",MAX($A$8:A64)+0,MAX($A$8:A64)+1) -> 7 | B65: =IF(C65="","",COUNTA($C$10:C66)) | E65: Que hàn | F65: =VLOOKUP(E65,DICH!B:C,2,FALSE) -> welding electrode | G65: kg | H65: 6.93 | I65: =VLOOKUP(E65,'11.gia '!$B:$I,8,FALSE) -> 19090.909 | J65: =I65*H65 -> 132300 | N65: =SUMIF(#REF!,'8.Dgia'!A65,#REF!)+SUMIF(#REF!,'8.Dgia'!A65,#REF!)+SUMIF(#REF!,'8.Dgia'!A65,#REF!)+SUMIF(#REF!,'8.Dgia'!A65,#REF!) -> #REF! | P65: =$H65*N65*(1+O65%) -> #REF!
A66: =IF(B66="",MAX($A$8:A65)+0,MAX($A$8:A65)+1) -> 7 | B66: =IF(C66="","",COUNTA($C$10:C67)) | E66: B - Nhân công 4.0/7 | F66: =VLOOKUP(E66,DICH!B:C,2,FALSE) -> B - Labour 4.0/7 | G66: công/lab | H66: 9.75 | I66: =VLOOKUP(E66,'16.NC'!$C$11:$F$22,4,FALSE) -> 218927 | J66: =I66*H66 -> 2134538.2 | N66: =SUMIF(#REF!,'8.Dgia'!A66,#REF!)+SUMIF(#REF!,'8.Dgia'!A66,#REF!)+SUMIF(#REF!,'8.Dgia'!A66,#REF!)+SUMIF(#REF!,'8.Dgia'!A66,#REF!) -> #REF! | P66: =$H66*N66*(1+O66%) -> #REF! | R66: 1
A67: =IF(B67="",MAX($A$8:A66)+0,MAX($A$8:A66)+1) -> 7 | B67: =IF(C67="","",COUNTA($C$10:C68)) | E67: C - Máy thi công | F67: =VLOOKUP(E67,DICH!B:C,2,FALSE) -> C - Machine | J67: =SUM(J68:J70) -> 480192.87 | N67: =SUMIF(#REF!,'8.Dgia'!A67,#REF!)+SUMIF(#REF!,'8.Dgia'!A67,#REF!)+SUMIF(#REF!,'8.Dgia'!A67,#REF!)+SUMIF(#REF!,'8.Dgia'!A67,#REF!) -> #REF! | P67: =$H67*N67*(1+O67%) -> #REF!
A68: =IF(B68="",MAX($A$8:A67)+0,MAX($A$8:A67)+1) -> 7 | B68: =IF(C68="","",COUNTA($C$10:C69)) | E68: Máy hàn 23kw | F68: =VLOOKUP(E68,'9.may'!E:F,2,FALSE) -> welding machine 23kW | G68: ca/shift | H68: 1.73 | I68: =VLOOKUP(E68,'9.may'!E:W,12,FALSE) -> 171649.15 | J68: =I68*H68 -> 296953.04 | N68: =SUMIF(#REF!,'8.Dgia'!A68,#REF!)+SUMIF(#REF!,'8.Dgia'!A68,#REF!)+SUMIF(#REF!,'8.Dgia'!A68,#REF!)+SUMIF(#REF!,'8.Dgia'!A68,#REF!) -> #REF! | P68: =$H68*N68*(1+O68%) -> #REF!
A69: =IF(B69="",MAX($A$8:A68)+0,MAX($A$8:A68)+1) -> 7 | B69: =IF(C69="","",COUNTA($C$10:C70)) | E69: Máy cắt uốn | F69: =VLOOKUP(E69,'9.may'!E:F,2,FALSE) -> bender cutter 5Kw | G69: ca/shift | H69: 0.16 | I69: =VLOOKUP(E69,'9.may'!E:W,12,FALSE) -> 80291.85 | J69: =I69*H69 -> 12846.696 | N69: =SUMIF(#REF!,'8.Dgia'!A69,#REF!)+SUMIF(#REF!,'8.Dgia'!A69,#REF!)+SUMIF(#REF!,'8.Dgia'!A69,#REF!)+SUMIF(#REF!,'8.Dgia'!A69,#REF!) -> #REF! | P69: =$H69*N69*(1+O69%) -> #REF!
